 Dungeon Crawl Stone Soup version 0.25-a0-942-g87a53962fc (webtiles) character file.

Game seed: 15800373627347628308, levelgen mode: deterministic

1793528 Caramio the Conqueror (level 27, 144/199 HPs)
             Began as a Gargoyle Berserker on May 7, 2020.
             Was an Elder of Trog.
             Escaped with the Orb
             ... and 3 runes!
             The game lasted 01:09:12 (63129 turns).

Caramio the Conqueror (Gargoyle Berserker)         Turns: 63129, Time: 01:09:12

Health: 144/199    AC: 59    Str: 40    XL:     27
Magic:  28/28      EV: 27    Int:  7    God:    Trog [****..]
Gold:   895        SH:  0    Dex: 14    Spells: 26/26 levels left

rFire    + + .     SeeInvis .   a - +8 battleaxe (elec)
rCold    + . .     Gourm    .   (shield currently unavailable)
rNeg     + . .     Faith    +   f - +8 chain mail of Lifarhea {*Corrode Str+7 Dex+3}
rPois    ∞         Spirit   .   (no helmet)
rElec    +         Reflect  .   z - scarf {rC+ rF+}
rCorr    .         Harm     .   r - +2 pair of gloves
MR       ++++.                  E - +2 pair of boots {run}
Stlth    ..........             d - amulet of faith
HPRegen  1.43/turn              q - +5 ring of evasion
MPRegen  0.21/turn              y - ring "Jeid" {Wiz Dex+2 Slay+5}

@: mighty, flying, regenerating, hasted, very quick
A: big wings, icy blue scales 1, yellow scales 2, blink, blurry vision 1,
deterioration 1, dopey 1, fire resistance 1, negative energy resistance 1,
electricity resistance, unbreathing, evolution 1, petrification resistance, rot
immunity, AC +20
0: Orb of Zot
}: 3/15 runes: barnacled, silver, gossamer
a: Stop Flying, Blink, Berserk, Trog's Hand, Brothers in Arms, Renounce Religion


You escaped.
You worshipped Trog.
Trog was greatly pleased with you.
You were very full.

You visited 8 branches of the dungeon, and saw 46 of its levels.
You visited the Abyss 2 times.
You visited 1 bazaar.

You collected 8338 gold pieces.
You spent 7443 gold pieces at shops.


Innate Abilities, Weirdness & Mutations

You are resistant to torment.
Your stone body is resilient. (AC +20)
You are immune to poison.
Your large and strong wings let you fly indefinitely.
You resist negative energy. (rN+)
You are resistant to electric shocks. (rElec)
You can survive without breathing.
You are immune to petrification.
You are immune to rotting.
You are partially covered in icy blue scales. (AC +2)
You are mostly covered in yellow scales. (AC +3)
You can translocate small distances at will.
Scrolls take you a little longer to read.
Your body sometimes deteriorates upon taking damage.
You are dopey. (Int -2)
Your flesh is heat resistant. (rF+)
You evolve.


   Skills:
 O Level 27 Fighting
 - Level 21.0 Axes
 + Level 26.7 Armour
 - Level 19.0 Dodging
 + Level 6.9 Evocations


You had 26 spell levels left.
You didn't know any spells.
Your spell library was empty.

Inventory:

Hand Weapons
 a - a +8 battleaxe of electrocution (weapon)
Armour
 f - the +8 chain mail of Lifarhea (worn) {*Corrode Str+7 Dex+3}
   (You found it on level 1 of the Spider Nest)

   It affects your strength (+7).
   It affects your dexterity (+3).
   It may corrode you when you take damage.
 l - +0 fire dragon scales
 m - +0 gold dragon scales
 o - the +0 pair of gloves of Compression {rF- rN++ Str+4 Stlth+}
   (You acquired it on level 2 of the Lair of Beasts)

   It affects your strength (+4).
   It makes you vulnerable to fire.
   It greatly protects you from negative energy.
   It makes you more stealthy.
 r - a +2 pair of gloves (worn)
 u - the +1 cloak of Joy {Str+2}
   (You found it on level 4 of the Shoals)

   It affects your strength (+2).
 z - a scarf of resistance (worn)
 E - a +2 pair of boots of running (worn)
Jewellery
 d - an amulet of faith (around neck)
 q - a +5 ring of evasion (left hand)
 y - the ring "Jeid" (right hand) {Wiz Dex+2 Slay+5}
   (You bought it in a shop on level 2 of the Depths)

   [ring of wizardry]

   It improves your spell success rate.
   It affects your dexterity (+2).
   It affects your accuracy and damage with ranged weapons and melee attacks
   (+5).
 A - an uncursed ring of protection from fire
 D - an uncursed ring of protection from fire
Wands
 b - a wand of digging (19)
Scrolls
 c - 4 scrolls of enchant armour
 g - 31 scrolls of identify
 i - 22 scrolls of remove curse
 s - 5 scrolls of magic mapping
 v - 3 scrolls of teleportation
Potions
 h - 3 potions of cancellation
 j - 10 potions of might
 k - 15 potions of heal wounds
 x - 4 potions of haste
 B - 25 potions of curing
Comestibles
 e - 2 rations

Dungeon Overview and Level Annotations

Branches:
Dungeon (15/15)            Temple (0/1) D:4            Lair (6/6) D:11
 Shoals (4/4) Lair:3       Spider (4/4) Lair:2        Slime (0/5) Lair:5
    Orc (2/2) D:11            Elf (0/3) Orc:2        Vaults (5/5) D:14
  Crypt (0/3) Vaults:2     Depths (5/5) D:15            Zot (5/5) Depths:5

Altars:
Cheibriados
Fedhas
Qazlal
Sif Muna
Xom
The Shining One
Beogh
Jiyva

Shops:
D:5 [   D:9 *   D:12 (?*   D:14 ([=!!   Orc:2 ??%:[   Shoals:2 (   Shoals:3 !
Vaults:4 !   Depths:1 *   Depths:2 }=   Depths:4 ?(=(   Depths:5 *

Portals:
Hell: Depths:1 Depths:2 Depths:3 Depths:4 Depths:5
Abyss: Depths:3 Depths:4
Pandemonium: Depths:3
Ziggurat: Depths:5

Annotations:
D:11 3 runed translucent doors, kelmiir's ghost, journeyman GnFi
Spider:2 2 transporters
Vaults:4 3 runed translucent doors, Lofupn's ghost, adept SpEn
Depths:2 2 transporters
Depths:3 1 runed translucent door, Ryppugov's ghost, veteran VSMo
Depths:5 2 transporters, Puqacocs's ghost, master GrBe
Zot:5 Boris


Message History

You cut the Tzitzimitl into ribbons!!!
You kill the Tzitzimitl!
Trog accepts your kill.
63117 ||| INVOKING Trog's Hand.
Your skin crawls.
You feel resistant to hostile enchantments.
You feel quite a bit less full.
An Orb Guardian comes into view.
You chop the Orb Guardian into pieces!!!
The Orb Guardian is severely wounded.
You slash the Orb Guardian!
The Orb Guardian is severely wounded.
You chop the Orb Guardian into pieces!!!
Lightning courses through the Orb Guardian!
You kill the Orb Guardian!
Trog accepts your kill.
There is an open door here.
Magic restored.
There is an open door here.
There is a staircase leading out of the dungeon here.
You have escaped!

.#.....##.'...'...'...'...# #.#
.###.######...#...#...#...###.#
.# #.#### ##'###########'##...#
## #.##.###...#...#...#...#.###
#.#.#..'...#.}.'...#.}.#.#
#..#...#...#...#...#...#.#
#.#...###'###'###'###'##.#
#....###...#...#...#...#.#
###### #...'.@.#...#...###
#...#...#...#...#
##############'##
#...#...#...#...#######
##########...'...'...'.}.##....#
#.....(..#...#...#...#...##.##.#
#.#####..##'#######+###'###.##.#
#.#####.....# #.#..##..#.#.##.#
##.##.......## #.#.##........#.#


There were no monsters in sight!

Vanquished Creatures
  A seraph (Zot:4)
  3 orbs of fire (Zot:5)
  6 ancient liches
  Mara (Vaults:5)
  Sojobo (Vaults:2)
  Boris (twice) (Depths:5 Vaults:5)
  A shard shrike (Depths:5)
  Margery (Vaults:3)
  Bai Suzhen (Vaults:5)
  9 Killer Klowns
  5 curse toes
  9 golden dragons
  2 bone dragons
  4 electric golems
  A Tzitzimitl (D:1)
  23 tentacled monstrosities
  An Ice Fiend (Zot:5)
  27 Orb Guardians
  4 liches
  9 quicksilver dragons
  4 titans
  A kraken (Shoals:4)
  6 sphinxes
  4 tentacled starspawn
  Agnes (Spider:4)
  2 Executioners
  16 death cobs
  10 shadow dragons
  10 tengu reavers
  7 draconian monks
  13 storm dragons
  An azure jelly (shapeshifter) (Vaults:5)
  9 frost giants
  9 fire giants
  3 iron dragons
  5 deep elf sorcerers
  A balrug (Zot:1)
  Louise (D:15)
  2 orc warlords
  7 ghost moths
  Aizul (Depths:1)
  16 vault wardens
  4 emperor scorpions (Spider:4)
  3 deep elf elementalists
  A cacodemon (D:2)
  A ghoul (Vaults:5)
  3 draconian knights
  3 draconian shifters
  2 draconian scorchers
  4 draconian stormcallers
  16 ironheart preservers
  2 war gargoyles (Vaults:4)
  19 stone giants
  7 draconian annihilators
  A juggernaut skeleton (Depths:3)
  3 entropy weavers
  8 black draconians
  A vampire knight (Depths:5)
  3 deep elf demonologists
  28 very ugly things
  A black sun (D:9)
  A lorocyproca (Abyss:4)
  A corrupter (D:9)
  5 white draconians
  2 deep elf annihilators
  8 green draconians
  7 purple draconians
  4 red draconians
  13 yellow draconians
  6 spark wasps
  An eidolon (Vaults:2)
  3 deep elf death magi
  19 ettins
  6 merfolk javelineers (Shoals:4)
  9 merfolk impalers
  A blizzard demon (Depths:3)
  Snorg (D:13)
  A deep elf high priest (Vaults:5)
  23 yaktaur captains
  5 fire dragons
  8 rakshasas
  38 vault guards
  4 great orbs of eyes
  A hydra (D:12)
  A juggernaut simulacrum (Depths:3)
  A hell beast (D:8)
  9 ice dragons
  3 catoblepae (Lair:6)
  A spriggan air mage (Depths:4)
  Fannar (Lair:2)
  6 merfolk avatars
  11 centaur warriors
  4 merfolk aquamancers
  12 ogre magi
  3 death knights
  5 death yaks (Lair:6)
  A dancing weapon (Vaults:5)
  3 alligator snapping turtles
  8 death scarabs (Spider:4)
  2 vampire magi
  7 tengu warriors
  2 satyrs
  5 deep troll shamans
  2 spriggan berserkers (Depths:4)
  2 orc high priests (Orc:2)
  9 deep troll earth magi
  30 two-headed ogres
  5 thrashing horrors
  2 storm dragon zombies (Vaults:3)
  11 deep elf knights
  9 hell knights
  A shadow wraith (Vaults:5)
  A soul eater (Vaults:2)
  A sun demon (D:15)
  Nergalle (Orc:1)
  2 iron trolls
  A salamander mystic (Depths:4)
  3 spatial maelstroms
  10 sea snakes
  An unseen horror (D:15)
  5 sixfirhies
  7 skeletal warriors (Vaults:1)
  2 obsidian statues
  A shadow demon (D:9)
  2 cherubim
  A glowing orange brain (shapeshifter) (Vaults:1)
  A storm dragon skeleton (Depths:2)
  3 glowing orange brains
  An orange crystal statue (Depths:1)
  31 deep trolls
  2 flayed ghosts
  A sphinx zombie (Depths:2)
  Pikel (D:7)
  10 orc knights
  11 deep elf magi
  2 wizards
  5 deep elf archers
  14 harpies
  6 phantasmal warriors
  7 orb spiders
  A lindwurm (Lair:4)
  2 orc sorcerers
  22 wolf spiders
  7 necromancers
  2 oklob plants (Zot:3)
  3 spectral wolf spiders (Spider:4)
  A harpy (shapeshifter) (Vaults:5)
  15 ironbrand convokers
  A wolf spider (shapeshifter) (Vaults:3)
  29 ugly things
  5 cyclopes
  A frost giant zombie (Vaults:5)
  27 moths of wrath
  A draconian (Zot:1)
  5 salamanders
  21 manticores
  6 fauns
  A fire giant skeleton (Depths:3)
  An elephant (shapeshifter) (Depths:5)
  A salamander (shapeshifter) (Vaults:5)
  9 merfolk sirens
  2 orange demons
  Psyche (D:9)
  An apocalypse crab (Abyss:4)
  6 black mambas
  23 vault sentinels
  4 smoke demons
  4 torpor snails (Lair:5)
  3 yaktaur zombies
  An ice statue (Depths:2)
  9 water nymphs
  9 spiny frogs
  3 spectral redbacks (Spider:4)
  A kobold demonologist (Depths:3)
  9 rime drakes
  A spiny frog (shapeshifter) (Vaults:5)
  An efreet (D:15)
  2 komodo dragons (shapeshifter)
  52 yaktaurs
  4 komodo dragons
  2 redback zombies (Spider:4)
  10 freezing wraiths
  2 tengu conjurers
  40 merfolk
  9 demonic crawlers
  2 elf skeletons
  A hellwing (Abyss:3)
  4 ancient zymes
  2 red devils (Zot:1)
  2 queen bees (shapeshifter)
  9 trolls
  8 wind drakes
  A polar bear (Lair:4)
  3 spectral tarantellas (Spider:4)
  A wolf spider simulacrum (D:15)
  A shadow dragon simulacrum (Depths:3)
  A merfolk (shapeshifter) (Vaults:4)
  20 jumping spiders
  A spectral jumping spider (Spider:4)
  11 hornets
  21 slime creatures
  8 blink frogs
  2 blink frogs (shapeshifter)
  A human simulacrum (Vaults:5)
  A tarantella zombie (Spider:4)
  A frost giant simulacrum (Vaults:1)
  17 hippogriffs
  3 jumping spider zombies (Spider:4)
  A tarantella (shapeshifter) (Depths:5)
  5 snapping turtles
  8 large abominations
  47 redbacks
  A snapping turtle (shapeshifter) (Depths:4)
  6 vampires
  2 shadows
  A ynoxinul (Depths:5)
  9 water elementals
  A human (D:7)
  10 basilisks
  3 wraiths
  14 wyverns
  2 hungry ghosts
  24 tarantellas
  A human (shapeshifter) (Vaults:2)
  2 neqoxecs
  4 hogs (D:7)
  46 yaks
  3 golden eyes (shapeshifter)
  A small abomination (Abyss:3)
  A steam dragon (D:12)
  12 vampire mosquitoes
  7 wargs
  3 spatial vortices
  7 acid dragons
  8 water moccasins
  5 porcupines
  3 hell hounds
  4 spectral hornets (Spider:4)
  Duvessa (D:7)
  3 floating eyes
  5 sky beasts
  A swamp drake (D:10)
  A black bear (D:10)
  2 eyes of draining
  26 orc warriors
  4 slaves (D:7)
  2 hornet zombies (Spider:4)
  4 ice beasts
  A human skeleton (Depths:2)
  19 wolves
  5 boggarts
  32 ogres
  4 phantoms
  44 centaurs
  A crocodile (shapeshifter) (Depths:4)
  2 big kobolds (Depths:3)
  21 crocodiles
  16 bullfrogs
  A gnoll sergeant (D:10)
  5 scorpions
  Dowan (D:7)
  18 killer bees
  11 wights
  2 centaur zombies
  7 crimson imps
  7 starcursed masses
  3 centaur skeletons
  A quasit (D:8)
  7 hounds
  3 jellies
  26 orc priests
  A bullfrog skeleton (D:13)
  5 iguanas
  25 orc wizards
  12 worker ants
  2 lightning spires (Zot:3)
  7 ogre zombies (D:11)
  A hound zombie (D:6)
  2 hound skeletons (D:4)
  A worker ant zombie (D:5)
  3 gnolls (D:10)
  A howler monkey skeleton (D:10)
  17 adders
  6 shadow imps
  An ufetubus (Abyss:3)
  An ooze (D:5)
  2 adder zombies
  4 adder skeletons (D:2)
  4 worms
  3 dart slugs
  13 leopard geckos
  83 orcs
  10 bats
  A bat skeleton (D:2)
  A bat zombie (D:2)
  5 giant cockroaches
  9 goblins
  6 hobgoblins
  3 jackals
  6 kobolds
  11 quokkas
  4 ball pythons
  A ball python skeleton (D:4)
  15 frilled lizards
  2 giant cockroach zombies (D:2)
  2 goblin skeletons (D:11)
  3 goblin zombies (D:11)
  2 hobgoblin zombies (D:11)
  A jackal zombie (D:6)
  A leopard gecko zombie (D:2)
  17 orc zombies (D:11)
  A quokka skeleton (D:2)
  8 rats
  6 fungi
  A lurking horror (Abyss:4)
  5 plants
  A starspawn tentacle (Abyss:3)
  3 tentacles (Shoals:4)
2133 creatures vanquished.

Vanquished Creatures (collateral kills)
  3 ancient liches
  3 Killer Klowns (Zot:5)
  A golden dragon (Zot:5)
  A lich (Depths:3)
  A quicksilver dragon (Zot:5)
  3 Orb Guardians (Zot:5)
  A death cob (Zot:5)
  A shadow dragon (Vaults:5)
  2 sphinxes
  A tengu reaver (Vaults:2)
  A draconian knight (Zot:5)
  A deep elf sorcerer (Vaults:5)
  2 ghost moths
  A curse skull (Zot:3)
  A draconian stormcaller (Zot:5)
  A white draconian (Zot:5)
  A black draconian (Zot:5)
  A yaktaur captain (Vaults:3)
  A deep elf high priest (Vaults:5)
  A great orb of eyes (Depths:1)
  A vault guard (Vaults:2)
  An ogre mage (Vaults:5)
  2 two-headed ogres (Vaults:5)
  A deep troll shaman (Depths:1)
  2 death yaks (Lair:6)
  2 orc high priests (Orc:2)
  2 deep elf knights (Vaults:5)
  A deep troll (Depths:1)
  An obsidian statue (Zot:5)
  3 ironbrand convokers
  2 orc knights (Vaults:2)
  7 orb spiders
  3 oklob plants (Zot:3)
  A manticore (Lair:4)
  An orc sorcerer (Orc:2)
  2 deep elf magi (Vaults:5)
  2 wolf spiders
  2 ugly things (Vaults:5)
  A human zombie (Vaults:5)
  A moth of wrath (Spider:1)
  A centaur zombie (D:11)
  3 vault sentinels (Vaults:5)
  A rime drake (Lair:4)
  2 yaktaurs
  A demonic crawler (Spider:1)
  3 jumping spiders
  A hornet (Vaults:5)
  A hippogriff (Lair:4)
  3 tarantellas
  5 yaks (Lair:6)
  2 redbacks (Spider:1)
  A wyvern (Lair:4)
  A basilisk (Lair:5)
  A human (shapeshifter) (Depths:3)
  A vampire mosquito (Spider:4)
  A warg (Vaults:2)
  A soldier ant (D:13)
  A water moccasin (Lair:5)
  4 orc warriors
  2 ogres (Orc:2)
  5 boggarts (Vaults:3)
  6 orc priests (Orc:2)
  6 orc wizards (Orc:2)
  A lightning spire (Zot:3)
  4 orcs
124 creatures vanquished.

Vanquished Creatures (others)
  An electric golem (Zot:5)
  A draconian knight (Zot:4)
  A deep elf annihilator (Vaults:5)
  An ironbrand convoker (Vaults:5)
  A wizard (Vaults:3)
  An iguana (D:10)
  2 fungi (Lair:6)
  8 plants
  7 starspawn tentacles
  8 tentacles (Shoals:4)
31 creatures vanquished.

Grand Total: 2288 creatures vanquished

Notes
Turn   | Place    | Note
-------+----------+-------------------------------------------
     0 | D:1      | Caramio the Gargoyle Berserker began the quest for the Orb.
     0 | D:1      | Reached XP level 1. HP: 14/14 MP: 1/1
     0 | D:1      | 0 ||| counter = 43
    86 | D:1      | 86 ||| Stepping ~*~*~tactically~*~*~ (stealth).
   128 | D:1      | Reached skill level 3 in Axes
   146 | D:1      | Reached XP level 2. HP: 19/19 MP: 2/2
   158 | D:1      | 158 ||| Stepping ~*~*~tactically~*~*~ (stealth).
   164 | D:1      | 164 ||| Stepping ~*~*~tactically~*~*~ (stealth).
   166 | D:1      | 166 ||| Stepping ~*~*~tactically~*~*~ (stealth).
   210 | D:1      | 210 ||| UPGRADING to helmet.
   269 | D:1      | 269 ||| Stepping ~*~*~tactically~*~*~ (stealth).
   459 | D:1      | 459 ||| Stepping ~*~*~tactically~*~*~ (stealth).
   479 | D:1      | 479 ||| Stepping ~*~*~tactically~*~*~ (stealth).
   482 | D:1      | 482 ||| Stepping ~*~*~tactically~*~*~ (stealth).
   494 | D:1      | Reached XP level 3. HP: 20/23 MP: 3/3
   550 | D:1      | 550 ||| Stepping ~*~*~tactically~*~*~ (hiding).
   551 | D:1      | 551 ||| Stepping ~*~*~tactically~*~*~ (hiding).
   553 | D:1      | 553 ||| Waiting for ranged monster.
   728 | D:1      | 728 ||| Stepping ~*~*~tactically~*~*~ (stealth).
   732 | D:1      | 732 ||| Stepping ~*~*~tactically~*~*~ (stealth).
   734 | D:1      | 734 ||| Stepping ~*~*~tactically~*~*~ (stealth).
   735 | D:1      | 735 ||| Stepping ~*~*~tactically~*~*~ (stealth).
   741 | D:1      | Reached ** piety under Trog
  1087 | D:1      | 1087 ||| READING scroll labeled GEIGHEOPIW.
  1088 | D:1      | 1088 ||| READING scroll labeled KEMY DYIRU WAX.
  1089 | D:1      | 1089 ||| DRINKING 2 grey potions.
  1090 | D:1      | 1090 ||| DRINKING 2 silvery potions.
  1091 | D:1      | 1091 ||| DROPPING potion of stabbing.
  1147 | D:2      | 1147 ||| STAIRDANCE
  1160 | D:2      | 1160 ||| STAIRDANCE
  1200 | D:2      | 1200 ||| Stepping ~*~*~tactically~*~*~ (stealth).
  1284 | D:2      | Reached XP level 4. HP: 28/28 MP: 4/4
  1304 | D:2      | 1304 ||| UPGRADING to ring mail.
  1308 | D:2      | 1308 ||| Stepping ~*~*~tactically~*~*~ (stealth).
  1310 | D:2      | 1310 ||| Stepping ~*~*~tactically~*~*~ (stealth).
  1318 | D:2      | 1318 ||| UPGRADING to ring mail.
  1328 | D:2      | 1328 ||| DROPPING +0 animal skin.
  1419 | D:2      | 1419 ||| Stepping ~*~*~tactically~*~*~ (water).
  1429 | D:2      | 1429 ||| UPGRADING to chain mail.
  1439 | D:2      | 1439 ||| DROPPING +0 ring mail.
  1447 | D:2      | 1447 ||| Stepping ~*~*~tactically~*~*~ (stealth).
  1449 | D:2      | 1449 ||| Stepping ~*~*~tactically~*~*~ (stealth).
  1452 | D:2      | 1452 ||| Stepping ~*~*~tactically~*~*~ (stealth).
  1454 | D:2      | 1454 ||| Stepping ~*~*~tactically~*~*~ (stealth).
  1455 | D:2      | 1455 ||| Stepping ~*~*~tactically~*~*~ (stealth).
  1457 | D:2      | 1457 ||| Stepping ~*~*~tactically~*~*~ (stealth).
  1459 | D:2      | 1459 ||| Stepping ~*~*~tactically~*~*~ (stealth).
  1568 | D:2      | 1568 ||| Stepping ~*~*~tactically~*~*~ (stealth).
  1584 | D:2      | 1584 ||| Stepping ~*~*~tactically~*~*~ (stealth).
  1587 | D:2      | 1587 ||| Stepping ~*~*~tactically~*~*~ (stealth).
  1588 | D:2      | 1588 ||| Stepping ~*~*~tactically~*~*~ (stealth).
  1612 | D:2      | 1612 ||| Stepping ~*~*~tactically~*~*~ (stealth).
  1768 | D:2      | 1768 ||| Stepping ~*~*~tactically~*~*~ (stealth).
  1789 | D:2      | Found a stormy altar of Qazlal.
  1794 | D:2      | 1794 ||| Stepping ~*~*~tactically~*~*~ (hiding).
  1795 | D:2      | 1795 ||| Stepping ~*~*~tactically~*~*~ (hiding).
  1796 | D:2      | 1796 ||| Stepping ~*~*~tactically~*~*~ (hiding).
  1797 | D:2      | 1797 ||| Waiting for ranged monster.
  1798 | D:2      | 1798 ||| Stepping ~*~*~tactically~*~*~ (hiding).
  1799 | D:2      | 1799 ||| Stepping ~*~*~tactically~*~*~ (hiding).
  1800 | D:2      | 1800 ||| Stepping ~*~*~tactically~*~*~ (hiding).
  1801 | D:2      | 1801 ||| Waiting for ranged monster.
  1802 | D:2      | 1802 ||| Stepping ~*~*~tactically~*~*~ (hiding).
  1803 | D:2      | 1803 ||| Stepping ~*~*~tactically~*~*~ (hiding).
  1804 | D:2      | 1804 ||| Stepping ~*~*~tactically~*~*~ (hiding).
  1805 | D:2      | 1805 ||| Waiting for ranged monster.
  1806 | D:2      | 1806 ||| Stepping ~*~*~tactically~*~*~ (hiding).
  1807 | D:2      | 1807 ||| Stepping ~*~*~tactically~*~*~ (hiding).
  1808 | D:2      | 1808 ||| Waiting for ranged monster.
  1809 | D:2      | 1809 ||| Stepping ~*~*~tactically~*~*~ (hiding).
  1810 | D:2      | 1810 ||| Stepping ~*~*~tactically~*~*~ (hiding).
  1811 | D:2      | 1811 ||| Stepping ~*~*~tactically~*~*~ (hiding).
  1812 | D:2      | 1812 ||| Waiting for ranged monster.
  1813 | D:2      | 1813 ||| Waiting for ranged monster.
  1814 | D:2      | 1814 ||| Stepping ~*~*~tactically~*~*~ (hiding).
  1819 | D:2      | 1819 ||| Waiting for ranged monster.
  1820 | D:2      | 1820 ||| Waiting for ranged monster.
  1821 | D:2      | 1821 ||| Waiting for ranged monster.
  1822 | D:2      | 1822 ||| Waiting for ranged monster.
  1823 | D:2      | 1823 ||| Waiting for ranged monster.
  1864 | D:2      | 1864 ||| READING scroll labeled KEINAT HUIM.
  1865 | D:2      | 1865 ||| DRINKING 2 sapphire potions.
  1911 | D:3      | 1911 ||| INVOKING Berserk.
  1914 | D:3      | Reached XP level 5. HP: 32/32 MP: 5/5
  2077 | D:3      | 2077 ||| Stepping ~*~*~tactically~*~*~ (stealth).
  2086 | D:3      | 2086 ||| Stepping ~*~*~tactically~*~*~ (stealth).
  2087 | D:3      | 2087 ||| Stepping ~*~*~tactically~*~*~ (stealth).
  2088 | D:3      | 2088 ||| Stepping ~*~*~tactically~*~*~ (stealth).
  2090 | D:3      | 2090 ||| Stepping ~*~*~tactically~*~*~ (stealth).
  2092 | D:3      | 2092 ||| Stepping ~*~*~tactically~*~*~ (stealth).
  2094 | D:3      | 2094 ||| Stepping ~*~*~tactically~*~*~ (stealth).
  2096 | D:3      | 2096 ||| Stepping ~*~*~tactically~*~*~ (hiding).
  2097 | D:3      | 2097 ||| Stepping ~*~*~tactically~*~*~ (hiding).
  2098 | D:3      | 2098 ||| Waiting for ranged monster.
  2099 | D:3      | 2099 ||| Waiting for ranged monster.
  2100 | D:3      | 2100 ||| Waiting for ranged monster.
  2101 | D:3      | 2101 ||| Waiting for ranged monster.
  2104 | D:3      | 2104 ||| INVOKING Berserk.
  2122 | D:3      | Reached skill level 4 in Fighting
  2152 | D:3      | 2152 ||| Stepping ~*~*~tactically~*~*~ (stealth).
  2153 | D:3      | 2153 ||| Stepping ~*~*~tactically~*~*~ (stealth).
  2154 | D:3      | 2154 ||| DROPPING +0 club.
  2170 | D:3      | 2170 ||| SWAPPING to +3 hand axe.
  2171 | D:3      | 2171 ||| DROPPING +1 hand axe.
  2283 | D:3      | 2283 ||| Stepping ~*~*~tactically~*~*~ (hiding).
  2284 | D:3      | 2284 ||| Waiting for ranged monster.
  2285 | D:3      | 2285 ||| Waiting for ranged monster.
  2286 | D:3      | 2286 ||| Waiting for ranged monster.
  2287 | D:3      | 2287 ||| Waiting for ranged monster.
  2288 | D:3      | 2288 ||| Waiting for ranged monster.
  2292 | D:3      | 2292 ||| Waiting for ranged monster.
  2352 | D:3      | Reached *** piety under Trog
  2371 | D:3      | 2371 ||| UPGRADING to triangular soapstone amulet.
  2689 | D:3      | 2689 ||| Stepping ~*~*~tactically~*~*~ (stealth).
  2690 | D:3      | 2690 ||| Stepping ~*~*~tactically~*~*~ (stealth).
  2703 | D:3      | Reached XP level 6. HP: 39/39 MP: 6/6
  2735 | D:3      | 2735 ||| READING scroll labeled FOSHRU EXKEFAMA.
  2736 | D:3      | 2736 ||| READING scroll labeled OKHIFA UDOMM.
  2737 | D:3      | 2737 ||| READING scroll labeled EDOAQ XIUFEGREU.
  2738 | D:3      | 2738 ||| DRINKING 2 viscous orange potions.
  2801 | D:4      | 2801 ||| Stepping ~*~*~tactically~*~*~ (stealth).
  2976 | D:4      | Found a staircase to the Ecumenical Temple.
  3055 | D:4      | 3055 ||| Stepping ~*~*~tactically~*~*~ (stealth).
  3056 | D:4      | 3056 ||| Stepping ~*~*~tactically~*~*~ (stealth).
  3063 | D:4      | Reached skill level 6 in Axes
  3140 | D:4      | 3140 ||| INVOKING Berserk.
  3143 | D:4      | Reached skill level 3 in Armour
  3145 | D:4      | Reached XP level 7. HP: 44/44 MP: 7/7
  3220 | D:4      | 3220 ||| Stepping ~*~*~tactically~*~*~ (stealth).
  3222 | D:4      | 3222 ||| Stepping ~*~*~tactically~*~*~ (stealth).
  3309 | D:4      | 3309 ||| Stepping ~*~*~tactically~*~*~ (hiding).
  3310 | D:4      | 3310 ||| Stepping ~*~*~tactically~*~*~ (hiding).
  3311 | D:4      | 3311 ||| Waiting for ranged monster.
  3312 | D:4      | 3312 ||| Waiting for ranged monster.
  3461 | D:4      | 3461 ||| Stepping ~*~*~tactically~*~*~ (stealth).
  3462 | D:4      | 3462 ||| Stepping ~*~*~tactically~*~*~ (stealth).
  3822 | D:4      | 3822 ||| READING 2 scrolls labeled DIMEGR PUFICI.
  3849 | D:5      | Entered Level 5 of the Dungeon
  3850 | D:5      | 3850 ||| Stepping ~*~*~tactically~*~*~ (hiding).
  3881 | D:5      | 3881 ||| Stepping ~*~*~tactically~*~*~ (hiding).
  3888 | D:5      | 3888 ||| Waiting for ranged monster.
  3889 | D:5      | 3889 ||| Waiting for ranged monster.
  3890 | D:5      | 3890 ||| Waiting for ranged monster.
  3894 | D:5      | 3894 ||| Stepping ~*~*~tactically~*~*~ (stealth).
  3902 | D:5      | 3902 ||| Stepping ~*~*~tactically~*~*~ (stealth).
  3905 | D:5      | 3905 ||| Stepping ~*~*~tactically~*~*~ (stealth).
  3907 | D:5      | 3907 ||| Stepping ~*~*~tactically~*~*~ (hiding).
  3908 | D:5      | 3908 ||| Stepping ~*~*~tactically~*~*~ (hiding).
  3909 | D:5      | 3909 ||| Stepping ~*~*~tactically~*~*~ (hiding).
  3910 | D:5      | 3910 ||| Stepping ~*~*~tactically~*~*~ (hiding).
  3911 | D:5      | 3911 ||| Stepping ~*~*~tactically~*~*~ (hiding).
  3912 | D:5      | 3912 ||| Stepping ~*~*~tactically~*~*~ (hiding).
  3913 | D:5      | 3913 ||| Stepping ~*~*~tactically~*~*~ (hiding).
  3914 | D:5      | 3914 ||| Stepping ~*~*~tactically~*~*~ (hiding).
  3921 | D:5      | 3921 ||| INVOKING Berserk.
  3923 | D:5      | Reached **** piety under Trog
  3923 | D:5      | Reached skill level 5 in Fighting
  3972 | D:5      | 3972 ||| EATING 7 rations.
  3975 | D:5      | 3975 ||| READING scroll of enchant weapon.
  3975 | D:5      | 3975 ||| ENCHANTING +3 hand axe.
  3978 | D:5      | 3978 ||| Stepping ~*~*~tactically~*~*~ (stealth).
  3984 | D:5      | 3984 ||| INVOKING Berserk.
  3986 | D:5      | Reached XP level 8. HP: 49/49 MP: 8/8
  3993 | D:5      | 3993 ||| Stepping ~*~*~tactically~*~*~ (stealth).
  4025 | D:5      | 4025 ||| UPGRADING to runed scarf.
  4030 | D:5      | 4030 ||| REMOVING scarf of cloud immunity.
  4035 | D:5      | 4035 ||| DROPPING scarf of cloud immunity.
  4056 | D:5      | Found Fit Zoij's Antique Armour Boutique.
  4064 | D:5      | Bought a runed helmet for 247 gold pieces
  4064 | D:5      | 4064 ||| SHOPLISTING shiny steam dragon scales (1419 gold,
                  | have 206).
  4064 | D:5      | 4064 ||| SHOPLISTING translucent ring mail (297 gold, have
                  | 206).
  4064 | D:5      | Bought a pair of gloves for 148 gold pieces
  4064 | D:5      | 4064 ||| SHOPLISTING cloak (148 gold, have 58).
  4064 | D:5      | 4064 ||| UPGRADING to runed helmet.
  4074 | D:5      | 4074 ||| DROPPING +0 helmet.
  4075 | D:5      | 4075 ||| UPGRADING to pair of gloves.
  4298 | D:5      | 4298 ||| READING scroll labeled DAJUETH NOOKAM.
  4299 | D:5      | 4299 ||| READING 2 scrolls labeled NEPOKL SULU.
  4300 | D:5      | 4300 ||| READING scroll labeled EPTUN WAREEMA.
  4301 | D:5      | 4301 ||| DRINKING 2 yellow potions.
  4302 | D:5      | 4302 ||| DROPPING scroll of immolation.
  4557 | D:6      | 4557 ||| Stepping ~*~*~tactically~*~*~ (stealth).
  4558 | D:6      | 4558 ||| Stepping ~*~*~tactically~*~*~ (stealth).
  4561 | D:6      | 4561 ||| Stepping ~*~*~tactically~*~*~ (stealth).
  4602 | D:6      | 4602 ||| UPGRADING to copper ring.
  4758 | D:6      | 4758 ||| Stepping ~*~*~tactically~*~*~ (stealth).
  4760 | D:6      | 4760 ||| Stepping ~*~*~tactically~*~*~ (stealth).
  4800 | D:6      | 4800 ||| Stepping ~*~*~tactically~*~*~ (stealth).
  4813 | D:6      | 4813 ||| Stepping ~*~*~tactically~*~*~ (stealth).
  4823 | D:6      | Reached skill level 6 in Fighting
  4860 | D:6      | 4860 ||| FLEEEEING.
  4861 | D:6      | 4861 ||| FLEEEEING.
  4875 | D:6      | 4875 ||| DROPPING +0 flail.
  5235 | D:7      | 5235 ||| SWAPPING to +1 battleaxe.
  5240 | D:7      | 5240 ||| DROPPING +4 hand axe.
  5266 | D:7      | 5266 ||| Stepping ~*~*~tactically~*~*~ (stealth).
  5277 | D:7      | 5277 ||| INVOKING Berserk.
  5281 | D:7      | HP: 15/76 [killer bee (5)]
  5288 | D:7      | Reached skill level 9 in Axes
  5289 | D:7      | HP: 10/51 [killer bee (1)]
  5290 | D:7      | 5290 ||| READING 2 scrolls of teleportation.
  5291 | D:7      | 5291 ||| DRINKING potion of heal wounds.
  5292 | D:7      | 5292 ||| EATING 7 rations.
  5335 | D:7      | 5335 ||| Stepping ~*~*~tactically~*~*~ (stealth).
  5337 | D:7      | 5337 ||| Stepping ~*~*~tactically~*~*~ (stealth).
  5338 | D:7      | 5338 ||| Stepping ~*~*~tactically~*~*~ (stealth).
  5412 | D:7      | Noticed Pikel
  5413 | D:7      | 5413 ||| Stepping ~*~*~tactically~*~*~ (stealth).
  5414 | D:7      | 5414 ||| Stepping ~*~*~tactically~*~*~ (stealth).
  5441 | D:7      | 5441 ||| Stepping ~*~*~tactically~*~*~ (stealth).
  5447 | D:7      | 5447 ||| Stepping ~*~*~tactically~*~*~ (stealth).
  5456 | D:7      | 5456 ||| Stepping ~*~*~tactically~*~*~ (stealth).
  5458 | D:7      | 5458 ||| INVOKING Berserk.
  5465 | D:7      | Killed Pikel
  5465 | D:7      | Reached skill level 7 in Fighting
  5465 | D:7      | Reached XP level 9. HP: 59/59 MP: 9/9
  5728 | D:7      | 5728 ||| EATING 6 rations.
  5749 | D:7      | Noticed Dowan
  5750 | D:7      | 5750 ||| Stepping ~*~*~tactically~*~*~ (hiding).
  5766 | D:7      | Killed Dowan
  5767 | D:7      | Noticed Duvessa
  5769 | D:7      | 5769 ||| INVOKING Berserk.
  5783 | D:7      | Killed Duvessa
  5915 | D:7      | 5915 ||| FLEEEEING.
  5916 | D:7      | 5916 ||| FLEEEEING.
  5917 | D:7      | 5917 ||| FLEEEEING.
  5918 | D:7      | 5918 ||| FLEEEEING.
  5926 | D:7      | 5926 ||| FLEEEEING.
  5927 | D:7      | 5927 ||| FLEEEEING.
  6064 | D:7      | 6064 ||| UPGRADING to notched garnet ring.
  6065 | D:7      | 6065 ||| REMOVING ring of poison resistance.
  6066 | D:7      | 6066 ||| DROPPING ring of poison resistance.
  6154 | D:7      | Reached skill level 8 in Fighting
  6160 | D:7      | 6160 ||| INVOKING Berserk.
  6161 | D:7      | Reached skill level 6 in Armour
  6161 | D:7      | Reached XP level 10. HP: 49/65 MP: 10/10
  6206 | D:7      | 6206 ||| EATING 6 rations.
  6298 | D:7      | 6298 ||| READING 3 scrolls labeled VAAWNASILA.
  6299 | D:7      | 6299 ||| DRINKING 2 smoky white potions.
  6300 | D:7      | 6300 ||| DROPPING 2 scrolls of fear.
  6310 | D:8      | 6310 ||| Stepping ~*~*~tactically~*~*~ (hiding).
  6311 | D:8      | 6311 ||| Stepping ~*~*~tactically~*~*~ (stealth).
  6312 | D:8      | 6312 ||| Stepping ~*~*~tactically~*~*~ (hiding).
  6313 | D:8      | 6313 ||| Waiting for ranged monster.
  6314 | D:8      | 6314 ||| Waiting for ranged monster.
  6315 | D:8      | 6315 ||| Waiting for ranged monster.
  6352 | D:8      | 6352 ||| Stepping ~*~*~tactically~*~*~ (stealth).
  6353 | D:8      | 6353 ||| Stepping ~*~*~tactically~*~*~ (stealth).
  6357 | D:8      | 6357 ||| INVOKING Berserk.
  6418 | D:8      | 6418 ||| UPGRADING to pearl ring.
  6419 | D:8      | 6419 ||| REMOVING ring of magical power.
  6420 | D:8      | 6420 ||| DROPPING ring of magical power.
  6469 | D:8      | 6469 ||| Stepping ~*~*~tactically~*~*~ (hiding).
  6470 | D:8      | 6470 ||| Stepping ~*~*~tactically~*~*~ (hiding).
  6471 | D:8      | 6471 ||| Stepping ~*~*~tactically~*~*~ (hiding).
  6472 | D:8      | 6472 ||| Waiting for ranged monster.
  6473 | D:8      | 6473 ||| Waiting for ranged monster.
  6474 | D:8      | 6474 ||| Waiting for ranged monster.
  6487 | D:8      | 6487 ||| Stepping ~*~*~tactically~*~*~ (hiding).
  6491 | D:8      | 6491 ||| EATING 11 rations.
  6502 | D:8      | 6502 ||| EATING 10 rations.
  6507 | D:8      | Reached skill level 9 in Fighting
  6681 | D:8      | 6681 ||| FLEEEEING.
  6682 | D:8      | 6682 ||| FLEEEEING.
  6689 | D:8      | 6689 ||| FLEEEEING.
  6690 | D:8      | 6690 ||| FLEEEEING.
  6691 | D:8      | 6691 ||| FLEEEEING.
  6692 | D:8      | 6692 ||| FLEEEEING.
  6693 | D:8      | 6693 ||| FLEEEEING.
  6694 | D:8      | 6694 ||| FLEEEEING.
  6695 | D:8      | 6695 ||| FLEEEEING.
  6696 | D:8      | 6696 ||| FLEEEEING.
  6697 | D:8      | 6697 ||| FLEEEEING.
  6731 | D:8      | 6731 ||| FLEEEEING.
  6732 | D:8      | 6732 ||| FLEEEEING.
  6733 | D:8      | 6733 ||| FLEEEEING.
  6734 | D:8      | 6734 ||| FLEEEEING.
  6735 | D:8      | 6735 ||| FLEEEEING.
  6736 | D:8      | 6736 ||| FLEEEEING.
  6739 | D:8      | 6739 ||| FLEEEEING.
  6740 | D:8      | 6740 ||| FLEEEEING.
  6741 | D:8      | 6741 ||| FLEEEEING.
  6742 | D:8      | 6742 ||| FLEEEEING.
  6743 | D:8      | 6743 ||| FLEEEEING.
  6744 | D:8      | 6744 ||| FLEEEEING.
  6745 | D:8      | 6745 ||| FLEEEEING.
  6746 | D:8      | 6746 ||| FLEEEEING.
  6747 | D:8      | 6747 ||| FLEEEEING.
  6748 | D:8      | 6748 ||| FLEEEEING.
  6749 | D:8      | 6749 ||| FLEEEEING.
  6750 | D:8      | 6750 ||| FLEEEEING.
  6751 | D:8      | 6751 ||| FLEEEEING.
  6752 | D:8      | 6752 ||| FLEEEEING.
  6841 | D:8      | 6841 ||| READING scroll of enchant weapon.
  6841 | D:8      | 6841 ||| ENCHANTING +1 battleaxe.
  6855 | D:8      | 6855 ||| UPGRADING to silver ring.
  6856 | D:8      | 6856 ||| REMOVING ring of stealth.
  6857 | D:8      | 6857 ||| DROPPING ring of stealth.
  7045 | D:8      | Found a blossoming altar of Fedhas.
  7201 | D:8      | 7201 ||| READING 2 scrolls of identify.
  7201 | D:8      | 7201 ||| IDENTIFYING fuming red potion
  7202 | D:8      | 7202 ||| DROPPING potion of brilliance.
  7228 | D:8      | 7228 ||| EATING 9 rations.
  7234 | D:9      | 7234 ||| STAIRDANCE
  7240 | D:9      | 7240 ||| STAIRDANCE
  7248 | D:9      | 7248 ||| STAIRDANCE
  7250 | D:8      | 7250 ||| INVOKING Berserk.
  7293 | D:9      | 7293 ||| STAIRDANCE
  7300 | D:8      | Reached ***** piety under Trog
  7339 | D:9      | 7339 ||| STAIRDANCE
  7341 | D:8      | 7341 ||| INVOKING Berserk.
  7374 | D:8      | 7374 ||| UPGRADING to +0 plate armour.
  7384 | D:8      | 7384 ||| DROPPING +0 chain mail.
  7388 | D:9      | Noticed Psyche
  7389 | D:9      | 7389 ||| INVOKING Berserk.
  7402 | D:9      | Killed Psyche
  7490 | D:9      | 7490 ||| FLEEEEING.
  7493 | D:9      | 7493 ||| FLEEEEING.
  7494 | D:9      | 7494 ||| FLEEEEING.
  7496 | D:9      | 7496 ||| INVOKING Berserk.
  7502 | D:9      | 7502 ||| STILL FLEEEEING.
  7503 | D:9      | 7503 ||| STILL FLEEEEING.
  7564 | D:9      | Found Ticiad's Tempting Trifles.
  7621 | D:9      | 7621 ||| UPGRADING to dented diamond amulet.
  7623 | D:9      | 7623 ||| REMOVING amulet of harm.
  7624 | D:9      | 7624 ||| UPGRADING to amulet of regeneration.
  7625 | D:9      | 7625 ||| DROPPING amulet of harm.
  7687 | D:9      | 7687 ||| Stepping ~*~*~tactically~*~*~ (stealth).
  7727 | D:9      | 7727 ||| INVOKING Berserk.
  7762 | D:9      | 7762 ||| FLEEEEING.
  7763 | D:9      | 7763 ||| STAIRDANCE
  7786 | D:9      | 7786 ||| STAIRDANCE
  7840 | D:9      | 7840 ||| DRINKING 5 potions of curing.
  7840 | D:9      | 7840 ||| (to cure confusion)
  7843 | D:9      | 7843 ||| FLEEEEING.
  7844 | D:9      | 7844 ||| FLEEEEING.
  7845 | D:9      | 7845 ||| FLEEEEING.
  7851 | D:9      | 7851 ||| FLEEEEING.
  7852 | D:9      | 7852 ||| FLEEEEING.
  7853 | D:9      | 7853 ||| FLEEEEING.
  7854 | D:9      | 7854 ||| FLEEEEING.
  7855 | D:9      | 7855 ||| DRINKING 4 potions of curing.
  7855 | D:9      | 7855 ||| (to cure confusion)
  7915 | D:9      | 7915 ||| INVOKING Berserk.
  7969 | D:9      | Reached skill level 9 in Armour
  8037 | D:9      | 8037 ||| Stepping ~*~*~tactically~*~*~ (stealth).
  8040 | D:9      | 8040 ||| Stepping ~*~*~tactically~*~*~ (hiding).
  8042 | D:9      | 8042 ||| Stepping ~*~*~tactically~*~*~ (hiding).
  8043 | D:9      | 8043 ||| Stepping ~*~*~tactically~*~*~ (hiding).
  8045 | D:9      | 8045 ||| Stepping ~*~*~tactically~*~*~ (hiding).
  8046 | D:9      | 8046 ||| Stepping ~*~*~tactically~*~*~ (hiding).
  8056 | D:9      | 8056 ||| DRINKING 3 potions of curing.
  8056 | D:9      | 8056 ||| (to cure confusion)
  8058 | D:9      | 8058 ||| DRINKING 2 potions of curing.
  8058 | D:9      | 8058 ||| (to cure confusion)
  8063 | D:9      | Received a gift from Trog
  8068 | D:9      | 8068 ||| SWAPPING to glowing battleaxe {god gift}.
  8069 | D:9      | 8069 ||| DROPPING +2 battleaxe.
  8083 | D:9      | 8083 ||| Stepping ~*~*~tactically~*~*~ (stealth).
  8100 | D:9      | 8100 ||| Stepping ~*~*~tactically~*~*~ (stealth).
  8101 | D:9      | 8101 ||| Stepping ~*~*~tactically~*~*~ (stealth).
  8106 | D:9      | 8106 ||| Stepping ~*~*~tactically~*~*~ (stealth).
  8109 | D:9      | 8109 ||| INVOKING Berserk.
  8367 | D:9      | 8367 ||| READING 4 scrolls of identify.
  8367 | D:9      | 8367 ||| IDENTIFYING dark potion
  8368 | D:9      | 8368 ||| READING 3 scrolls of identify.
  8368 | D:9      | 8368 ||| IDENTIFYING fizzy black potion
  8369 | D:9      | 8369 ||| DROPPING potion of ambrosia.
  8370 | D:9      | 8370 ||| DROPPING potion of berserk rage.
  8422 | D:10     | Entered Level 10 of the Dungeon
  8543 | D:10     | Reached XP level 11. HP: 70/71 MP: 11/11
  8571 | D:10     | 8571 ||| UPGRADING to dented pearl amulet.
  8573 | D:10     | 8573 ||| REMOVING amulet of the acrobat.
  8574 | D:10     | 8574 ||| DROPPING amulet of the acrobat.
  8575 | D:10     | 8575 ||| UPGRADING to amulet of regeneration.
  8699 | D:10     | 8699 ||| Stepping ~*~*~tactically~*~*~ (stealth).
  8700 | D:10     | 8700 ||| Stepping ~*~*~tactically~*~*~ (stealth).
  8702 | D:10     | 8702 ||| Stepping ~*~*~tactically~*~*~ (stealth).
  8812 | D:10     | Found a flagged portal.
  8870 | D:10     | 8870 ||| FLEEEEING.
  8871 | D:10     | 8871 ||| FLEEEEING.
  8872 | D:10     | 8872 ||| FLEEEEING.
  8873 | D:10     | 8873 ||| FLEEEEING.
  8874 | D:10     | 8874 ||| FLEEEEING.
  8875 | D:10     | 8875 ||| FLEEEEING.
  8876 | D:10     | 8876 ||| FLEEEEING.
  8877 | D:10     | 8877 ||| FLEEEEING.
  8878 | D:10     | 8878 ||| FLEEEEING.
  8879 | D:10     | 8879 ||| FLEEEEING.
  8880 | D:10     | 8880 ||| FLEEEEING.
  8881 | D:10     | 8881 ||| FLEEEEING.
  8882 | D:10     | 8882 ||| FLEEEEING.
  8883 | D:10     | 8883 ||| FLEEEEING.
  8884 | D:10     | 8884 ||| FLEEEEING.
  8885 | D:10     | 8885 ||| FLEEEEING.
  8886 | D:10     | 8886 ||| FLEEEEING.
  8887 | D:10     | 8887 ||| FLEEEEING.
  8923 | D:10     | 8923 ||| Stepping ~*~*~tactically~*~*~ (stealth).
  8931 | D:10     | 8931 ||| FLEEEEING.
  8935 | D:10     | Reached skill level 12 in Axes
  8945 | D:10     | 8945 ||| FLEEEEING.
  8946 | D:10     | 8946 ||| FLEEEEING.
  8947 | D:10     | 8947 ||| FLEEEEING.
  8975 | D:10     | 8975 ||| Stepping ~*~*~tactically~*~*~ (stealth).
  8999 | D:10     | 8999 ||| Stepping ~*~*~tactically~*~*~ (stealth).
  9000 | D:10     | 9000 ||| Stepping ~*~*~tactically~*~*~ (stealth).
  9005 | D:10     | 9005 ||| Stepping ~*~*~tactically~*~*~ (stealth).
  9025 | D:10     | 9025 ||| Stepping ~*~*~tactically~*~*~ (water).
  9030 | D:10     | 9030 ||| Stepping ~*~*~tactically~*~*~ (water).
  9032 | D:10     | 9032 ||| Stepping ~*~*~tactically~*~*~ (water).
  9034 | D:10     | 9034 ||| Stepping ~*~*~tactically~*~*~ (water).
  9036 | D:10     | 9036 ||| Stepping ~*~*~tactically~*~*~ (water).
  9052 | D:10     | 9052 ||| Stepping ~*~*~tactically~*~*~ (water).
  9054 | D:10     | 9054 ||| Stepping ~*~*~tactically~*~*~ (water).
  9056 | D:10     | 9056 ||| Stepping ~*~*~tactically~*~*~ (water).
  9058 | D:10     | 9058 ||| Stepping ~*~*~tactically~*~*~ (water).
  9060 | D:10     | 9060 ||| Stepping ~*~*~tactically~*~*~ (water).
  9062 | D:10     | 9062 ||| Stepping ~*~*~tactically~*~*~ (water).
  9064 | D:10     | 9064 ||| Stepping ~*~*~tactically~*~*~ (water).
  9066 | D:10     | 9066 ||| Stepping ~*~*~tactically~*~*~ (water).
  9068 | D:10     | 9068 ||| Stepping ~*~*~tactically~*~*~ (water).
  9070 | D:10     | 9070 ||| Stepping ~*~*~tactically~*~*~ (water).
  9072 | D:10     | 9072 ||| Stepping ~*~*~tactically~*~*~ (water).
  9074 | D:10     | 9074 ||| Stepping ~*~*~tactically~*~*~ (water).
  9076 | D:10     | 9076 ||| Stepping ~*~*~tactically~*~*~ (water).
  9078 | D:10     | 9078 ||| Stepping ~*~*~tactically~*~*~ (water).
  9080 | D:10     | 9080 ||| Stepping ~*~*~tactically~*~*~ (water).
  9082 | D:10     | 9082 ||| Stepping ~*~*~tactically~*~*~ (water).
  9084 | D:10     | 9084 ||| Stepping ~*~*~tactically~*~*~ (water).
  9086 | D:10     | 9086 ||| Stepping ~*~*~tactically~*~*~ (water).
  9088 | D:10     | 9088 ||| Stepping ~*~*~tactically~*~*~ (water).
  9090 | D:10     | 9090 ||| Stepping ~*~*~tactically~*~*~ (water).
  9092 | D:10     | 9092 ||| Stepping ~*~*~tactically~*~*~ (water).
  9094 | D:10     | 9094 ||| Stepping ~*~*~tactically~*~*~ (water).
  9106 | D:10     | 9106 ||| Stepping ~*~*~tactically~*~*~ (water).
  9108 | D:10     | 9108 ||| Stepping ~*~*~tactically~*~*~ (water).
  9110 | D:10     | 9110 ||| Stepping ~*~*~tactically~*~*~ (water).
  9112 | D:10     | 9112 ||| Stepping ~*~*~tactically~*~*~ (water).
  9114 | D:10     | 9114 ||| Stepping ~*~*~tactically~*~*~ (water).
  9116 | D:10     | 9116 ||| Stepping ~*~*~tactically~*~*~ (water).
  9118 | D:10     | 9118 ||| Stepping ~*~*~tactically~*~*~ (water).
  9120 | D:10     | 9120 ||| Stepping ~*~*~tactically~*~*~ (water).
  9122 | D:10     | 9122 ||| Stepping ~*~*~tactically~*~*~ (water).
  9124 | D:10     | 9124 ||| Stepping ~*~*~tactically~*~*~ (water).
  9126 | D:10     | 9126 ||| Stepping ~*~*~tactically~*~*~ (water).
  9128 | D:10     | 9128 ||| Stepping ~*~*~tactically~*~*~ (water).
  9130 | D:10     | 9130 ||| Stepping ~*~*~tactically~*~*~ (water).
  9132 | D:10     | 9132 ||| Stepping ~*~*~tactically~*~*~ (water).
  9134 | D:10     | 9134 ||| Stepping ~*~*~tactically~*~*~ (water).
  9136 | D:10     | 9136 ||| Stepping ~*~*~tactically~*~*~ (water).
  9138 | D:10     | 9138 ||| Stepping ~*~*~tactically~*~*~ (water).
  9140 | D:10     | 9140 ||| Stepping ~*~*~tactically~*~*~ (water).
  9142 | D:10     | 9142 ||| Stepping ~*~*~tactically~*~*~ (water).
  9145 | D:10     | 9145 ||| Stepping ~*~*~tactically~*~*~ (water).
  9172 | D:10     | 9172 ||| Stepping ~*~*~tactically~*~*~ (water).
  9179 | D:10     | 9179 ||| Stepping ~*~*~tactically~*~*~ (stealth).
  9190 | D:10     | 9190 ||| Stepping ~*~*~tactically~*~*~ (water).
  9193 | D:10     | 9193 ||| Stepping ~*~*~tactically~*~*~ (water).
  9197 | D:10     | 9197 ||| Stepping ~*~*~tactically~*~*~ (water).
  9524 | D:10     | 9524 ||| Stepping ~*~*~tactically~*~*~ (hiding).
  9526 | D:10     | 9526 ||| Stepping ~*~*~tactically~*~*~ (water).
  9528 | D:10     | 9528 ||| Stepping ~*~*~tactically~*~*~ (water).
  9533 | D:10     | Reached skill level 10 in Fighting
  9615 | D:10     | 9615 ||| Stepping ~*~*~tactically~*~*~ (stealth).
  9623 | D:10     | 9623 ||| Stepping ~*~*~tactically~*~*~ (stealth).
  9624 | D:10     | 9624 ||| Stepping ~*~*~tactically~*~*~ (stealth).
  9684 | D:10     | 9684 ||| READING 4 scrolls of identify.
  9684 | D:10     | 9684 ||| IDENTIFYING fuming cyan potion
  9685 | D:10     | 9685 ||| DROPPING potion of lignification.
  9699 | D:11     | 9699 ||| Stepping ~*~*~tactically~*~*~ (stealth).
  9701 | D:11     | 9701 ||| INVOKING Berserk.
  9779 | D:11     | Noticed a red ugly thing
  9788 | D:11     | Killed a red ugly thing
  9856 | D:11     | 9856 ||| INVOKING Berserk.
  9859 | D:11     | Found a staircase to the Lair.
  9860 | D:11     | Noticed a manticore
  9871 | D:11     | Killed a manticore
  9991 | D:11     | 9991 ||| FLEEEEING.
  9992 | D:11     | 9992 ||| FLEEEEING.
  9993 | D:11     | 9993 ||| FLEEEEING.
  9994 | D:11     | 9994 ||| FLEEEEING.
  9995 | D:11     | 9995 ||| STILL FLEEEEING.
  9996 | D:11     | 9996 ||| STILL FLEEEEING.
  9997 | D:11     | 9997 ||| STILL FLEEEEING.
  9998 | D:11     | 9998 ||| STILL FLEEEEING.
 10004 | D:11     | 10004 ||| INVOKING Berserk.
 10015 | D:11     | 10015 ||| READING scroll of teleportation.
 10019 | D:11     | 10019 ||| INVOKING Brothers in Arms.
 10020 | D:11     | 10020 ||| INVOKING Brothers in Arms.
 10159 | D:11     | 10159 ||| Stepping ~*~*~tactically~*~*~ (stealth).
 10170 | D:11     | 10170 ||| UPGRADING to scratched marble ring.
 10172 | D:11     | Found a runed translucent gate.
 10173 | D:11     | Found a runed translucent gate.
 10174 | D:11     | Found a runed translucent gate.
 10175 | D:11     | Noticed a minotaur
 10177 | D:11     | Noticed kelmiir's ghost (journeyman GnFi)
 10180 | D:11     | 10180 ||| INVOKING Brothers in Arms.
 10181 | D:11     | Noticed a manticore
 10249 | D:11     | Noticed a manticore
 10254 | D:11     | 10254 ||| INVOKING Berserk.
 10262 | D:11     | Killed a manticore
 10263 | D:11     | 10263 ||| EATING 11 rations.
 10301 | D:11     | Found a glowing golden altar of the Shining One.
 10303 | D:11     | 10303 ||| UPGRADING to pair of boots.
 10357 | D:11     | 10357 ||| Stepping ~*~*~tactically~*~*~ (stealth).
 10380 | D:11     | 10380 ||| Stepping ~*~*~tactically~*~*~ (stealth).
 10381 | D:11     | 10381 ||| Stepping ~*~*~tactically~*~*~ (stealth).
 10382 | D:11     | 10382 ||| Stepping ~*~*~tactically~*~*~ (stealth).
 10403 | D:11     | 10403 ||| Stepping ~*~*~tactically~*~*~ (stealth).
 10409 | D:11     | 10409 ||| Stepping ~*~*~tactically~*~*~ (stealth).
 10424 | D:11     | Found a staircase to the Orcish Mines.
 10438 | D:11     | 10438 ||| EATING 10 rations.
 10511 | D:11     | 10511 ||| Stepping ~*~*~tactically~*~*~ (stealth).
 10515 | D:11     | 10515 ||| Stepping ~*~*~tactically~*~*~ (stealth).
 10517 | D:11     | 10517 ||| Stepping ~*~*~tactically~*~*~ (stealth).
 10531 | D:11     | 10531 ||| Stepping ~*~*~tactically~*~*~ (stealth).
 10628 | D:11     | Received a gift from Trog
 10791 | D:11     | 10791 ||| INVOKING Brothers in Arms.
 10793 | D:11     | 10793 ||| INVOKING Berserk.
 10801 | D:11     | 10801 ||| READING scroll labeled BACOIL USOME.
 10802 | D:11     | 10802 ||| DROPPING +2 morningstar.
 10803 | D:11     | 10803 ||| READING 4 scrolls of identify.
 10803 | D:11     | 10803 ||| IDENTIFYING fizzy orange potion
 10804 | D:11     | 10804 ||| READING 3 scrolls of identify.
 10804 | D:11     | 10804 ||| IDENTIFYING glowing golden potion
 10805 | D:11     | 10805 ||| DROPPING potion of flight.
 10806 | D:11     | 10806 ||| DROPPING potion of degeneration.
 10843 | Lair:1   | Entered Level 1 of the Lair of Beasts
 10844 | Lair:1   | 10844 ||| Entered L.
 10884 | Lair:1   | Reached XP level 12. HP: 77/77 MP: 12/12
 11004 | Lair:1   | 11004 ||| READING scroll of enchant weapon.
 11004 | Lair:1   | 11004 ||| ENCHANTING +3 battleaxe of flaming.
 11154 | Lair:1   | 11154 ||| Stepping ~*~*~tactically~*~*~ (stealth).
 11534 | Lair:1   | 11534 ||| READING scroll labeled PIMONUDGHOWI.
 11543 | Lair:2   | Noticed Fannar
 11544 | Lair:2   | 11544 ||| Stepping ~*~*~tactically~*~*~ (hiding).
 11545 | Lair:2   | 11545 ||| Stepping ~*~*~tactically~*~*~ (hiding).
 11547 | Lair:2   | 11547 ||| Stepping ~*~*~tactically~*~*~ (hiding).
 11548 | Lair:2   | 11548 ||| Stepping ~*~*~tactically~*~*~ (hiding).
 11549 | Lair:2   | 11549 ||| Stepping ~*~*~tactically~*~*~ (hiding).
 11550 | Lair:2   | 11550 ||| Stepping ~*~*~tactically~*~*~ (hiding).
 11551 | Lair:2   | 11551 ||| Stepping ~*~*~tactically~*~*~ (hiding).
 11552 | Lair:2   | 11552 ||| Stepping ~*~*~tactically~*~*~ (hiding).
 11553 | Lair:2   | 11553 ||| Stepping ~*~*~tactically~*~*~ (hiding).
 11554 | Lair:2   | 11554 ||| Stepping ~*~*~tactically~*~*~ (hiding).
 11555 | Lair:2   | 11555 ||| Stepping ~*~*~tactically~*~*~ (hiding).
 11556 | Lair:2   | 11556 ||| Stepping ~*~*~tactically~*~*~ (hiding).
 11557 | Lair:2   | 11557 ||| Stepping ~*~*~tactically~*~*~ (hiding).
 11558 | Lair:2   | 11558 ||| Stepping ~*~*~tactically~*~*~ (hiding).
 11559 | Lair:2   | 11559 ||| Stepping ~*~*~tactically~*~*~ (hiding).
 11560 | Lair:2   | 11560 ||| Stepping ~*~*~tactically~*~*~ (hiding).
 11561 | Lair:2   | 11561 ||| Stepping ~*~*~tactically~*~*~ (hiding).
 11562 | Lair:2   | 11562 ||| Stepping ~*~*~tactically~*~*~ (hiding).
 11563 | Lair:2   | 11563 ||| Stepping ~*~*~tactically~*~*~ (hiding).
 11564 | Lair:2   | 11564 ||| Stepping ~*~*~tactically~*~*~ (hiding).
 11565 | Lair:2   | 11565 ||| Waiting for ranged monster.
 11566 | Lair:2   | 11566 ||| Waiting for ranged monster.
 11567 | Lair:2   | 11567 ||| Waiting for ranged monster.
 11581 | Lair:2   | Killed Fannar
 11581 | Lair:2   | Reached skill level 11 in Fighting
 11604 | Lair:2   | Found a hole to the Spider Nest.
 11831 | Lair:2   | 11831 ||| Stepping ~*~*~tactically~*~*~ (stealth).
 11832 | Lair:2   | 11832 ||| Stepping ~*~*~tactically~*~*~ (stealth).
 11833 | Lair:2   | 11833 ||| Stepping ~*~*~tactically~*~*~ (stealth).
 11909 | Lair:2   | 11909 ||| Stepping ~*~*~tactically~*~*~ (stealth).
 11921 | Lair:2   | 11921 ||| FLEEEEING.
 11922 | Lair:2   | 11922 ||| FLEEEEING.
 11952 | Lair:2   | You fall into a shaft and drop 1 floor!
 11962 | Lair:3   | Found a staircase to the Shoals.
 11963 | Lair:3   | 11963 ||| Shafted from Lair:2 to Lair:3.
 11963 | Lair:3   | 11963 ||| Stepping ~*~*~tactically~*~*~ (hiding).
 11964 | Lair:3   | 11964 ||| Waiting for ranged monster.
 11965 | Lair:3   | 11965 ||| Waiting for ranged monster.
 11966 | Lair:3   | 11966 ||| Waiting for ranged monster.
 12083 | Lair:3   | 12083 ||| READING scroll of enchant armour.
 12083 | Lair:3   | 12083 ||| ENCHANTING +0 pair of gloves.
 12140 | Lair:3   | 12140 ||| Stepping ~*~*~tactically~*~*~ (stealth).
 12141 | Lair:3   | 12141 ||| Stepping ~*~*~tactically~*~*~ (stealth).
 12223 | Lair:2   | 12223 ||| Successfully unshafted to Lair:2.
 12559 | Lair:2   | 12559 ||| READING scroll labeled TOF EFRISMAARCHU.
 12559 | Lair:2   | Identified a scroll of acquirement
 12559 | Lair:2   | Identified the +0 pair of gloves of Compression {rF- rN++
                  | Str+4 Stlth+} (You acquired it on level 2 of the Lair of
                  | Beasts)
 12722 | Lair:3   | 12722 ||| EATING 12 rations.
 12723 | Lair:3   | 12723 ||| UPGRADING to +1 pair of gloves.
 12771 | Lair:3   | 12771 ||| Stepping ~*~*~tactically~*~*~ (stealth).
 13143 | Lair:3   | 13143 ||| Stepping ~*~*~tactically~*~*~ (stealth).
 13448 | Lair:4   | 13448 ||| INVOKING Berserk.
 13460 | Lair:4   | 13460 ||| READING 2 scrolls of teleportation.
 13467 | Lair:4   | 13467 ||| Stepping ~*~*~tactically~*~*~ (stealth).
 13468 | Lair:4   | 13468 ||| Stepping ~*~*~tactically~*~*~ (stealth).
 13492 | Lair:4   | 13492 ||| Stepping ~*~*~tactically~*~*~ (stealth).
 13504 | Lair:4   | 13504 ||| EATING 13 rations.
 13521 | Lair:4   | 13521 ||| UPGRADING to small opal ring.
 13523 | Lair:4   | 13523 ||| REMOVING ring of wizardry.
 13524 | Lair:4   | 13524 ||| DROPPING ring of wizardry.
 13525 | Lair:4   | 13525 ||| UPGRADING to ring of protection from fire.
 13581 | Lair:4   | 13581 ||| Stepping ~*~*~tactically~*~*~ (stealth).
 13590 | Lair:4   | 13590 ||| Stepping ~*~*~tactically~*~*~ (stealth).
 13595 | Lair:4   | 13595 ||| Stepping ~*~*~tactically~*~*~ (stealth).
 13596 | Lair:4   | 13596 ||| Stepping ~*~*~tactically~*~*~ (stealth).
 13720 | Lair:4   | 13720 ||| Stepping ~*~*~tactically~*~*~ (hiding).
 13721 | Lair:4   | 13721 ||| Waiting for ranged monster.
 13722 | Lair:4   | 13722 ||| Waiting for ranged monster.
 13723 | Lair:4   | 13723 ||| Waiting for ranged monster.
 13724 | Lair:4   | 13724 ||| Waiting for ranged monster.
 13730 | Lair:4   | Reached skill level 3 in Dodging
 13795 | Lair:4   | 13795 ||| Stepping ~*~*~tactically~*~*~ (hiding).
 13796 | Lair:4   | 13796 ||| Waiting for ranged monster.
 13797 | Lair:4   | 13797 ||| Waiting for ranged monster.
 13801 | Lair:4   | 13801 ||| Waiting for ranged monster.
 13802 | Lair:4   | 13802 ||| Waiting for ranged monster.
 13803 | Lair:4   | 13803 ||| Waiting for ranged monster.
 13804 | Lair:4   | 13804 ||| Waiting for ranged monster.
 13927 | Lair:4   | 13927 ||| FLEEEEING.
 13928 | Lair:4   | 13928 ||| FLEEEEING.
 13929 | Lair:4   | 13929 ||| FLEEEEING.
 13930 | Lair:4   | 13930 ||| FLEEEEING.
 13931 | Lair:4   | 13931 ||| FLEEEEING.
 13932 | Lair:4   | 13932 ||| FLEEEEING.
 13933 | Lair:4   | 13933 ||| FLEEEEING.
 13934 | Lair:4   | 13934 ||| FLEEEEING.
 13935 | Lair:4   | 13935 ||| FLEEEEING.
 13936 | Lair:4   | 13936 ||| FLEEEEING.
 14072 | Lair:4   | 14072 ||| Stepping ~*~*~tactically~*~*~ (stealth).
 14078 | Lair:4   | 14078 ||| INVOKING Berserk.
 14085 | Lair:4   | Reached XP level 13. HP: 84/84 MP: 13/13
 14110 | Lair:4   | 14110 ||| Stepping ~*~*~tactically~*~*~ (hiding).
 14134 | Lair:4   | 14134 ||| INVOKING Brothers in Arms.
 14136 | Lair:4   | Reached skill level 15 in Axes
 14157 | Lair:4   | 14157 ||| INVOKING Berserk.
 14334 | Lair:4   | 14334 ||| UPGRADING to ring of resist corrosion.
 14336 | Lair:4   | 14336 ||| REMOVING ring of resist corrosion.
 14337 | Lair:4   | 14337 ||| UPGRADING to ring of protection from fire.
 14756 | Lair:4   | 14756 ||| EATING 12 rations.
 14814 | Lair:5   | 14814 ||| Stepping ~*~*~tactically~*~*~ (hiding).
 14815 | Lair:5   | 14815 ||| Waiting for ranged monster.
 14816 | Lair:5   | 14816 ||| Waiting for ranged monster.
 14817 | Lair:5   | 14817 ||| Waiting for ranged monster.
 14818 | Lair:5   | 14818 ||| Waiting for ranged monster.
 14831 | Lair:5   | Received a gift from Trog
 14832 | Lair:5   | 14832 ||| INVOKING Berserk.
 14849 | Lair:5   | Reached skill level 12 in Fighting
 14866 | Lair:5   | 14866 ||| READING scroll of teleportation.
 14873 | Lair:5   | 14873 ||| INVOKING Brothers in Arms.
 15031 | Lair:5   | Found a snail-covered altar of Cheibriados.
 15037 | Lair:5   | 15037 ||| Stepping ~*~*~tactically~*~*~ (stealth).
 15093 | Lair:5   | Reached skill level 12 in Armour
 15218 | Lair:5   | 15218 ||| Stepping ~*~*~tactically~*~*~ (stealth).
 15219 | Lair:5   | 15219 ||| Stepping ~*~*~tactically~*~*~ (stealth).
 15234 | Lair:5   | 15234 ||| SWAPPING to glowing broad axe {god gift}.
 15235 | Lair:5   | 15235 ||| SWAPPING to +4 battleaxe of flaming.
 15236 | Lair:5   | 15236 ||| DROPPING +4 broad axe of flaming.
 15364 | Lair:5   | 15364 ||| READING scroll of enchant weapon.
 15364 | Lair:5   | 15364 ||| ENCHANTING +4 battleaxe of flaming.
 15415 | Lair:5   | 15415 ||| UPGRADING to knobbly brass ring.
 15417 | Lair:5   | 15417 ||| DROPPING ring of resist corrosion.
 15464 | Lair:5   | Found a viscous altar of Jiyva.
 15465 | Lair:5   | Found a staircase to the Slime Pits.
 15690 | Lair:5   | 15690 ||| READING scroll labeled MUCE OBUNWI.
 15691 | Lair:5   | 15691 ||| READING 2 scrolls labeled RECUESHAREY.
 15692 | Lair:5   | 15692 ||| DROPPING scroll of vulnerability.
 15721 | Lair:6   | Entered Level 6 of the Lair of Beasts
 15725 | Lair:6   | 15725 ||| Stepping ~*~*~tactically~*~*~ (stealth).
 15726 | Lair:6   | 15726 ||| Stepping ~*~*~tactically~*~*~ (stealth).
 15727 | Lair:6   | 15727 ||| Stepping ~*~*~tactically~*~*~ (stealth).
 15743 | Lair:6   | 15743 ||| FLEEEEING.
 15744 | Lair:6   | 15744 ||| FLEEEEING.
 15745 | Lair:6   | 15745 ||| FLEEEEING.
 15746 | Lair:6   | 15746 ||| STAIRDANCE
 15748 | Lair:5   | 15748 ||| FLEEEEING.
 15749 | Lair:5   | 15749 ||| FLEEEEING.
 15750 | Lair:5   | 15750 ||| FLEEEEING.
 15751 | Lair:5   | 15751 ||| FLEEEEING.
 15752 | Lair:5   | 15752 ||| FLEEEEING.
 15753 | Lair:5   | 15753 ||| FLEEEEING.
 15754 | Lair:5   | 15754 ||| FLEEEEING.
 15755 | Lair:5   | 15755 ||| FLEEEEING.
 15756 | Lair:5   | 15756 ||| FLEEEEING.
 15757 | Lair:5   | 15757 ||| FLEEEEING.
 15758 | Lair:5   | 15758 ||| FLEEEEING.
 15759 | Lair:5   | 15759 ||| FLEEEEING.
 15762 | Lair:5   | 15762 ||| FLEEEEING.
 15763 | Lair:5   | 15763 ||| FLEEEEING.
 15764 | Lair:5   | 15764 ||| FLEEEEING.
 15765 | Lair:5   | 15765 ||| FLEEEEING.
 15766 | Lair:5   | 15766 ||| FLEEEEING.
 15768 | Lair:5   | 15768 ||| FLEEEEING.
 15769 | Lair:5   | 15769 ||| FLEEEEING.
 15770 | Lair:5   | 15770 ||| FLEEEEING.
 15771 | Lair:5   | 15771 ||| FLEEEEING.
 15772 | Lair:5   | 15772 ||| FLEEEEING.
 15833 | Lair:6   | 15833 ||| Stepping ~*~*~tactically~*~*~ (stealth).
 15834 | Lair:6   | 15834 ||| Stepping ~*~*~tactically~*~*~ (stealth).
 15841 | Lair:6   | 15841 ||| Stepping ~*~*~tactically~*~*~ (stealth).
 15842 | Lair:6   | 15842 ||| Stepping ~*~*~tactically~*~*~ (stealth).
 15843 | Lair:6   | 15843 ||| Stepping ~*~*~tactically~*~*~ (stealth).
 15844 | Lair:6   | 15844 ||| Stepping ~*~*~tactically~*~*~ (stealth).
 15845 | Lair:6   | 15845 ||| Stepping ~*~*~tactically~*~*~ (stealth).
 15846 | Lair:6   | 15846 ||| Stepping ~*~*~tactically~*~*~ (stealth).
 15847 | Lair:6   | 15847 ||| Stepping ~*~*~tactically~*~*~ (stealth).
 15848 | Lair:6   | 15848 ||| Stepping ~*~*~tactically~*~*~ (stealth).
 15849 | Lair:6   | 15849 ||| Stepping ~*~*~tactically~*~*~ (stealth).
 15851 | Lair:6   | 15851 ||| Stepping ~*~*~tactically~*~*~ (stealth).
 15852 | Lair:6   | 15852 ||| Stepping ~*~*~tactically~*~*~ (stealth).
 15853 | Lair:6   | 15853 ||| Stepping ~*~*~tactically~*~*~ (stealth).
 15854 | Lair:6   | 15854 ||| Stepping ~*~*~tactically~*~*~ (stealth).
 15855 | Lair:6   | 15855 ||| Stepping ~*~*~tactically~*~*~ (stealth).
 15856 | Lair:6   | 15856 ||| Stepping ~*~*~tactically~*~*~ (stealth).
 15857 | Lair:6   | 15857 ||| Stepping ~*~*~tactically~*~*~ (stealth).
 15858 | Lair:6   | 15858 ||| Stepping ~*~*~tactically~*~*~ (stealth).
 15902 | Lair:6   | 15902 ||| Stepping ~*~*~tactically~*~*~ (stealth).
 15903 | Lair:6   | 15903 ||| Stepping ~*~*~tactically~*~*~ (stealth).
 15924 | Lair:6   | 15924 ||| Stepping ~*~*~tactically~*~*~ (stealth).
 15928 | Lair:6   | 15928 ||| Stepping ~*~*~tactically~*~*~ (stealth).
 15949 | Lair:6   | 15949 ||| Stepping ~*~*~tactically~*~*~ (stealth).
 16048 | Lair:6   | 16048 ||| Stepping ~*~*~tactically~*~*~ (stealth).
 16049 | Lair:6   | 16049 ||| Stepping ~*~*~tactically~*~*~ (stealth).
 16050 | Lair:6   | 16050 ||| Stepping ~*~*~tactically~*~*~ (stealth).
 16051 | Lair:6   | 16051 ||| Stepping ~*~*~tactically~*~*~ (stealth).
 16053 | Lair:6   | 16053 ||| Stepping ~*~*~tactically~*~*~ (stealth).
 16054 | Lair:6   | 16054 ||| Stepping ~*~*~tactically~*~*~ (stealth).
 16055 | Lair:6   | 16055 ||| Stepping ~*~*~tactically~*~*~ (stealth).
 16058 | Lair:6   | 16058 ||| Stepping ~*~*~tactically~*~*~ (stealth).
 16059 | Lair:6   | 16059 ||| Stepping ~*~*~tactically~*~*~ (stealth).
 16063 | Lair:6   | 16063 ||| Stepping ~*~*~tactically~*~*~ (stealth).
 16067 | Lair:6   | 16067 ||| Stepping ~*~*~tactically~*~*~ (stealth).
 16070 | Lair:6   | 16070 ||| Stepping ~*~*~tactically~*~*~ (stealth).
 16071 | Lair:6   | 16071 ||| Stepping ~*~*~tactically~*~*~ (stealth).
 16073 | Lair:6   | 16073 ||| Stepping ~*~*~tactically~*~*~ (stealth).
 16075 | Lair:6   | 16075 ||| Stepping ~*~*~tactically~*~*~ (stealth).
 16076 | Lair:6   | 16076 ||| Stepping ~*~*~tactically~*~*~ (stealth).
 16077 | Lair:6   | 16077 ||| Stepping ~*~*~tactically~*~*~ (stealth).
 16079 | Lair:6   | 16079 ||| Stepping ~*~*~tactically~*~*~ (stealth).
 16082 | Lair:6   | 16082 ||| Stepping ~*~*~tactically~*~*~ (stealth).
 16083 | Lair:6   | 16083 ||| Stepping ~*~*~tactically~*~*~ (stealth).
 16088 | Lair:6   | 16088 ||| STAIRDANCE
 16100 | Lair:6   | 16100 ||| STAIRDANCE
 16132 | Lair:6   | 16132 ||| INVOKING Berserk.
 16136 | Lair:6   | Gained mutation: Your large and strong wings let you fly
                  | indefinitely. [Gargoyle growth]
 16136 | Lair:6   | Reached XP level 14. HP: 92/92 MP: 14/14
 16146 | Lair:6   | 16146 ||| FLEEEEING.
 16147 | Lair:6   | 16147 ||| FLEEEEING.
 16148 | Lair:6   | 16148 ||| FLEEEEING.
 16149 | Lair:6   | 16149 ||| FLEEEEING.
 16150 | Lair:6   | 16150 ||| FLEEEEING.
 16151 | Lair:6   | 16151 ||| FLEEEEING.
 16152 | Lair:6   | 16152 ||| FLEEEEING.
 16153 | Lair:6   | 16153 ||| FLEEEEING.
 16154 | Lair:6   | 16154 ||| FLEEEEING.
 16155 | Lair:6   | 16155 ||| STAIRDANCE
 16179 | Lair:5   | 16179 ||| INVOKING Fly.
 16179 | Lair:5   | 16179 ||| FLYING.
 16226 | Lair:6   | 16226 ||| INVOKING Berserk.
 16276 | Lair:6   | 16276 ||| Stepping ~*~*~tactically~*~*~ (hiding).
 16281 | Lair:6   | 16281 ||| INVOKING Brothers in Arms.
 16287 | Lair:6   | 16287 ||| INVOKING Berserk.
 16355 | Lair:6   | 16355 ||| Stepping ~*~*~tactically~*~*~ (stealth).
 16356 | Lair:6   | 16356 ||| Stepping ~*~*~tactically~*~*~ (stealth).
 16359 | Lair:6   | Reached skill level 13 in Fighting
 16404 | Lair:6   | 16404 ||| INVOKING Brothers in Arms.
 16406 | Lair:6   | 16406 ||| INVOKING Brothers in Arms.
 16407 | Lair:6   | 16407 ||| INVOKING Berserk.
 16409 | Lair:6   | Received a gift from Trog
 16469 | Lair:6   | 16469 ||| INVOKING Brothers in Arms.
 16470 | Lair:6   | 16470 ||| INVOKING Berserk.
 16542 | Lair:6   | 16542 ||| INVOKING Berserk.
 16688 | Lair:6   | 16688 ||| Stepping ~*~*~tactically~*~*~ (stealth).
 16716 | Lair:6   | 16716 ||| Stepping ~*~*~tactically~*~*~ (stealth).
 16985 | Lair:6   | 16985 ||| Stepping ~*~*~tactically~*~*~ (stealth).
 16986 | Lair:6   | 16986 ||| Stepping ~*~*~tactically~*~*~ (stealth).
 16987 | Lair:6   | 16987 ||| Stepping ~*~*~tactically~*~*~ (stealth).
 17351 | D:11     | 17351 ||| EATING 15 rations.
 17371 | Orc:1    | Entered Level 1 of the Orcish Mines
 17372 | Orc:1    | 17372 ||| Entered O.
 17372 | Orc:1    | 17372 ||| Stepping ~*~*~tactically~*~*~ (hiding).
 17373 | Orc:1    | 17373 ||| Stepping ~*~*~tactically~*~*~ (hiding).
 17460 | Orc:1    | Noticed Nergalle
 17466 | Orc:1    | Killed Nergalle
 17487 | Orc:1    | 17487 ||| Stepping ~*~*~tactically~*~*~ (stealth).
 17495 | Orc:1    | 17495 ||| INVOKING Berserk.
 17658 | Orc:2    | Entered Level 2 of the Orcish Mines
 17659 | Orc:2    | 17659 ||| STAIRDANCE
 17664 | Orc:2    | 17664 ||| STAIRDANCE
 17734 | Orc:2    | 17734 ||| STAIRDANCE
 17745 | Orc:2    | 17745 ||| STAIRDANCE
 17760 | Orc:2    | 17760 ||| STAIRDANCE
 17805 | Orc:2    | 17805 ||| STAIRDANCE
 17825 | Orc:2    | 17825 ||| STAIRDANCE
 17841 | Orc:2    | 17841 ||| Stepping ~*~*~tactically~*~*~ (stealth).
 17842 | Orc:2    | 17842 ||| Stepping ~*~*~tactically~*~*~ (stealth).
 17843 | Orc:2    | 17843 ||| Stepping ~*~*~tactically~*~*~ (stealth).
 17844 | Orc:2    | 17844 ||| Stepping ~*~*~tactically~*~*~ (stealth).
 17845 | Orc:2    | 17845 ||| Stepping ~*~*~tactically~*~*~ (stealth).
 17846 | Orc:2    | 17846 ||| Stepping ~*~*~tactically~*~*~ (stealth).
 17847 | Orc:2    | 17847 ||| Stepping ~*~*~tactically~*~*~ (stealth).
 17850 | Orc:2    | 17850 ||| Stepping ~*~*~tactically~*~*~ (stealth).
 17851 | Orc:2    | 17851 ||| Stepping ~*~*~tactically~*~*~ (hiding).
 17852 | Orc:2    | 17852 ||| Waiting for ranged monster.
 17853 | Orc:2    | 17853 ||| Waiting for ranged monster.
 17854 | Orc:2    | 17854 ||| Waiting for ranged monster.
 17855 | Orc:2    | 17855 ||| Waiting for ranged monster.
 17856 | Orc:2    | 17856 ||| Waiting for ranged monster.
 17857 | Orc:2    | 17857 ||| Stepping ~*~*~tactically~*~*~ (stealth).
 17858 | Orc:2    | 17858 ||| Waiting for ranged monster.
 17859 | Orc:2    | 17859 ||| Waiting for ranged monster.
 17866 | Orc:2    | 17866 ||| Stepping ~*~*~tactically~*~*~ (hiding).
 17867 | Orc:2    | 17867 ||| Waiting for ranged monster.
 17868 | Orc:2    | 17868 ||| Waiting for ranged monster.
 17869 | Orc:2    | 17869 ||| Waiting for ranged monster.
 17870 | Orc:2    | 17870 ||| Waiting for ranged monster.
 17873 | Orc:2    | 17873 ||| Waiting for ranged monster.
 17874 | Orc:2    | 17874 ||| Stepping ~*~*~tactically~*~*~ (stealth).
 17875 | Orc:2    | 17875 ||| Stepping ~*~*~tactically~*~*~ (stealth).
 17876 | Orc:2    | 17876 ||| Stepping ~*~*~tactically~*~*~ (stealth).
 17878 | Orc:2    | 17878 ||| Stepping ~*~*~tactically~*~*~ (hiding).
 17879 | Orc:2    | 17879 ||| Stepping ~*~*~tactically~*~*~ (hiding).
 17880 | Orc:2    | 17880 ||| Stepping ~*~*~tactically~*~*~ (hiding).
 17891 | Orc:2    | 17891 ||| Stepping ~*~*~tactically~*~*~ (stealth).
 17892 | Orc:2    | 17892 ||| Stepping ~*~*~tactically~*~*~ (stealth).
 17906 | Orc:2    | 17906 ||| Stepping ~*~*~tactically~*~*~ (hiding).
 17910 | Orc:2    | Received a gift from Trog
 17911 | Orc:2    | 17911 ||| INVOKING Berserk.
 17926 | Orc:2    | 17926 ||| INVOKING Brothers in Arms.
 17946 | Orc:2    | 17946 ||| INVOKING Brothers in Arms.
 17964 | Orc:2    | 17964 ||| INVOKING Berserk.
 17968 | Orc:2    | Found Safageci's Book Shop.
 17968 | Orc:2    | Found Koptikex's Magic Scroll Boutique.
 17968 | Orc:2    | Found Bich's Food Boutique.
 18065 | Orc:2    | 18065 ||| SWAPPING to runed battleaxe {god gift}.
 18066 | Orc:2    | 18066 ||| SWAPPING to +5 battleaxe of flaming.
 18067 | Orc:2    | 18067 ||| DROPPING +3 antimagic battleaxe.
 18179 | Orc:2    | Found Woismui's Armour Shop.
 18187 | Orc:2    | Bought a +3 scale mail of fire resistance for 364 gold
                  | pieces
 18189 | Orc:2    | Bought a scroll of teleportation for 51 gold pieces
 18189 | Orc:2    | Bought a scroll of identify for 34 gold pieces
 18189 | Orc:2    | Bought a scroll of acquirement for 884 gold pieces
 18189 | Orc:2    | 18189 ||| READING scroll of acquirement.
 18191 | Orc:2    | 18191 ||| UPGRADING to +5 amulet of reflection.
 18193 | Orc:2    | 18193 ||| DROPPING amulet of regeneration.
 18244 | Orc:2    | Found a staircase to the Elven Halls.
 18250 | Orc:2    | 18250 ||| Stepping ~*~*~tactically~*~*~ (stealth).
 18275 | Orc:2    | 18275 ||| Stepping ~*~*~tactically~*~*~ (stealth).
 18277 | Orc:2    | Noticed an orc warlord
 18278 | Orc:2    | 18278 ||| INVOKING Brothers in Arms.
 18284 | Orc:2    | 18284 ||| INVOKING Berserk.
 18294 | Orc:2    | Killed an orc warlord
 18302 | Orc:2    | 18302 ||| EATING 14 rations.
 18558 | Orc:2    | Found Soxt's Magic Scroll Boutique.
 18567 | Orc:2    | Bought a scroll of teleportation for 45 gold pieces
 18567 | Orc:2    | Bought a scroll of teleportation for 45 gold pieces
 18567 | Orc:2    | Bought a scroll of enchant weapon for 112 gold pieces
 18567 | Orc:2    | 18567 ||| SHOPLISTING scroll of brand weapon (300 gold,
                  | have 253).
 18567 | Orc:2    | 18567 ||| READING scroll of enchant weapon.
 18567 | Orc:2    | 18567 ||| ENCHANTING +5 battleaxe of flaming.
 18678 | D:12     | Found Xiaf's Weapon Emporium.
 18696 | D:12     | 18696 ||| Stepping ~*~*~tactically~*~*~ (hiding).
 18697 | D:12     | 18697 ||| Waiting for ranged monster.
 18698 | D:12     | 18698 ||| Waiting for ranged monster.
 18701 | D:12     | 18701 ||| Waiting for ranged monster.
 18702 | D:12     | 18702 ||| Waiting for ranged monster.
 18703 | D:12     | 18703 ||| Waiting for ranged monster.
 18704 | D:12     | 18704 ||| Waiting for ranged monster.
 18705 | D:12     | 18705 ||| Waiting for ranged monster.
 18717 | D:12     | 18717 ||| Stepping ~*~*~tactically~*~*~ (stealth).
 18725 | D:12     | 18725 ||| Stepping ~*~*~tactically~*~*~ (hiding).
 18727 | D:12     | 18727 ||| Stepping ~*~*~tactically~*~*~ (hiding).
 18728 | D:12     | 18728 ||| Stepping ~*~*~tactically~*~*~ (hiding).
 18798 | D:12     | Found Ecla's Magic Scroll Emporium.
 18804 | D:12     | Bought a scroll of enchant armour for 105 gold pieces
 18804 | D:12     | 18804 ||| READING scroll of enchant armour.
 18804 | D:12     | 18804 ||| ENCHANTING +1 pair of gloves.
 18911 | D:12     | Found Ulaiq's Assorted Antiques.
 18918 | D:12     | Bought a scroll labeled MUEMAAN GUIBAXU for 25 gold pieces
 19074 | D:12     | 19074 ||| INVOKING Berserk.
 19187 | D:12     | 19187 ||| UPGRADING to ring of protection from fire.
 19189 | D:12     | 19189 ||| UPGRADING to +5 ring of evasion.
 19338 | D:12     | 19338 ||| Stepping ~*~*~tactically~*~*~ (stealth).
 19339 | D:12     | 19339 ||| Stepping ~*~*~tactically~*~*~ (stealth).
 19441 | D:12     | 19441 ||| READING scroll labeled MUEMAAN GUIBAXU.
 19567 | D:13     | 19567 ||| Stepping ~*~*~tactically~*~*~ (hiding).
 19568 | D:13     | 19568 ||| Stepping ~*~*~tactically~*~*~ (hiding).
 19569 | D:13     | 19569 ||| Stepping ~*~*~tactically~*~*~ (hiding).
 19570 | D:13     | 19570 ||| STAIRDANCE
 19575 | D:12     | 19575 ||| FLEEEEING.
 19576 | D:12     | 19576 ||| FLEEEEING.
 19577 | D:12     | 19577 ||| FLEEEEING.
 19578 | D:12     | 19578 ||| FLEEEEING.
 19579 | D:12     | 19579 ||| FLEEEEING.
 19580 | D:12     | 19580 ||| FLEEEEING.
 19581 | D:12     | 19581 ||| FLEEEEING.
 19582 | D:12     | 19582 ||| FLEEEEING.
 19583 | D:12     | 19583 ||| FLEEEEING.
 19584 | D:12     | 19584 ||| FLEEEEING.
 19588 | D:12     | 19588 ||| STAIRDANCE
 19771 | D:13     | 19771 ||| Stepping ~*~*~tactically~*~*~ (stealth).
 19793 | D:13     | Noticed Snorg
 19794 | D:13     | 19794 ||| INVOKING Brothers in Arms.
 19800 | D:13     | Killed Snorg
 19879 | D:13     | 19879 ||| Stepping ~*~*~tactically~*~*~ (stealth).
 19882 | D:13     | Reached XP level 15. HP: 99/99 MP: 15/15
 20033 | D:13     | 20033 ||| FLEEEEING.
 20034 | D:13     | 20034 ||| FLEEEEING.
 20035 | D:13     | 20035 ||| FLEEEEING.
 20036 | D:13     | 20036 ||| FLEEEEING.
 20037 | D:13     | 20037 ||| FLEEEEING.
 20038 | D:13     | 20038 ||| FLEEEEING.
 20039 | D:13     | 20039 ||| FLEEEEING.
 20040 | D:13     | 20040 ||| FLEEEEING.
 20041 | D:13     | 20041 ||| FLEEEEING.
 20042 | D:13     | 20042 ||| FLEEEEING.
 20043 | D:13     | 20043 ||| FLEEEEING.
 20044 | D:13     | 20044 ||| FLEEEEING.
 20045 | D:13     | 20045 ||| FLEEEEING.
 20046 | D:13     | 20046 ||| FLEEEEING.
 20047 | D:13     | 20047 ||| FLEEEEING.
 20048 | D:13     | 20048 ||| FLEEEEING.
 20049 | D:13     | 20049 ||| FLEEEEING.
 20050 | D:13     | 20050 ||| FLEEEEING.
 20051 | D:13     | 20051 ||| FLEEEEING.
 20052 | D:13     | 20052 ||| FLEEEEING.
 20053 | D:13     | 20053 ||| FLEEEEING.
 20054 | D:13     | 20054 ||| FLEEEEING.
 20055 | D:13     | 20055 ||| FLEEEEING.
 20056 | D:13     | 20056 ||| FLEEEEING.
 20057 | D:13     | 20057 ||| FLEEEEING.
 20058 | D:13     | 20058 ||| FLEEEEING.
 20059 | D:13     | 20059 ||| FLEEEEING.
 20060 | D:13     | 20060 ||| FLEEEEING.
 20061 | D:13     | 20061 ||| FLEEEEING.
 20062 | D:13     | 20062 ||| FLEEEEING.
 20063 | D:13     | 20063 ||| FLEEEEING.
 20064 | D:13     | 20064 ||| FLEEEEING.
 20065 | D:13     | 20065 ||| FLEEEEING.
 20066 | D:13     | 20066 ||| FLEEEEING.
 20067 | D:13     | 20067 ||| FLEEEEING.
 20068 | D:13     | 20068 ||| FLEEEEING.
 20069 | D:13     | 20069 ||| FLEEEEING.
 20070 | D:13     | 20070 ||| FLEEEEING.
 20071 | D:13     | 20071 ||| FLEEEEING.
 20072 | D:13     | 20072 ||| FLEEEEING.
 20073 | D:13     | 20073 ||| FLEEEEING.
 20074 | D:13     | 20074 ||| FLEEEEING.
 20075 | D:13     | 20075 ||| FLEEEEING.
 20076 | D:13     | 20076 ||| FLEEEEING.
 20077 | D:13     | 20077 ||| FLEEEEING.
 20078 | D:13     | 20078 ||| FLEEEEING.
 20079 | D:13     | 20079 ||| FLEEEEING.
 20080 | D:13     | 20080 ||| FLEEEEING.
 20081 | D:13     | 20081 ||| FLEEEEING.
 20082 | D:13     | 20082 ||| FLEEEEING.
 20083 | D:13     | 20083 ||| FLEEEEING.
 20084 | D:13     | 20084 ||| FLEEEEING.
 20085 | D:13     | 20085 ||| FLEEEEING.
 20086 | D:13     | 20086 ||| FLEEEEING.
 20087 | D:13     | 20087 ||| FLEEEEING.
 20088 | D:13     | 20088 ||| FLEEEEING.
 20089 | D:13     | 20089 ||| FLEEEEING.
 20090 | D:13     | 20090 ||| FLEEEEING.
 20091 | D:13     | 20091 ||| FLEEEEING.
 20092 | D:13     | 20092 ||| FLEEEEING.
 20093 | D:13     | 20093 ||| FLEEEEING.
 20094 | D:13     | 20094 ||| FLEEEEING.
 20095 | D:13     | 20095 ||| FLEEEEING.
 20096 | D:13     | 20096 ||| FLEEEEING.
 20097 | D:13     | 20097 ||| FLEEEEING.
 20098 | D:13     | 20098 ||| FLEEEEING.
 20099 | D:13     | 20099 ||| FLEEEEING.
 20100 | D:13     | 20100 ||| FLEEEEING.
 20101 | D:13     | 20101 ||| FLEEEEING.
 20102 | D:13     | 20102 ||| FLEEEEING.
 20103 | D:13     | 20103 ||| FLEEEEING.
 20104 | D:13     | 20104 ||| FLEEEEING.
 20105 | D:13     | 20105 ||| FLEEEEING.
 20115 | D:13     | 20115 ||| FLEEEEING.
 20116 | D:13     | 20116 ||| FLEEEEING.
 20117 | D:13     | 20117 ||| FLEEEEING.
 20118 | D:13     | 20118 ||| FLEEEEING.
 20119 | D:13     | 20119 ||| FLEEEEING.
 20120 | D:13     | 20120 ||| FLEEEEING.
 20121 | D:13     | 20121 ||| FLEEEEING.
 20122 | D:13     | 20122 ||| FLEEEEING.
 20123 | D:13     | 20123 ||| FLEEEEING.
 20124 | D:13     | 20124 ||| FLEEEEING.
 20125 | D:13     | 20125 ||| FLEEEEING.
 20126 | D:13     | 20126 ||| FLEEEEING.
 20127 | D:13     | 20127 ||| FLEEEEING.
 20128 | D:13     | 20128 ||| FLEEEEING.
 20129 | D:13     | 20129 ||| FLEEEEING.
 20130 | D:13     | 20130 ||| FLEEEEING.
 20131 | D:13     | 20131 ||| FLEEEEING.
 20132 | D:13     | 20132 ||| FLEEEEING.
 20133 | D:13     | 20133 ||| FLEEEEING.
 20134 | D:13     | 20134 ||| FLEEEEING.
 20135 | D:13     | 20135 ||| FLEEEEING.
 20136 | D:13     | 20136 ||| FLEEEEING.
 20137 | D:13     | 20137 ||| FLEEEEING.
 20138 | D:13     | 20138 ||| FLEEEEING.
 20139 | D:13     | 20139 ||| FLEEEEING.
 20143 | D:13     | 20143 ||| STAIRDANCE
 20552 | D:13     | 20552 ||| Stepping ~*~*~tactically~*~*~ (hiding).
 20553 | D:13     | 20553 ||| Waiting for ranged monster.
 20554 | D:13     | 20554 ||| Waiting for ranged monster.
 20559 | D:13     | 20559 ||| Waiting for ranged monster.
 20560 | D:13     | 20560 ||| Waiting for ranged monster.
 20561 | D:13     | 20561 ||| Waiting for ranged monster.
 20695 | D:14     | Reached skill level 14 in Fighting
 20698 | D:14     | 20698 ||| FLEEEEING.
 20699 | D:14     | 20699 ||| FLEEEEING.
 20700 | D:14     | 20700 ||| FLEEEEING.
 20701 | D:14     | 20701 ||| FLEEEEING.
 20702 | D:14     | 20702 ||| FLEEEEING.
 20703 | D:14     | 20703 ||| FLEEEEING.
 20704 | D:14     | 20704 ||| FLEEEEING.
 20705 | D:14     | 20705 ||| FLEEEEING.
 20706 | D:14     | 20706 ||| FLEEEEING.
 20707 | D:14     | 20707 ||| FLEEEEING.
 20708 | D:14     | 20708 ||| FLEEEEING.
 20709 | D:14     | 20709 ||| FLEEEEING.
 20710 | D:14     | 20710 ||| FLEEEEING.
 20711 | D:14     | 20711 ||| FLEEEEING.
 20712 | D:14     | 20712 ||| FLEEEEING.
 20713 | D:14     | 20713 ||| FLEEEEING.
 20714 | D:14     | 20714 ||| FLEEEEING.
 20715 | D:14     | 20715 ||| FLEEEEING.
 20716 | D:14     | 20716 ||| STAIRDANCE
 20863 | D:14     | 20863 ||| EATING 15 rations.
 20876 | D:14     | Found Detadoq's Jewellery Shoppe.
 20885 | D:14     | 20885 ||| SHOPLISTING ring of protection from magic (325
                  | gold, have 315).
 20885 | D:14     | 20885 ||| SHOPLISTING +4 ring of dexterity (351 gold, have
                  | 315).
 20885 | D:14     | 20885 ||| SHOPLISTING ring of protection from cold (325
                  | gold, have 315).
 20938 | D:14     | Found a gate to the Vaults.
 20977 | D:14     | 20977 ||| INVOKING Berserk.
 20989 | D:14     | 20989 ||| READING 4 scrolls of teleportation.
 21046 | D:14     | 21046 ||| Stepping ~*~*~tactically~*~*~ (stealth).
 21048 | D:14     | 21048 ||| Stepping ~*~*~tactically~*~*~ (hiding).
 21254 | D:14     | Found Upiem's Distillery.
 21265 | D:14     | Bought 2 potions of might for 88 gold pieces
 21265 | D:14     | Bought 2 potions of might for 88 gold pieces
 21265 | D:14     | Bought 2 potions of curing for 66 gold pieces
 21265 | D:14     | Bought a potion of curing for 33 gold pieces
 21265 | D:14     | Bought 2 potions of curing for 66 gold pieces
 21265 | D:14     | 21265 ||| SHOPLISTING potion of mutation (88 gold, have 0).
 21265 | D:14     | 21265 ||| SHOPLISTING potion of curing (33 gold, have 0).
 21311 | D:14     | Found Vuatupra's Distillery.
 21315 | D:14     | 21315 ||| Stepping ~*~*~tactically~*~*~ (stealth).
 21316 | D:14     | 21316 ||| Stepping ~*~*~tactically~*~*~ (stealth).
 21317 | D:14     | 21317 ||| Stepping ~*~*~tactically~*~*~ (stealth).
 21324 | D:14     | 21324 ||| SHOPLISTING potion of heal wounds (70 gold, have
                  | 0).
 21324 | D:14     | 21324 ||| SHOPLISTING potion of mutation (112 gold, have
                  | 0).
 21324 | D:14     | 21324 ||| SHOPLISTING potion of curing (42 gold, have 0).
 21362 | D:14     | Found Xusenk's Weapon Shoppe.
 21406 | D:14     | 21406 ||| SHOPLISTING +8 mithril axe "Arga" {speed, MR+}
                  | (904 gold, have 0).
 21431 | D:14     | Found Zacibu's Antique Armour Emporium.
 21439 | D:14     | 21439 ||| SHOPLISTING distressingly furry chain mail (266
                  | gold, have 0).
 21439 | D:14     | 21439 ||| SHOPLISTING shiny plate armour (728 gold, have
                  | 0).
 21545 | D:15     | Entered Level 15 of the Dungeon
 21559 | D:15     | 21559 ||| Stepping ~*~*~tactically~*~*~ (stealth).
 21560 | D:15     | 21560 ||| Stepping ~*~*~tactically~*~*~ (stealth).
 21562 | D:15     | 21562 ||| Stepping ~*~*~tactically~*~*~ (stealth).
 21608 | D:15     | 21608 ||| INVOKING Berserk.
 21611 | D:15     | 21611 ||| EATING 16 rations.
 21835 | D:15     | 21835 ||| Stepping ~*~*~tactically~*~*~ (stealth).
 21992 | D:15     | 21992 ||| Stepping ~*~*~tactically~*~*~ (hiding).
 21993 | D:15     | 21993 ||| Waiting for ranged monster.
 21994 | D:15     | 21994 ||| Waiting for ranged monster.
 21998 | D:15     | 21998 ||| Waiting for ranged monster.
 21999 | D:15     | 21999 ||| Waiting for ranged monster.
 22000 | D:15     | 22000 ||| Waiting for ranged monster.
 22001 | D:15     | 22001 ||| Waiting for ranged monster.
 22061 | D:15     | 22061 ||| DRINKING 12 potions of curing.
 22061 | D:15     | 22061 ||| (to cure confusion)
 22062 | D:15     | 22062 ||| Stepping ~*~*~tactically~*~*~ (stealth).
 22067 | D:15     | 22067 ||| Stepping ~*~*~tactically~*~*~ (stealth).
 22068 | D:15     | 22068 ||| Stepping ~*~*~tactically~*~*~ (stealth).
 22069 | D:15     | 22069 ||| Stepping ~*~*~tactically~*~*~ (stealth).
 22070 | D:15     | 22070 ||| Stepping ~*~*~tactically~*~*~ (stealth).
 22108 | D:15     | 22108 ||| Stepping ~*~*~tactically~*~*~ (stealth).
 22114 | D:15     | 22114 ||| Stepping ~*~*~tactically~*~*~ (stealth).
 22115 | D:15     | 22115 ||| Stepping ~*~*~tactically~*~*~ (stealth).
 22157 | D:15     | 22157 ||| Stepping ~*~*~tactically~*~*~ (stealth).
 22158 | D:15     | 22158 ||| Stepping ~*~*~tactically~*~*~ (stealth).
 22159 | D:15     | 22159 ||| Stepping ~*~*~tactically~*~*~ (stealth).
 22162 | D:15     | 22162 ||| Stepping ~*~*~tactically~*~*~ (hiding).
 22163 | D:15     | 22163 ||| Waiting for ranged monster.
 22166 | D:15     | 22166 ||| Stepping ~*~*~tactically~*~*~ (hiding).
 22167 | D:15     | 22167 ||| Waiting for ranged monster.
 22168 | D:15     | 22168 ||| Waiting for ranged monster.
 22169 | D:15     | 22169 ||| Stepping ~*~*~tactically~*~*~ (hiding).
 22170 | D:15     | 22170 ||| Stepping ~*~*~tactically~*~*~ (hiding).
 22172 | D:15     | 22172 ||| INVOKING Berserk.
 22176 | D:15     | Paralysed by an orc sorcerer for 5 turns
 22181 | D:15     | HP: 25/150 [ettin/+0 dire flail (15)]
 22181 | D:15     | HP: 12/150 [ettin/+0 dire flail (13)]
 22295 | D:15     | 22295 ||| Stepping ~*~*~tactically~*~*~ (stealth).
 22297 | D:15     | 22297 ||| Stepping ~*~*~tactically~*~*~ (hiding).
 22298 | D:15     | 22298 ||| Waiting for ranged monster.
 22299 | D:15     | 22299 ||| Waiting for ranged monster.
 22301 | D:15     | 22301 ||| INVOKING Berserk.
 22560 | D:15     | 22560 ||| EATING 15 rations.
 22593 | D:15     | Found a staircase to the Depths.
 22610 | D:15     | 22610 ||| Stepping ~*~*~tactically~*~*~ (hiding).
 22611 | D:15     | 22611 ||| Stepping ~*~*~tactically~*~*~ (hiding).
 22612 | D:15     | 22612 ||| Stepping ~*~*~tactically~*~*~ (hiding).
 22613 | D:15     | 22613 ||| Stepping ~*~*~tactically~*~*~ (hiding).
 22614 | D:15     | 22614 ||| Stepping ~*~*~tactically~*~*~ (hiding).
 22615 | D:15     | 22615 ||| Stepping ~*~*~tactically~*~*~ (hiding).
 22623 | D:15     | 22623 ||| Waiting for ranged monster.
 22624 | D:15     | 22624 ||| Waiting for ranged monster.
 22642 | D:15     | 22642 ||| Stepping ~*~*~tactically~*~*~ (stealth).
 22645 | D:15     | 22645 ||| INVOKING Berserk.
 22781 | D:15     | 22781 ||| INVOKING Berserk.
 22790 | D:15     | Reached skill level 18 in Axes
 23005 | D:15     | 23005 ||| Stepping ~*~*~tactically~*~*~ (stealth).
 23006 | D:15     | 23006 ||| Stepping ~*~*~tactically~*~*~ (stealth).
 23007 | D:15     | 23007 ||| Stepping ~*~*~tactically~*~*~ (stealth).
 23008 | D:15     | 23008 ||| Stepping ~*~*~tactically~*~*~ (stealth).
 23060 | D:15     | Noticed Louise
 23061 | D:15     | 23061 ||| INVOKING Brothers in Arms.
 23064 | D:15     | 23064 ||| INVOKING Berserk.
 23070 | D:15     | Killed Louise
 23123 | D:15     | 23123 ||| UPGRADING to +3 chain mail of cold resistance.
 23217 | D:15     | Found a shimmering blue altar of Sif Muna.
 23617 | Lair:3   | 23617 ||| EATING 15 rations.
 23648 | Spider:1 | Entered Level 1 of the Spider Nest
 23649 | Spider:1 | 23649 ||| Entered N.
 23649 | Spider:1 | 23649 ||| STAIRDANCE
 23674 | Spider:1 | 23674 ||| Stepping ~*~*~tactically~*~*~ (stealth).
 23700 | Spider:1 | 23700 ||| Stepping ~*~*~tactically~*~*~ (stealth).
 23740 | Spider:1 | 23740 ||| Stepping ~*~*~tactically~*~*~ (stealth).
 23742 | Spider:1 | 23742 ||| Stepping ~*~*~tactically~*~*~ (stealth).
 23760 | Spider:1 | Received a gift from Trog
 23763 | Spider:1 | 23763 ||| Stepping ~*~*~tactically~*~*~ (stealth).
 23764 | Spider:1 | 23764 ||| Stepping ~*~*~tactically~*~*~ (stealth).
 23766 | Spider:1 | 23766 ||| INVOKING Brothers in Arms.
 23817 | Spider:1 | 23817 ||| Stepping ~*~*~tactically~*~*~ (stealth).
 23818 | Spider:1 | 23818 ||| Stepping ~*~*~tactically~*~*~ (stealth).
 23819 | Spider:1 | 23819 ||| Stepping ~*~*~tactically~*~*~ (stealth).
 23820 | Spider:1 | 23820 ||| INVOKING Brothers in Arms.
 23829 | Spider:1 | 23829 ||| INVOKING Berserk.
 23849 | Spider:1 | HP: 25/101 [something (4)]
 23850 | Spider:1 | 23850 ||| DRINKING 7 potions of heal wounds.
 23851 | Spider:1 | 23851 ||| READING 5 scrolls of teleportation.
 23855 | Spider:1 | 23855 ||| INVOKING Brothers in Arms.
 23856 | Spider:1 | HP: 21/101 [redback (6)]
 23857 | Spider:1 | 23857 ||| DRINKING 6 potions of heal wounds.
 23857 | Spider:1 | HP: 8/101 [disintegration (38)]
 23858 | Spider:1 | 23858 ||| DRINKING 5 potions of heal wounds.
 23861 | Spider:1 | 23861 ||| INVOKING Brothers in Arms.
 23863 | Spider:1 | HP: 24/101 [something (6)]
 23864 | Spider:1 | 23864 ||| DRINKING 4 potions of heal wounds.
 23869 | Spider:1 | Killed a ghost moth
 23960 | Spider:1 | 23960 ||| Stepping ~*~*~tactically~*~*~ (stealth).
 24049 | Spider:1 | 24049 ||| EATING 14 rations.
 24080 | Spider:1 | 24080 ||| Stepping ~*~*~tactically~*~*~ (stealth).
 24081 | Spider:1 | 24081 ||| Stepping ~*~*~tactically~*~*~ (stealth).
 24161 | Spider:1 | Reached skill level 15 in Fighting
 24262 | Spider:1 | Found a roughly hewn altar of Beogh.
 24278 | Spider:1 | 24278 ||| UPGRADING to embroidered scarf.
 24285 | Spider:1 | 24285 ||| UPGRADING to shiny plate armour.
 24295 | Spider:1 | 24295 ||| DROPPING +0 plate armour.
 24296 | Spider:1 | 24296 ||| DROPPING +3 chain mail of cold resistance.
 24297 | Spider:1 | 24297 ||| UPGRADING to +0 pair of gloves of Compression
                  | {rF- rN++ Str+4 Stlth+}.
 24307 | Spider:1 | 24307 ||| DROPPING +3 scale mail of fire resistance.
 24357 | Spider:1 | Got a dazzling chain mail
 24358 | Spider:1 | 24358 ||| UPGRADING to dazzling chain mail.
 24368 | Spider:1 | Identified the +8 chain mail of Lifarhea {*Corrode Str+7
                  | Dex+3} (You found it on level 1 of the Spider Nest)
 24368 | Spider:1 | 24368 ||| UPGRADING to +2 pair of gloves.
 24452 | Spider:1 | 24452 ||| INVOKING Brothers in Arms.
 24600 | Spider:2 | Reached XP level 16. HP: 108/108 MP: 16/16
 24604 | Spider:2 | 24604 ||| UPGRADING to embroidered cloak.
 24664 | Spider:2 | 24664 ||| INVOKING Brothers in Arms.
 24668 | Spider:2 | 24668 ||| INVOKING Brothers in Arms.
 24679 | Spider:2 | 24679 ||| INVOKING Brothers in Arms.
 24680 | Spider:2 | 24680 ||| Stepping ~*~*~tactically~*~*~ (hiding).
 24681 | Spider:2 | 24681 ||| Stepping ~*~*~tactically~*~*~ (hiding).
 24687 | Spider:2 | 24687 ||| INVOKING Brothers in Arms.
 24798 | Spider:2 | Found a transporter.
 24809 | Spider:2 | 24809 ||| EATING 13 rations.
 24915 | Spider:2 | 24915 ||| Stepping ~*~*~tactically~*~*~ (hiding).
 24916 | Spider:2 | 24916 ||| Waiting for ranged monster.
 24917 | Spider:2 | 24917 ||| INVOKING Brothers in Arms.
 24918 | Spider:2 | 24918 ||| INVOKING Brothers in Arms.
 24923 | Spider:2 | 24923 ||| Waiting for ranged monster.
 24924 | Spider:2 | 24924 ||| Waiting for ranged monster.
 25102 | Spider:2 | Found a transporter.
 25143 | Spider:3 | 25143 ||| STAIRDANCE
 25154 | Spider:3 | 25154 ||| STAIRDANCE
 25185 | Spider:3 | 25185 ||| STAIRDANCE
 25203 | Spider:3 | 25203 ||| STAIRDANCE
 25414 | Spider:3 | 25414 ||| DRINKING 11 potions of curing.
 25414 | Spider:3 | 25414 ||| (to cure confusion)
 25567 | Spider:3 | Reached skill level 6 in Dodging
 25582 | Spider:3 | 25582 ||| Stepping ~*~*~tactically~*~*~ (stealth).
 25662 | Spider:3 | 25662 ||| Stepping ~*~*~tactically~*~*~ (stealth).
 25666 | Spider:3 | 25666 ||| INVOKING Brothers in Arms.
 25667 | Spider:3 | 25667 ||| INVOKING Brothers in Arms.
 25668 | Spider:3 | 25668 ||| INVOKING Brothers in Arms.
 25670 | Spider:3 | 25670 ||| DRINKING 10 potions of curing.
 25670 | Spider:3 | 25670 ||| (to cure confusion)
 25946 | Spider:4 | Entered Level 4 of the Spider Nest
 25946 | Spider:4 | Noticed Agnes
 25947 | Spider:4 | 25947 ||| INVOKING Berserk.
 25956 | Spider:4 | Killed Agnes
 25960 | Spider:4 | 25960 ||| STAIRDANCE
 25990 | Spider:3 | 25990 ||| EATING 16 rations.
 25996 | Spider:4 | 25996 ||| STAIRDANCE
 26066 | Spider:4 | 26066 ||| INVOKING Berserk.
 26094 | Spider:4 | 26094 ||| Stepping ~*~*~tactically~*~*~ (stealth).
 26137 | Spider:4 | 26137 ||| Stepping ~*~*~tactically~*~*~ (stealth).
 26138 | Spider:4 | 26138 ||| Stepping ~*~*~tactically~*~*~ (stealth).
 26146 | Spider:4 | 26146 ||| DRINKING 4 potions of cancellation.
 26181 | Spider:4 | 26181 ||| Stepping ~*~*~tactically~*~*~ (stealth).
 26234 | Spider:4 | 26234 ||| Stepping ~*~*~tactically~*~*~ (stealth).
 26237 | Spider:4 | 26237 ||| Stepping ~*~*~tactically~*~*~ (stealth).
 26238 | Spider:4 | 26238 ||| Stepping ~*~*~tactically~*~*~ (stealth).
 26312 | Spider:4 | 26312 ||| Stepping ~*~*~tactically~*~*~ (stealth).
 26313 | Spider:4 | 26313 ||| Stepping ~*~*~tactically~*~*~ (stealth).
 26343 | Spider:4 | 26343 ||| Stepping ~*~*~tactically~*~*~ (stealth).
 26353 | Spider:4 | 26353 ||| Stepping ~*~*~tactically~*~*~ (stealth).
 26354 | Spider:4 | 26354 ||| INVOKING Brothers in Arms.
 26355 | Spider:4 | 26355 ||| INVOKING Brothers in Arms.
 26356 | Spider:4 | 26356 ||| INVOKING Brothers in Arms.
 26357 | Spider:4 | 26357 ||| INVOKING Brothers in Arms.
 26358 | Spider:4 | 26358 ||| INVOKING Brothers in Arms.
 26359 | Spider:4 | 26359 ||| INVOKING Brothers in Arms.
 26410 | Spider:4 | 26410 ||| Stepping ~*~*~tactically~*~*~ (stealth).
 26430 | Spider:4 | 26430 ||| INVOKING Brothers in Arms.
 26431 | Spider:4 | 26431 ||| INVOKING Brothers in Arms.
 26432 | Spider:4 | 26432 ||| INVOKING Brothers in Arms.
 26555 | Spider:4 | 26555 ||| DRINKING 10 potions of curing.
 26555 | Spider:4 | 26555 ||| (to cure confusion)
 26578 | Spider:4 | 26578 ||| DRINKING 9 potions of curing.
 26578 | Spider:4 | 26578 ||| (to cure confusion)
 26607 | Spider:4 | 26607 ||| INVOKING Berserk.
 26634 | Spider:4 | 26634 ||| READING 8 scrolls of teleportation.
 26640 | Spider:4 | 26640 ||| READING 7 scrolls of teleportation.
 26974 | Spider:4 | Reached skill level 16 in Fighting
 27028 | Spider:4 | 27028 ||| EATING 16 rations.
 27036 | Spider:4 | 27036 ||| Stepping ~*~*~tactically~*~*~ (stealth).
 27097 | Spider:4 | 27097 ||| Stepping ~*~*~tactically~*~*~ (stealth).
 27101 | Spider:4 | 27101 ||| INVOKING Berserk.
 27205 | Spider:4 | 27205 ||| Stepping ~*~*~tactically~*~*~ (stealth).
 27237 | Spider:4 | Reached XP level 17. HP: 104/115 MP: 17/17
 27246 | Spider:4 | 27246 ||| READING 6 scrolls of teleportation.
 27247 | Spider:4 | 27247 ||| INVOKING Berserk.
 27257 | Spider:4 | HP: 38/172 [spark wasp (11)]
 27414 | Spider:4 | 27414 ||| Stepping ~*~*~tactically~*~*~ (stealth).
 27416 | Spider:4 | 27416 ||| FLEEEEING.
 27417 | Spider:4 | 27417 ||| FLEEEEING.
 27418 | Spider:4 | 27418 ||| FLEEEEING.
 27419 | Spider:4 | 27419 ||| FLEEEEING.
 27420 | Spider:4 | 27420 ||| FLEEEEING.
 27421 | Spider:4 | 27421 ||| FLEEEEING.
 27422 | Spider:4 | 27422 ||| FLEEEEING.
 27423 | Spider:4 | 27423 ||| FLEEEEING.
 27424 | Spider:4 | 27424 ||| FLEEEEING.
 27425 | Spider:4 | 27425 ||| FLEEEEING.
 27426 | Spider:4 | 27426 ||| FLEEEEING.
 27427 | Spider:4 | 27427 ||| FLEEEEING.
 27428 | Spider:4 | 27428 ||| FLEEEEING.
 27429 | Spider:4 | 27429 ||| STAIRDANCE
 27661 | Spider:4 | 27661 ||| INVOKING Berserk.
 27670 | Spider:4 | 27670 ||| EATING 15 rations.
 27848 | Spider:4 | 27848 ||| Stepping ~*~*~tactically~*~*~ (stealth).
 27882 | Spider:4 | 27882 ||| Stepping ~*~*~tactically~*~*~ (stealth).
 27933 | Spider:4 | 27933 ||| FLEEEEING.
 27934 | Spider:4 | 27934 ||| FLEEEEING.
 27935 | Spider:4 | 27935 ||| FLEEEEING.
 27952 | Spider:4 | 27952 ||| FLEEEEING.
 27956 | Spider:4 | 27956 ||| STILL FLEEEEING.
 27957 | Spider:4 | 27957 ||| STILL FLEEEEING.
 27958 | Spider:4 | 27958 ||| STILL FLEEEEING.
 27959 | Spider:4 | 27959 ||| STILL FLEEEEING.
 27960 | Spider:4 | 27960 ||| STILL FLEEEEING.
 27961 | Spider:4 | 27961 ||| STILL FLEEEEING.
 27991 | Spider:4 | Got a gossamer rune of Zot
 27999 | Spider:4 | 27999 ||| READING 12 scrolls of identify.
 27999 | Spider:4 | 27999 ||| IDENTIFYING inky potion
 28059 | Spider:4 | 28059 ||| Stepping ~*~*~tactically~*~*~ (stealth).
 28060 | Spider:4 | 28060 ||| Stepping ~*~*~tactically~*~*~ (stealth).
 28073 | Spider:4 | 28073 ||| Stepping ~*~*~tactically~*~*~ (stealth).
 28074 | Spider:4 | 28074 ||| Stepping ~*~*~tactically~*~*~ (stealth).
 28272 | Vaults:1 | Entered Level 1 of the Vaults
 28273 | Vaults:1 | 28273 ||| Entered V.
 28273 | Vaults:1 | 28273 ||| STAIRDANCE
 28281 | Vaults:1 | 28281 ||| STAIRDANCE
 28311 | Vaults:1 | 28311 ||| STAIRDANCE
 28373 | Vaults:1 | Cast into level 4 of the Abyss (vault warden)
 28374 | Abyss:4  | 28374 ||| INVOKING Trog's Hand.
 28414 | Abyss:4  | 28414 ||| Stepping ~*~*~tactically~*~*~ (stealth).
 28449 | Abyss:4  | 28449 ||| Stepping ~*~*~tactically~*~*~ (stealth).
 28462 | Abyss:4  | 28462 ||| EATING 14 rations.
 28463 | Abyss:4  | 28463 ||| Stepping ~*~*~tactically~*~*~ (stealth).
 28466 | Abyss:4  | 28466 ||| Stepping ~*~*~tactically~*~*~ (hiding).
 28486 | Abyss:4  | 28486 ||| Stepping randomly (disturbance).
 28487 | Abyss:4  | 28487 ||| Stepping randomly (disturbance).
 28488 | Abyss:4  | 28488 ||| Stepping randomly (disturbance).
 28489 | Abyss:4  | 28489 ||| Stepping randomly (disturbance).
 28505 | Abyss:4  | 28505 ||| INVOKING Trog's Hand.
 28507 | Abyss:4  | 28507 ||| Stepping ~*~*~tactically~*~*~ (stealth).
 28543 | Abyss:4  | 28543 ||| Stepping ~*~*~tactically~*~*~ (stealth).
 28544 | Abyss:4  | 28544 ||| Stepping ~*~*~tactically~*~*~ (stealth).
 28545 | Abyss:4  | 28545 ||| Stepping ~*~*~tactically~*~*~ (stealth).
 28560 | Abyss:4  | 28560 ||| INVOKING Berserk.
 28567 | Abyss:4  | 28567 ||| READING 5 scrolls of teleportation.
 28574 | Abyss:4  | HP: 28/115 [smoke demon/divine providence (14)]
 28575 | Abyss:4  | 28575 ||| DRINKING 6 potions of heal wounds.
 28578 | Abyss:4  | 28578 ||| INVOKING Trog's Hand.
 28590 | Abyss:4  | 28590 ||| Stepping ~*~*~tactically~*~*~ (stealth).
 28592 | Abyss:4  | Noticed a tentacled starspawn
 28593 | Abyss:4  | 28593 ||| Stepping ~*~*~tactically~*~*~ (stealth).
 28594 | Abyss:4  | 28594 ||| Stepping ~*~*~tactically~*~*~ (stealth).
 28597 | Abyss:4  | Killed a tentacled starspawn
 28602 | Abyss:4  | Noticed a tentacled starspawn
 28605 | Abyss:4  | Killed a tentacled starspawn
 28620 | Abyss:4  | 28620 ||| Stepping ~*~*~tactically~*~*~ (hiding).
 28623 | Abyss:4  | 28623 ||| Stepping ~*~*~tactically~*~*~ (hiding).
 28623 | Abyss:4  | Found a transporter.
 28626 | Abyss:4  | 28626 ||| Stepping ~*~*~tactically~*~*~ (hiding).
 28634 | Vaults:1 | Escaped the Abyss
 28641 | Vaults:1 | 28641 ||| INVOKING Berserk.
 28880 | Vaults:1 | 28880 ||| EATING 13 rations.
 28898 | Vaults:1 | 28898 ||| Stepping ~*~*~tactically~*~*~ (hiding).
 28899 | Vaults:1 | 28899 ||| Waiting for ranged monster.
 28900 | Vaults:1 | 28900 ||| Waiting for ranged monster.
 28908 | Vaults:1 | 28908 ||| Stepping ~*~*~tactically~*~*~ (hiding).
 28909 | Vaults:1 | 28909 ||| Waiting for ranged monster.
 28910 | Vaults:1 | 28910 ||| Waiting for ranged monster.
 29152 | Vaults:1 | 29152 ||| FLEEEEING.
 29153 | Vaults:1 | 29153 ||| FLEEEEING.
 29154 | Vaults:1 | 29154 ||| FLEEEEING.
 29155 | Vaults:1 | 29155 ||| FLEEEEING.
 29156 | Vaults:1 | 29156 ||| FLEEEEING.
 29157 | Vaults:1 | 29157 ||| FLEEEEING.
 29158 | Vaults:1 | 29158 ||| STILL FLEEEEING.
 29159 | Vaults:1 | 29159 ||| STILL FLEEEEING.
 29160 | Vaults:1 | 29160 ||| FLEEEEING.
 29161 | Vaults:1 | 29161 ||| FLEEEEING.
 29162 | Vaults:1 | 29162 ||| FLEEEEING.
 29163 | Vaults:1 | 29163 ||| FLEEEEING.
 29164 | Vaults:1 | 29164 ||| STILL FLEEEEING.
 29165 | Vaults:1 | 29165 ||| STAIRDANCE
 29259 | Vaults:1 | 29259 ||| STAIRDANCE
 29309 | Vaults:1 | 29309 ||| STAIRDANCE
 29357 | Vaults:1 | 29357 ||| STAIRDANCE
 29361 | D:14     | Received a gift from Trog
 29439 | Vaults:1 | 29439 ||| STAIRDANCE
 29449 | Vaults:1 | 29449 ||| STAIRDANCE
 29451 | D:14     | 29451 ||| SWAPPING to glowing battleaxe {god gift}.
 29452 | D:14     | 29452 ||| SWAPPING to +6 battleaxe of flaming.
 29484 | D:14     | 29484 ||| DROPPING +0 antimagic battleaxe.
 29539 | Vaults:1 | 29539 ||| Stepping ~*~*~tactically~*~*~ (stealth).
 29589 | Vaults:1 | 29589 ||| Stepping ~*~*~tactically~*~*~ (stealth).
 29591 | Vaults:1 | 29591 ||| Stepping ~*~*~tactically~*~*~ (stealth).
 29593 | Vaults:1 | 29593 ||| Stepping ~*~*~tactically~*~*~ (stealth).
 29594 | Vaults:1 | 29594 ||| Stepping ~*~*~tactically~*~*~ (stealth).
 29722 | Vaults:1 | 29722 ||| Stepping ~*~*~tactically~*~*~ (stealth).
 29723 | Vaults:1 | 29723 ||| Stepping ~*~*~tactically~*~*~ (stealth).
 29730 | Vaults:1 | 29730 ||| Stepping ~*~*~tactically~*~*~ (stealth).
 29747 | Vaults:1 | 29747 ||| Stepping ~*~*~tactically~*~*~ (stealth).
 29789 | Vaults:1 | 29789 ||| Stepping ~*~*~tactically~*~*~ (stealth).
 29833 | Vaults:1 | 29833 ||| Stepping ~*~*~tactically~*~*~ (hiding).
 29834 | Vaults:1 | 29834 ||| Waiting for ranged monster.
 29838 | Vaults:1 | 29838 ||| Waiting for ranged monster.
 29850 | Vaults:1 | 29850 ||| FLEEEEING.
 29851 | Vaults:1 | 29851 ||| FLEEEEING.
 29852 | Vaults:1 | 29852 ||| FLEEEEING.
 29853 | Vaults:1 | 29853 ||| FLEEEEING.
 29854 | Vaults:1 | 29854 ||| FLEEEEING.
 29864 | Vaults:1 | 29864 ||| FLEEEEING.
 29865 | Vaults:1 | 29865 ||| FLEEEEING.
 29866 | Vaults:1 | 29866 ||| FLEEEEING.
 29867 | Vaults:1 | 29867 ||| FLEEEEING.
 29868 | Vaults:1 | 29868 ||| FLEEEEING.
 29869 | Vaults:1 | 29869 ||| FLEEEEING.
 29870 | Vaults:1 | 29870 ||| FLEEEEING.
 29871 | Vaults:1 | 29871 ||| FLEEEEING.
 29872 | Vaults:1 | 29872 ||| FLEEEEING.
 29873 | Vaults:1 | 29873 ||| FLEEEEING.
 29874 | Vaults:1 | 29874 ||| FLEEEEING.
 29875 | Vaults:1 | 29875 ||| FLEEEEING.
 29876 | Vaults:1 | 29876 ||| FLEEEEING.
 29877 | Vaults:1 | 29877 ||| FLEEEEING.
 29878 | Vaults:1 | 29878 ||| FLEEEEING.
 29879 | Vaults:1 | 29879 ||| FLEEEEING.
 29880 | Vaults:1 | 29880 ||| FLEEEEING.
 29881 | Vaults:1 | 29881 ||| FLEEEEING.
 29882 | Vaults:1 | 29882 ||| FLEEEEING.
 29883 | Vaults:1 | 29883 ||| FLEEEEING.
 29884 | Vaults:1 | 29884 ||| FLEEEEING.
 29885 | Vaults:1 | 29885 ||| FLEEEEING.
 29886 | Vaults:1 | 29886 ||| FLEEEEING.
 29887 | Vaults:1 | 29887 ||| FLEEEEING.
 29888 | Vaults:1 | 29888 ||| FLEEEEING.
 29889 | Vaults:1 | 29889 ||| FLEEEEING.
 29890 | Vaults:1 | 29890 ||| FLEEEEING.
 29891 | Vaults:1 | 29891 ||| FLEEEEING.
 29892 | Vaults:1 | 29892 ||| FLEEEEING.
 29893 | Vaults:1 | 29893 ||| FLEEEEING.
 29894 | Vaults:1 | 29894 ||| FLEEEEING.
 29899 | Vaults:1 | Reached skill level 17 in Fighting
 30038 | Vaults:1 | 30038 ||| Stepping ~*~*~tactically~*~*~ (stealth).
 30104 | Vaults:1 | 30104 ||| DRINKING 10 potions of curing.
 30104 | Vaults:1 | 30104 ||| (to cure confusion)
 30112 | Vaults:1 | 30112 ||| DRINKING 9 potions of curing.
 30112 | Vaults:1 | 30112 ||| (to cure confusion)
 30113 | Vaults:1 | 30113 ||| DRINKING 8 potions of curing.
 30113 | Vaults:1 | 30113 ||| (to cure confusion)
 30118 | Vaults:1 | 30118 ||| DRINKING 7 potions of curing.
 30118 | Vaults:1 | 30118 ||| (to cure confusion)
 30121 | Vaults:1 | 30121 ||| DRINKING 6 potions of curing.
 30121 | Vaults:1 | 30121 ||| (to cure confusion)
 30123 | Vaults:1 | 30123 ||| DRINKING 5 potions of curing.
 30123 | Vaults:1 | 30123 ||| (to cure confusion)
 30167 | Vaults:1 | Reached XP level 18. HP: 117/123 MP: 18/18
 30221 | Vaults:1 | 30221 ||| Stepping ~*~*~tactically~*~*~ (hiding).
 30222 | Vaults:1 | 30222 ||| Stepping ~*~*~tactically~*~*~ (hiding).
 30223 | Vaults:1 | 30223 ||| Stepping ~*~*~tactically~*~*~ (hiding).
 30224 | Vaults:1 | 30224 ||| Stepping ~*~*~tactically~*~*~ (hiding).
 30225 | Vaults:1 | 30225 ||| Waiting for ranged monster.
 30226 | Vaults:1 | 30226 ||| Waiting for ranged monster.
 30227 | Vaults:1 | 30227 ||| Waiting for ranged monster.
 30228 | Vaults:1 | 30228 ||| Waiting for ranged monster.
 30229 | Vaults:1 | 30229 ||| Waiting for ranged monster.
 30286 | Vaults:1 | 30286 ||| Stepping ~*~*~tactically~*~*~ (hiding).
 30287 | Vaults:1 | 30287 ||| Waiting for ranged monster.
 30288 | Vaults:1 | 30288 ||| Waiting for ranged monster.
 30292 | Vaults:1 | 30292 ||| Waiting for ranged monster.
 30293 | Vaults:1 | 30293 ||| Waiting for ranged monster.
 30294 | Vaults:1 | 30294 ||| Waiting for ranged monster.
 30295 | Vaults:1 | 30295 ||| Waiting for ranged monster.
 30321 | Vaults:1 | 30321 ||| Stepping ~*~*~tactically~*~*~ (hiding).
 30322 | Vaults:1 | 30322 ||| Waiting for ranged monster.
 30323 | Vaults:1 | 30323 ||| Waiting for ranged monster.
 30324 | Vaults:1 | 30324 ||| Waiting for ranged monster.
 30325 | Vaults:1 | 30325 ||| Waiting for ranged monster.
 30328 | Vaults:1 | 30328 ||| DRINKING 4 potions of curing.
 30328 | Vaults:1 | 30328 ||| (to cure confusion)
 30331 | Vaults:1 | 30331 ||| DRINKING 3 potions of curing.
 30331 | Vaults:1 | 30331 ||| (to cure confusion)
 30336 | Vaults:1 | 30336 ||| INVOKING Brothers in Arms.
 30337 | Vaults:1 | 30337 ||| INVOKING Berserk.
 30439 | Vaults:1 | 30439 ||| Stepping ~*~*~tactically~*~*~ (stealth).
 30445 | Vaults:1 | 30445 ||| Stepping ~*~*~tactically~*~*~ (hiding).
 30447 | Vaults:1 | 30447 ||| Stepping ~*~*~tactically~*~*~ (hiding).
 30450 | Vaults:1 | 30450 ||| Stepping ~*~*~tactically~*~*~ (hiding).
 30484 | Vaults:1 | 30484 ||| Stepping ~*~*~tactically~*~*~ (hiding).
 30554 | Vaults:1 | 30554 ||| Stepping ~*~*~tactically~*~*~ (hiding).
 30555 | Vaults:1 | 30555 ||| Waiting for ranged monster.
 30556 | Vaults:1 | 30556 ||| Waiting for ranged monster.
 30557 | Vaults:1 | 30557 ||| Waiting for ranged monster.
 30558 | Vaults:1 | 30558 ||| Stepping ~*~*~tactically~*~*~ (stealth).
 30559 | Vaults:1 | 30559 ||| Stepping ~*~*~tactically~*~*~ (stealth).
 30560 | Vaults:1 | 30560 ||| Stepping ~*~*~tactically~*~*~ (stealth).
 30561 | Vaults:1 | 30561 ||| Waiting for ranged monster.
 30562 | Vaults:1 | 30562 ||| Waiting for ranged monster.
 30563 | Vaults:1 | 30563 ||| Waiting for ranged monster.
 30564 | Vaults:1 | 30564 ||| Stepping ~*~*~tactically~*~*~ (stealth).
 30574 | Vaults:1 | 30574 ||| INVOKING Trog's Hand.
 30579 | Vaults:1 | 30579 ||| INVOKING Berserk.
 30674 | Vaults:1 | Reached skill level 15 in Armour
 30694 | Vaults:1 | 30694 ||| Stepping ~*~*~tactically~*~*~ (hiding).
 30695 | Vaults:1 | 30695 ||| Waiting for ranged monster.
 30696 | Vaults:1 | 30696 ||| Waiting for ranged monster.
 30697 | Vaults:1 | 30697 ||| Waiting for ranged monster.
 30698 | Vaults:1 | 30698 ||| Waiting for ranged monster.
 31015 | Vaults:1 | Reached ****** piety under Trog
 31015 | Vaults:1 | Received a gift from Trog
 31028 | Vaults:1 | 31028 ||| FLEEEEING.
 31029 | Vaults:1 | 31029 ||| FLEEEEING.
 31030 | Vaults:1 | 31030 ||| FLEEEEING.
 31031 | Vaults:1 | 31031 ||| FLEEEEING.
 31032 | Vaults:1 | 31032 ||| FLEEEEING.
 31033 | Vaults:1 | 31033 ||| FLEEEEING.
 31034 | Vaults:1 | 31034 ||| FLEEEEING.
 31035 | Vaults:1 | 31035 ||| FLEEEEING.
 31036 | Vaults:1 | 31036 ||| FLEEEEING.
 31037 | Vaults:1 | 31037 ||| STILL FLEEEEING.
 31038 | Vaults:1 | 31038 ||| STILL FLEEEEING.
 31039 | Vaults:1 | 31039 ||| STILL FLEEEEING.
 31040 | Vaults:1 | 31040 ||| STILL FLEEEEING.
 31041 | Vaults:1 | 31041 ||| STILL FLEEEEING.
 31042 | Vaults:1 | 31042 ||| STILL FLEEEEING.
 31043 | Vaults:1 | 31043 ||| STILL FLEEEEING.
 31044 | Vaults:1 | 31044 ||| STILL FLEEEEING.
 31045 | Vaults:1 | 31045 ||| STILL FLEEEEING.
 31127 | Vaults:1 | 31127 ||| EATING 12 rations.
 31361 | Vaults:1 | 31361 ||| INVOKING Trog's Hand.
 31362 | Vaults:1 | 31362 ||| INVOKING Berserk.
 31384 | Vaults:1 | 31384 ||| READING 6 scrolls of teleportation.
 31463 | Vaults:1 | 31463 ||| Stepping ~*~*~tactically~*~*~ (stealth).
 31480 | Vaults:1 | 31480 ||| INVOKING Trog's Hand.
 31484 | Vaults:1 | 31484 ||| INVOKING Berserk.
 31497 | Vaults:1 | 31497 ||| EATING 11 rations.
 31542 | Vaults:1 | 31542 ||| Stepping ~*~*~tactically~*~*~ (stealth).
 31545 | Vaults:1 | 31545 ||| Stepping ~*~*~tactically~*~*~ (stealth).
 31546 | Vaults:1 | 31546 ||| Stepping ~*~*~tactically~*~*~ (stealth).
 31563 | Vaults:1 | Reached skill level 18 in Fighting
 31567 | Vaults:1 | 31567 ||| Stepping ~*~*~tactically~*~*~ (hiding).
 31568 | Vaults:1 | 31568 ||| Waiting for ranged monster.
 31569 | Vaults:1 | 31569 ||| Waiting for ranged monster.
 31570 | Vaults:1 | 31570 ||| Waiting for ranged monster.
 31574 | Vaults:1 | 31574 ||| Waiting for ranged monster.
 31575 | Vaults:1 | 31575 ||| Waiting for ranged monster.
 31576 | Vaults:1 | 31576 ||| Waiting for ranged monster.
 31766 | Vaults:2 | Paralysed by an ogre mage for 4 turns
 31783 | Vaults:2 | 31783 ||| FLEEEEING.
 31784 | Vaults:2 | 31784 ||| FLEEEEING.
 31785 | Vaults:2 | 31785 ||| FLEEEEING.
 31786 | Vaults:2 | 31786 ||| FLEEEEING.
 31787 | Vaults:2 | 31787 ||| FLEEEEING.
 31788 | Vaults:2 | 31788 ||| FLEEEEING.
 31789 | Vaults:2 | 31789 ||| FLEEEEING.
 31790 | Vaults:2 | 31790 ||| FLEEEEING.
 31791 | Vaults:2 | 31791 ||| FLEEEEING.
 31792 | Vaults:2 | 31792 ||| FLEEEEING.
 31793 | Vaults:2 | 31793 ||| FLEEEEING.
 31794 | Vaults:2 | 31794 ||| FLEEEEING.
 31795 | Vaults:2 | 31795 ||| FLEEEEING.
 31796 | Vaults:2 | 31796 ||| FLEEEEING.
 31797 | Vaults:2 | 31797 ||| FLEEEEING.
 31798 | Vaults:2 | 31798 ||| FLEEEEING.
 31799 | Vaults:2 | 31799 ||| FLEEEEING.
 31800 | Vaults:2 | 31800 ||| FLEEEEING.
 31801 | Vaults:2 | 31801 ||| FLEEEEING.
 31802 | Vaults:2 | 31802 ||| FLEEEEING.
 31803 | Vaults:2 | 31803 ||| FLEEEEING.
 31804 | Vaults:2 | 31804 ||| STILL FLEEEEING.
 31805 | Vaults:2 | 31805 ||| FLEEEEING.
 31806 | Vaults:2 | 31806 ||| FLEEEEING.
 31807 | Vaults:2 | 31807 ||| FLEEEEING.
 31808 | Vaults:2 | 31808 ||| FLEEEEING.
 31809 | Vaults:2 | 31809 ||| STAIRDANCE
 31941 | Vaults:2 | 31941 ||| FLEEEEING.
 31942 | Vaults:2 | 31942 ||| STAIRDANCE
 32019 | Vaults:2 | 32019 ||| STAIRDANCE
 32070 | Vaults:2 | 32070 ||| STAIRDANCE
 32098 | Vaults:2 | 32098 ||| DRINKING 2 potions of curing.
 32098 | Vaults:2 | 32098 ||| (to cure confusion)
 32104 | Vaults:2 | 32104 ||| STAIRDANCE
 32181 | Vaults:2 | 32181 ||| STAIRDANCE
 32335 | Vaults:2 | 32335 ||| Stepping ~*~*~tactically~*~*~ (hiding).
 32336 | Vaults:2 | 32336 ||| Waiting for ranged monster.
 32337 | Vaults:2 | 32337 ||| Waiting for ranged monster.
 32338 | Vaults:2 | 32338 ||| Waiting for ranged monster.
 32339 | Vaults:2 | 32339 ||| Waiting for ranged monster.
 32340 | Vaults:2 | 32340 ||| Waiting for ranged monster.
 32445 | Vaults:2 | 32445 ||| READING scroll of brand weapon.
 32445 | Vaults:2 | 32445 ||| BRANDING +6 battleaxe of flaming.
 32623 | Vaults:2 | Found a staircase to the Crypt.
 32874 | Vaults:2 | Got an ancient jade amulet
 32875 | Vaults:2 | 32875 ||| UPGRADING to ancient jade amulet.
 32876 | Vaults:2 | Identified the amulet "Xout" {Reflect Str+4 SH+2} (You
                  | found it on level 2 of the Vaults)
 32877 | Vaults:2 | 32877 ||| DROPPING +5 amulet of reflection.
 32906 | Vaults:2 | Noticed Sojobo
 32907 | Vaults:2 | 32907 ||| FLEEEEING.
 32908 | Vaults:2 | 32908 ||| FLEEEEING.
 32909 | Vaults:2 | 32909 ||| FLEEEEING.
 32910 | Vaults:2 | 32910 ||| FLEEEEING.
 32911 | Vaults:2 | 32911 ||| FLEEEEING.
 32912 | Vaults:2 | 32912 ||| STILL FLEEEEING.
 32913 | Vaults:2 | 32913 ||| STILL FLEEEEING.
 32914 | Vaults:2 | 32914 ||| STILL FLEEEEING.
 32915 | Vaults:2 | 32915 ||| FLEEEEING.
 32916 | Vaults:2 | 32916 ||| FLEEEEING.
 32917 | Vaults:2 | 32917 ||| FLEEEEING.
 32918 | Vaults:2 | 32918 ||| FLEEEEING.
 32919 | Vaults:2 | 32919 ||| FLEEEEING.
 32920 | Vaults:2 | 32920 ||| FLEEEEING.
 32921 | Vaults:2 | 32921 ||| FLEEEEING.
 32922 | Vaults:2 | 32922 ||| FLEEEEING.
 32923 | Vaults:2 | 32923 ||| FLEEEEING.
 32924 | Vaults:2 | 32924 ||| FLEEEEING.
 32925 | Vaults:2 | 32925 ||| FLEEEEING.
 32926 | Vaults:2 | 32926 ||| FLEEEEING.
 32927 | Vaults:2 | 32927 ||| FLEEEEING.
 32928 | Vaults:2 | 32928 ||| FLEEEEING.
 32929 | Vaults:2 | 32929 ||| FLEEEEING.
 32930 | Vaults:2 | 32930 ||| FLEEEEING.
 32931 | Vaults:2 | 32931 ||| INVOKING Brothers in Arms.
 32936 | Vaults:2 | 32936 ||| Stepping randomly (cloudy).
 32937 | Vaults:2 | 32937 ||| INVOKING Berserk.
 32946 | Vaults:2 | Received a gift from Trog
 32950 | Vaults:2 | Killed Sojobo
 32954 | Vaults:2 | Reached skill level 9 in Dodging
 32954 | Vaults:2 | Reached XP level 19. HP: 64/130 MP: 19/19
 32972 | Vaults:2 | 32972 ||| READING 5 scrolls of teleportation.
 32977 | Vaults:2 | 32977 ||| EATING 12 rations.
 33251 | Vaults:2 | 33251 ||| Stepping ~*~*~tactically~*~*~ (stealth).
 33253 | Vaults:2 | 33253 ||| Stepping ~*~*~tactically~*~*~ (hiding).
 33254 | Vaults:2 | 33254 ||| Waiting for ranged monster.
 33255 | Vaults:2 | 33255 ||| Stepping ~*~*~tactically~*~*~ (hiding).
 33256 | Vaults:2 | 33256 ||| Stepping ~*~*~tactically~*~*~ (hiding).
 33257 | Vaults:2 | 33257 ||| Stepping ~*~*~tactically~*~*~ (hiding).
 33258 | Vaults:2 | 33258 ||| Waiting for ranged monster.
 33259 | Vaults:2 | 33259 ||| Stepping ~*~*~tactically~*~*~ (hiding).
 33260 | Vaults:2 | 33260 ||| Waiting for ranged monster.
 33261 | Vaults:2 | 33261 ||| Stepping ~*~*~tactically~*~*~ (hiding).
 33313 | Vaults:2 | 33313 ||| SWAPPING to glowing battleaxe {god gift}.
 33314 | Vaults:2 | 33314 ||| SWAPPING to +6 battleaxe of venom.
 33315 | Vaults:2 | 33315 ||| DROPPING +3 battleaxe of flaming.
 33359 | Vaults:2 | 33359 ||| Stepping ~*~*~tactically~*~*~ (hiding).
 33360 | Vaults:2 | 33360 ||| Waiting for ranged monster.
 33361 | Vaults:2 | 33361 ||| Waiting for ranged monster.
 33362 | Vaults:2 | 33362 ||| Waiting for ranged monster.
 33363 | Vaults:2 | 33363 ||| Waiting for ranged monster.
 33427 | Vaults:2 | 33427 ||| READING scroll of enchant weapon.
 33427 | Vaults:2 | 33427 ||| ENCHANTING +6 battleaxe of venom.
 33643 | Vaults:2 | 33643 ||| Stepping ~*~*~tactically~*~*~ (hiding).
 33644 | Vaults:2 | 33644 ||| Waiting for ranged monster.
 33645 | Vaults:2 | 33645 ||| Waiting for ranged monster.
 33646 | Vaults:2 | 33646 ||| Waiting for ranged monster.
 33647 | Vaults:2 | 33647 ||| Waiting for ranged monster.
 33648 | Vaults:2 | 33648 ||| Waiting for ranged monster.
 33649 | Vaults:2 | 33649 ||| Waiting for ranged monster.
 33650 | Vaults:2 | 33650 ||| Waiting for ranged monster.
 33651 | Vaults:2 | 33651 ||| Waiting for ranged monster.
 33652 | Vaults:2 | 33652 ||| Waiting for ranged monster.
 33681 | Vaults:2 | 33681 ||| READING 2 scrolls of enchant weapon.
 33681 | Vaults:2 | 33681 ||| ENCHANTING +7 battleaxe of venom.
 33682 | Vaults:2 | 33682 ||| READING scroll of enchant weapon.
 33682 | Vaults:2 | 33682 ||| ENCHANTING +8 battleaxe of venom.
 33724 | Vaults:2 | 33724 ||| DRINKING 2 bubbling coppery potions.
 33725 | Vaults:2 | 33725 ||| DROPPING potion of magic.
 33766 | Vaults:3 | 33766 ||| INVOKING Berserk.
 33780 | Vaults:3 | 33780 ||| EATING 12 rations.
 33798 | Vaults:3 | 33798 ||| READING 4 scrolls of teleportation.
 33963 | Vaults:3 | 33963 ||| Stepping ~*~*~tactically~*~*~ (stealth).
 33965 | Vaults:3 | 33965 ||| Stepping ~*~*~tactically~*~*~ (stealth).
 33966 | Vaults:3 | 33966 ||| Stepping ~*~*~tactically~*~*~ (stealth).
 33967 | Vaults:3 | 33967 ||| Stepping ~*~*~tactically~*~*~ (stealth).
 33969 | Vaults:3 | 33969 ||| Stepping ~*~*~tactically~*~*~ (hiding).
 33970 | Vaults:3 | 33970 ||| Waiting for ranged monster.
 33971 | Vaults:3 | 33971 ||| Stepping ~*~*~tactically~*~*~ (hiding).
 33972 | Vaults:3 | 33972 ||| Stepping ~*~*~tactically~*~*~ (hiding).
 33973 | Vaults:3 | 33973 ||| Stepping ~*~*~tactically~*~*~ (hiding).
 33974 | Vaults:3 | 33974 ||| Stepping ~*~*~tactically~*~*~ (hiding).
 33975 | Vaults:3 | 33975 ||| Stepping ~*~*~tactically~*~*~ (hiding).
 33976 | Vaults:3 | 33976 ||| Stepping ~*~*~tactically~*~*~ (hiding).
 33977 | Vaults:3 | 33977 ||| Stepping ~*~*~tactically~*~*~ (hiding).
 33978 | Vaults:3 | 33978 ||| Stepping ~*~*~tactically~*~*~ (hiding).
 33979 | Vaults:3 | 33979 ||| Stepping ~*~*~tactically~*~*~ (hiding).
 33980 | Vaults:3 | 33980 ||| Stepping ~*~*~tactically~*~*~ (hiding).
 33981 | Vaults:3 | 33981 ||| Stepping ~*~*~tactically~*~*~ (hiding).
 33982 | Vaults:3 | 33982 ||| Waiting for ranged monster.
 33983 | Vaults:3 | 33983 ||| Waiting for ranged monster.
 33984 | Vaults:3 | 33984 ||| Waiting for ranged monster.
 33985 | Vaults:3 | 33985 ||| Waiting for ranged monster.
 33986 | Vaults:3 | 33986 ||| Waiting for ranged monster.
 33987 | Vaults:3 | 33987 ||| Waiting for ranged monster.
 33990 | Vaults:3 | 33990 ||| INVOKING Brothers in Arms.
 33999 | Vaults:3 | 33999 ||| INVOKING Berserk.
 34025 | Vaults:3 | 34025 ||| READING 3 scrolls of teleportation.
 34025 | Vaults:3 | Identified the ring of Disaster {rC+ MP+9}
 34026 | Vaults:3 | 34026 ||| Stepping ~*~*~tactically~*~*~ (hiding).
 34027 | Vaults:3 | 34027 ||| Waiting for ranged monster.
 34028 | Vaults:3 | 34028 ||| Waiting for ranged monster.
 34029 | Vaults:3 | 34029 ||| Waiting for ranged monster.
 34030 | Vaults:3 | 34030 ||| Waiting for ranged monster.
 34031 | Vaults:3 | 34031 ||| Waiting for ranged monster.
 34032 | Vaults:3 | 34032 ||| Waiting for ranged monster.
 34033 | Vaults:3 | 34033 ||| Waiting for ranged monster.
 34034 | Vaults:3 | 34034 ||| Waiting for ranged monster.
 34035 | Vaults:3 | 34035 ||| Waiting for ranged monster.
 34050 | Vaults:3 | 34050 ||| Stepping ~*~*~tactically~*~*~ (hiding).
 34051 | Vaults:3 | 34051 ||| Waiting for ranged monster.
 34052 | Vaults:3 | 34052 ||| Waiting for ranged monster.
 34053 | Vaults:3 | 34053 ||| Waiting for ranged monster.
 34058 | Vaults:3 | 34058 ||| Waiting for ranged monster.
 34059 | Vaults:3 | 34059 ||| Waiting for ranged monster.
 34071 | Vaults:3 | Noticed Margery
 34072 | Vaults:3 | 34072 ||| DRINKING potion of resistance.
 34073 | Vaults:3 | 34073 ||| INVOKING Brothers in Arms.
 34078 | Vaults:3 | 34078 ||| INVOKING Berserk.
 34079 | Vaults:3 | Reached skill level 19 in Fighting
 34082 | Vaults:3 | Killed Margery
 34090 | Vaults:3 | 34090 ||| EATING 11 rations.
 34391 | Vaults:3 | 34391 ||| Stepping ~*~*~tactically~*~*~ (stealth).
 34393 | Vaults:3 | 34393 ||| Stepping ~*~*~tactically~*~*~ (hiding).
 34394 | Vaults:3 | 34394 ||| Waiting for ranged monster.
 34395 | Vaults:3 | 34395 ||| Stepping ~*~*~tactically~*~*~ (hiding).
 34396 | Vaults:3 | 34396 ||| Waiting for ranged monster.
 34397 | Vaults:3 | 34397 ||| Waiting for ranged monster.
 34403 | Vaults:3 | 34403 ||| Waiting for ranged monster.
 34404 | Vaults:3 | 34404 ||| Waiting for ranged monster.
 34517 | Vaults:3 | 34517 ||| INVOKING Berserk.
 34631 | Vaults:3 | 34631 ||| Stepping ~*~*~tactically~*~*~ (hiding).
 34632 | Vaults:3 | 34632 ||| Waiting for ranged monster.
 34633 | Vaults:3 | 34633 ||| Waiting for ranged monster.
 34634 | Vaults:3 | 34634 ||| Waiting for ranged monster.
 34736 | Vaults:3 | 34736 ||| INVOKING Berserk.
 34789 | Vaults:3 | 34789 ||| DRINKING potion of curing.
 34789 | Vaults:3 | 34789 ||| (to cure confusion)
 34806 | Vaults:3 | 34806 ||| INVOKING Berserk.
 34862 | Vaults:3 | 34862 ||| Stepping ~*~*~tactically~*~*~ (stealth).
 34863 | Vaults:3 | 34863 ||| Stepping ~*~*~tactically~*~*~ (stealth).
 34864 | Vaults:3 | 34864 ||| Stepping ~*~*~tactically~*~*~ (stealth).
 34865 | Vaults:3 | 34865 ||| Stepping ~*~*~tactically~*~*~ (stealth).
 34874 | Vaults:3 | 34874 ||| Stepping ~*~*~tactically~*~*~ (stealth).
 34875 | Vaults:3 | 34875 ||| Stepping ~*~*~tactically~*~*~ (stealth).
 34876 | Vaults:3 | 34876 ||| INVOKING Berserk.
 34917 | Vaults:3 | 34917 ||| Stepping ~*~*~tactically~*~*~ (stealth).
 34925 | Vaults:3 | 34925 ||| Stepping ~*~*~tactically~*~*~ (stealth).
 35190 | Vaults:3 | 35190 ||| UPGRADING to amulet of faith.
 35192 | Vaults:3 | 35192 ||| DROPPING amulet "Xout" {Reflect Str+4 SH+2}.
 35215 | Vaults:3 | 35215 ||| Stepping ~*~*~tactically~*~*~ (stealth).
 35354 | Vaults:3 | 35354 ||| Stepping ~*~*~tactically~*~*~ (hiding).
 35355 | Vaults:3 | 35355 ||| Waiting for ranged monster.
 35362 | Vaults:3 | 35362 ||| Stepping ~*~*~tactically~*~*~ (hiding).
 35363 | Vaults:3 | 35363 ||| Waiting for ranged monster.
 35364 | Vaults:3 | 35364 ||| Waiting for ranged monster.
 35476 | Vaults:3 | 35476 ||| Stepping ~*~*~tactically~*~*~ (hiding).
 35483 | Vaults:3 | 35483 ||| Waiting for ranged monster.
 35484 | Vaults:3 | 35484 ||| Waiting for ranged monster.
 35485 | Vaults:3 | 35485 ||| Waiting for ranged monster.
 35628 | Vaults:3 | 35628 ||| INVOKING Berserk.
 35676 | Vaults:3 | 35676 ||| DROPPING cursed ring of ice.
 35738 | Vaults:3 | 35738 ||| INVOKING Brothers in Arms.
 35739 | Vaults:3 | 35739 ||| INVOKING Brothers in Arms.
 35881 | Vaults:3 | 35881 ||| Stepping ~*~*~tactically~*~*~ (stealth).
 35883 | Vaults:3 | 35883 ||| Stepping ~*~*~tactically~*~*~ (hiding).
 35884 | Vaults:3 | 35884 ||| Stepping ~*~*~tactically~*~*~ (hiding).
 35892 | Vaults:3 | Received a gift from Trog
 35892 | Vaults:3 | Reached skill level 20 in Fighting
 36233 | Vaults:4 | 36233 ||| Stepping ~*~*~tactically~*~*~ (hiding).
 36234 | Vaults:4 | 36234 ||| Stepping ~*~*~tactically~*~*~ (hiding).
 36235 | Vaults:4 | 36235 ||| Waiting for ranged monster.
 36236 | Vaults:4 | 36236 ||| Waiting for ranged monster.
 36237 | Vaults:4 | 36237 ||| Waiting for ranged monster.
 36247 | Vaults:4 | Reached XP level 20. HP: 130/140 MP: 20/20
 36368 | Vaults:4 | 36368 ||| Stepping ~*~*~tactically~*~*~ (hiding).
 36369 | Vaults:4 | 36369 ||| Stepping ~*~*~tactically~*~*~ (hiding).
 36370 | Vaults:4 | 36370 ||| Stepping ~*~*~tactically~*~*~ (hiding).
 36371 | Vaults:4 | 36371 ||| Waiting for ranged monster.
 36372 | Vaults:4 | 36372 ||| Stepping ~*~*~tactically~*~*~ (hiding).
 36373 | Vaults:4 | 36373 ||| Waiting for ranged monster.
 36374 | Vaults:4 | 36374 ||| Waiting for ranged monster.
 36375 | Vaults:4 | 36375 ||| Waiting for ranged monster.
 36385 | Vaults:4 | 36385 ||| Stepping ~*~*~tactically~*~*~ (hiding).
 36386 | Vaults:4 | 36386 ||| Stepping ~*~*~tactically~*~*~ (hiding).
 36387 | Vaults:4 | 36387 ||| Waiting for ranged monster.
 36388 | Vaults:4 | 36388 ||| Waiting for ranged monster.
 36389 | Vaults:4 | 36389 ||| Waiting for ranged monster.
 36390 | Vaults:4 | 36390 ||| Waiting for ranged monster.
 36391 | Vaults:4 | 36391 ||| Waiting for ranged monster.
 36395 | Vaults:4 | 36395 ||| Waiting for ranged monster.
 36414 | Vaults:4 | 36414 ||| Stepping ~*~*~tactically~*~*~ (stealth).
 36416 | Vaults:4 | 36416 ||| Stepping ~*~*~tactically~*~*~ (stealth).
 36421 | Vaults:4 | 36421 ||| FLEEEEING.
 36422 | Vaults:4 | 36422 ||| FLEEEEING.
 36423 | Vaults:4 | 36423 ||| FLEEEEING.
 36424 | Vaults:4 | 36424 ||| FLEEEEING.
 36425 | Vaults:4 | 36425 ||| FLEEEEING.
 36426 | Vaults:4 | 36426 ||| FLEEEEING.
 36427 | Vaults:4 | 36427 ||| FLEEEEING.
 36428 | Vaults:4 | 36428 ||| FLEEEEING.
 36429 | Vaults:4 | 36429 ||| FLEEEEING.
 36430 | Vaults:4 | 36430 ||| FLEEEEING.
 36431 | Vaults:4 | 36431 ||| FLEEEEING.
 36432 | Vaults:4 | 36432 ||| FLEEEEING.
 36433 | Vaults:4 | 36433 ||| FLEEEEING.
 36434 | Vaults:4 | 36434 ||| FLEEEEING.
 36435 | Vaults:4 | 36435 ||| FLEEEEING.
 36436 | Vaults:4 | 36436 ||| FLEEEEING.
 36437 | Vaults:4 | 36437 ||| FLEEEEING.
 36438 | Vaults:4 | 36438 ||| FLEEEEING.
 36439 | Vaults:4 | 36439 ||| FLEEEEING.
 36440 | Vaults:4 | 36440 ||| FLEEEEING.
 36441 | Vaults:4 | 36441 ||| FLEEEEING.
 36442 | Vaults:4 | 36442 ||| FLEEEEING.
 36443 | Vaults:4 | 36443 ||| FLEEEEING.
 36444 | Vaults:4 | 36444 ||| FLEEEEING.
 36445 | Vaults:4 | 36445 ||| FLEEEEING.
 36446 | Vaults:4 | 36446 ||| FLEEEEING.
 36447 | Vaults:4 | 36447 ||| FLEEEEING.
 36450 | Vaults:4 | 36450 ||| STAIRDANCE
 36452 | Vaults:3 | 36452 ||| FLEEEEING.
 36453 | Vaults:3 | 36453 ||| FLEEEEING.
 36454 | Vaults:3 | 36454 ||| FLEEEEING.
 36455 | Vaults:3 | 36455 ||| FLEEEEING.
 36456 | Vaults:3 | 36456 ||| FLEEEEING.
 36457 | Vaults:3 | 36457 ||| FLEEEEING.
 36458 | Vaults:3 | 36458 ||| FLEEEEING.
 36459 | Vaults:3 | 36459 ||| FLEEEEING.
 36460 | Vaults:3 | 36460 ||| FLEEEEING.
 36461 | Vaults:3 | 36461 ||| FLEEEEING.
 36463 | Vaults:3 | 36463 ||| STAIRDANCE
 36669 | Vaults:4 | 36669 ||| Stepping ~*~*~tactically~*~*~ (stealth).
 36670 | Vaults:4 | 36670 ||| Stepping ~*~*~tactically~*~*~ (stealth).
 36696 | Vaults:4 | 36696 ||| Stepping ~*~*~tactically~*~*~ (stealth).
 36706 | Vaults:4 | Reached skill level 18 in Armour
 36826 | Vaults:4 | 36826 ||| READING scroll of brand weapon.
 36826 | Vaults:4 | 36826 ||| BRANDING +9 battleaxe of venom.
 36866 | Vaults:4 | 36866 ||| Stepping ~*~*~tactically~*~*~ (stealth).
 36868 | Vaults:4 | 36868 ||| Stepping ~*~*~tactically~*~*~ (hiding).
 36925 | Vaults:4 | 36925 ||| FLEEEEING.
 36926 | Vaults:4 | 36926 ||| FLEEEEING.
 36927 | Vaults:4 | 36927 ||| FLEEEEING.
 36928 | Vaults:4 | 36928 ||| FLEEEEING.
 36929 | Vaults:4 | 36929 ||| FLEEEEING.
 36930 | Vaults:4 | 36930 ||| FLEEEEING.
 36931 | Vaults:4 | 36931 ||| FLEEEEING.
 36932 | Vaults:4 | 36932 ||| FLEEEEING.
 36935 | Vaults:4 | Received a gift from Trog
 36936 | Vaults:4 | 36936 ||| STILL FLEEEEING.
 36937 | Vaults:4 | 36937 ||| STILL FLEEEEING.
 36938 | Vaults:4 | 36938 ||| STILL FLEEEEING.
 36939 | Vaults:4 | 36939 ||| STILL FLEEEEING.
 36940 | Vaults:4 | 36940 ||| STILL FLEEEEING.
 36941 | Vaults:4 | 36941 ||| STILL FLEEEEING.
 36948 | Vaults:4 | 36948 ||| FLEEEEING.
 36949 | Vaults:4 | 36949 ||| FLEEEEING.
 36950 | Vaults:4 | 36950 ||| FLEEEEING.
 36951 | Vaults:4 | 36951 ||| FLEEEEING.
 36952 | Vaults:4 | 36952 ||| FLEEEEING.
 36953 | Vaults:4 | 36953 ||| FLEEEEING.
 36954 | Vaults:4 | 36954 ||| FLEEEEING.
 36955 | Vaults:4 | 36955 ||| FLEEEEING.
 36956 | Vaults:4 | 36956 ||| FLEEEEING.
 36957 | Vaults:4 | 36957 ||| FLEEEEING.
 36958 | Vaults:4 | 36958 ||| FLEEEEING.
 36959 | Vaults:4 | 36959 ||| FLEEEEING.
 36960 | Vaults:4 | 36960 ||| FLEEEEING.
 36961 | Vaults:4 | 36961 ||| FLEEEEING.
 36962 | Vaults:4 | 36962 ||| FLEEEEING.
 36963 | Vaults:4 | 36963 ||| FLEEEEING.
 36964 | Vaults:4 | 36964 ||| FLEEEEING.
 36965 | Vaults:4 | 36965 ||| FLEEEEING.
 36966 | Vaults:4 | 36966 ||| STILL FLEEEEING.
 36967 | Vaults:4 | 36967 ||| STILL FLEEEEING.
 36968 | Vaults:4 | 36968 ||| STILL FLEEEEING.
 36969 | Vaults:4 | 36969 ||| STILL FLEEEEING.
 36970 | Vaults:4 | 36970 ||| STILL FLEEEEING.
 36971 | Vaults:4 | 36971 ||| STILL FLEEEEING.
 36972 | Vaults:4 | 36972 ||| STILL FLEEEEING.
 36973 | Vaults:4 | 36973 ||| STILL FLEEEEING.
 36974 | Vaults:4 | 36974 ||| STILL FLEEEEING.
 36976 | Vaults:4 | 36976 ||| FLEEEEING.
 36977 | Vaults:4 | 36977 ||| STILL FLEEEEING.
 36978 | Vaults:4 | 36978 ||| STILL FLEEEEING.
 36979 | Vaults:4 | 36979 ||| STILL FLEEEEING.
 36980 | Vaults:4 | 36980 ||| STILL FLEEEEING.
 36981 | Vaults:4 | 36981 ||| STILL FLEEEEING.
 36982 | Vaults:4 | 36982 ||| FLEEEEING.
 36983 | Vaults:4 | 36983 ||| FLEEEEING.
 36984 | Vaults:4 | 36984 ||| STILL FLEEEEING.
 36985 | Vaults:4 | 36985 ||| STILL FLEEEEING.
 36986 | Vaults:4 | 36986 ||| STILL FLEEEEING.
 36987 | Vaults:4 | 36987 ||| STILL FLEEEEING.
 36988 | Vaults:4 | 36988 ||| STILL FLEEEEING.
 36989 | Vaults:4 | 36989 ||| STILL FLEEEEING.
 36990 | Vaults:4 | 36990 ||| STILL FLEEEEING.
 36991 | Vaults:4 | 36991 ||| STILL FLEEEEING.
 36992 | Vaults:4 | 36992 ||| STILL FLEEEEING.
 36994 | Vaults:4 | 36994 ||| FLEEEEING.
 36995 | Vaults:4 | 36995 ||| STILL FLEEEEING.
 36996 | Vaults:4 | 36996 ||| STILL FLEEEEING.
 36997 | Vaults:4 | 36997 ||| STILL FLEEEEING.
 37000 | Vaults:4 | 37000 ||| Stepping ~*~*~tactically~*~*~ (hiding).
 37001 | Vaults:4 | 37001 ||| Waiting for ranged monster.
 37050 | Vaults:4 | 37050 ||| Stepping ~*~*~tactically~*~*~ (hiding).
 37051 | Vaults:4 | 37051 ||| Stepping ~*~*~tactically~*~*~ (stealth).
 37052 | Vaults:4 | 37052 ||| Waiting for ranged monster.
 37053 | Vaults:4 | 37053 ||| Waiting for ranged monster.
 37054 | Vaults:4 | 37054 ||| Waiting for ranged monster.
 37058 | Vaults:4 | 37058 ||| Waiting for ranged monster.
 37059 | Vaults:4 | 37059 ||| Waiting for ranged monster.
 37136 | Vaults:4 | 37136 ||| INVOKING Trog's Hand.
 37137 | Vaults:4 | 37137 ||| INVOKING Brothers in Arms.
 37204 | Vaults:4 | 37204 ||| Stepping ~*~*~tactically~*~*~ (stealth).
 37205 | Vaults:4 | 37205 ||| Stepping ~*~*~tactically~*~*~ (stealth).
 37285 | Vaults:4 | 37285 ||| Stepping ~*~*~tactically~*~*~ (hiding).
 37286 | Vaults:4 | 37286 ||| Stepping ~*~*~tactically~*~*~ (hiding).
 37288 | Vaults:4 | 37288 ||| Stepping ~*~*~tactically~*~*~ (hiding).
 37455 | Vaults:4 | 37455 ||| Stepping ~*~*~tactically~*~*~ (stealth).
 37457 | Vaults:4 | 37457 ||| Stepping ~*~*~tactically~*~*~ (stealth).
 37459 | Vaults:4 | 37459 ||| Stepping ~*~*~tactically~*~*~ (hiding).
 37460 | Vaults:4 | 37460 ||| Waiting for ranged monster.
 37464 | Vaults:4 | 37464 ||| Waiting for ranged monster.
 37465 | Vaults:4 | 37465 ||| Waiting for ranged monster.
 37466 | Vaults:4 | 37466 ||| Waiting for ranged monster.
 37467 | Vaults:4 | 37467 ||| Waiting for ranged monster.
 37468 | Vaults:4 | 37468 ||| Waiting for ranged monster.
 37657 | Vaults:4 | Found a runed translucent gate.
 37657 | Vaults:4 | Found a runed translucent gate.
 37657 | Vaults:4 | Found a runed translucent gate.
 37659 | Vaults:4 | 37659 ||| INVOKING Trog's Hand.
 37660 | Vaults:4 | 37660 ||| INVOKING Brothers in Arms.
 37661 | Vaults:4 | 37661 ||| EATING 13 rations.
 37741 | Vaults:4 | 37741 ||| Stepping ~*~*~tactically~*~*~ (hiding).
 37742 | Vaults:4 | 37742 ||| Stepping ~*~*~tactically~*~*~ (hiding).
 37743 | Vaults:4 | 37743 ||| Waiting for ranged monster.
 37744 | Vaults:4 | 37744 ||| Waiting for ranged monster.
 37811 | Vaults:4 | 37811 ||| Stepping ~*~*~tactically~*~*~ (hiding).
 37825 | Vaults:4 | 37825 ||| Stepping ~*~*~tactically~*~*~ (hiding).
 37826 | Vaults:4 | 37826 ||| Stepping ~*~*~tactically~*~*~ (hiding).
 37827 | Vaults:4 | 37827 ||| Stepping ~*~*~tactically~*~*~ (hiding).
 37844 | Vaults:4 | 37844 ||| DRINKING potion of curing.
 37844 | Vaults:4 | 37844 ||| (to cure confusion)
 38035 | Vaults:4 | 38035 ||| SWAPPING to runed battleaxe {god gift}.
 38036 | Vaults:4 | 38036 ||| SWAPPING to +9 battleaxe of freezing.
 38037 | Vaults:4 | 38037 ||| DROPPING +2 antimagic battleaxe.
 38177 | Vaults:4 | Found Terudu's Distillery.
 38178 | Vaults:4 | 38178 ||| Stepping ~*~*~tactically~*~*~ (hiding).
 38179 | Vaults:4 | 38179 ||| Waiting for ranged monster.
 38180 | Vaults:4 | 38180 ||| Waiting for ranged monster.
 38181 | Vaults:4 | 38181 ||| Waiting for ranged monster.
 38182 | Vaults:4 | 38182 ||| Waiting for ranged monster.
 38188 | Vaults:4 | Reached skill level 21 in Fighting
 38351 | Vaults:4 | Bought 2 potions of curing for 60 gold pieces
 38351 | Vaults:4 | Bought a potion of haste for 100 gold pieces
 38351 | Vaults:4 | Bought a potion of might for 40 gold pieces
 38351 | Vaults:4 | Bought a potion of mutation for 80 gold pieces
 38351 | Vaults:4 | Bought a potion of curing for 30 gold pieces
 38351 | Vaults:4 | Bought a potion of might for 40 gold pieces
 38351 | Vaults:4 | Bought a potion of might for 40 gold pieces
 38582 | Vaults:4 | 38582 ||| INVOKING Berserk.
 38893 | Vaults:4 | Noticed Lofupn's ghost (adept SpEn)
 38895 | Vaults:4 | Found the +18 shield of the Gong {rElec rN+ MR+ EV-5}
 38895 | Vaults:4 | 38895 ||| INVOKING Trog's Hand.
 38896 | Vaults:4 | 38896 ||| INVOKING Brothers in Arms.
 38916 | Vaults:4 | 38916 ||| EATING 12 rations.
 39288 | Shoals:1 | Entered Level 1 of the Shoals
 39289 | Shoals:1 | 39289 ||| Entered A.
 39289 | Shoals:1 | 39289 ||| INVOKING Trog's Hand.
 39303 | Shoals:1 | 39303 ||| INVOKING Trog's Hand.
 39384 | Shoals:1 | 39384 ||| Stepping ~*~*~tactically~*~*~ (stealth).
 39402 | Shoals:1 | You are sucked into a shaft and drop 1 floor!
 39403 | Shoals:2 | 39403 ||| Shafted from Shoals:1 to Shoals:2.
 39410 | Shoals:1 | 39410 ||| Successfully unshafted to Shoals:1.
 39678 | Shoals:1 | 39678 ||| Stepping ~*~*~tactically~*~*~ (hiding).
 39679 | Shoals:1 | 39679 ||| Waiting for ranged monster.
 39680 | Shoals:1 | 39680 ||| Waiting for ranged monster.
 39681 | Shoals:1 | 39681 ||| Waiting for ranged monster.
 39682 | Shoals:1 | 39682 ||| Waiting for ranged monster.
 39683 | Shoals:1 | 39683 ||| Waiting for ranged monster.
 39684 | Shoals:1 | 39684 ||| Waiting for ranged monster.
 39696 | Shoals:1 | 39696 ||| INVOKING Berserk.
 39717 | Shoals:1 | 39717 ||| Stepping ~*~*~tactically~*~*~ (stealth).
 39718 | Shoals:1 | 39718 ||| Stepping ~*~*~tactically~*~*~ (stealth).
 39738 | Shoals:1 | 39738 ||| EATING 12 rations.
 39911 | Shoals:1 | 39911 ||| Stepping ~*~*~tactically~*~*~ (hiding).
 39912 | Shoals:1 | 39912 ||| Waiting for ranged monster.
 39913 | Shoals:1 | 39913 ||| Waiting for ranged monster.
 39918 | Shoals:1 | 39918 ||| Waiting for ranged monster.
 39919 | Shoals:1 | 39919 ||| Waiting for ranged monster.
 39920 | Shoals:1 | 39920 ||| Waiting for ranged monster.
 39921 | Shoals:1 | 39921 ||| Stepping ~*~*~tactically~*~*~ (hiding).
 39922 | Shoals:1 | 39922 ||| Stepping ~*~*~tactically~*~*~ (hiding).
 39923 | Shoals:1 | 39923 ||| Stepping ~*~*~tactically~*~*~ (hiding).
 39924 | Shoals:1 | 39924 ||| Stepping ~*~*~tactically~*~*~ (hiding).
 39925 | Shoals:1 | 39925 ||| Stepping ~*~*~tactically~*~*~ (hiding).
 39926 | Shoals:1 | 39926 ||| Stepping ~*~*~tactically~*~*~ (hiding).
 39927 | Shoals:1 | 39927 ||| Stepping ~*~*~tactically~*~*~ (hiding).
 39928 | Shoals:1 | 39928 ||| Stepping ~*~*~tactically~*~*~ (hiding).
 40404 | Shoals:2 | Found Jedd's Antique Weapon Shop.
 40405 | Shoals:2 | 40405 ||| INVOKING Trog's Hand.
 40420 | Shoals:2 | Received a gift from Trog
 40438 | Shoals:2 | 40438 ||| INVOKING Trog's Hand.
 40465 | Shoals:2 | 40465 ||| READING scroll of enchant armour.
 40465 | Shoals:2 | 40465 ||| ENCHANTING +1 helmet.
 40496 | Shoals:2 | 40496 ||| UPGRADING to ring of evasion.
 40498 | Shoals:2 | 40498 ||| UPGRADING to scarf of resistance.
 40508 | Shoals:2 | 40508 ||| READING 19 scrolls of remove curse.
 40509 | Shoals:2 | 40509 ||| REMOVING -2 ring of evasion.
 40510 | Shoals:2 | 40510 ||| UPGRADING to ring of resist corrosion.
 40511 | Shoals:2 | 40511 ||| UPGRADING to ring of protection from fire.
 40513 | Shoals:2 | 40513 ||| DROPPING -2 ring of evasion.
 40519 | Shoals:2 | 40519 ||| Stepping ~*~*~tactically~*~*~ (stealth).
 40522 | Shoals:2 | 40522 ||| Stepping ~*~*~tactically~*~*~ (stealth).
 40524 | Shoals:2 | 40524 ||| Stepping ~*~*~tactically~*~*~ (stealth).
 40525 | Shoals:2 | 40525 ||| Stepping ~*~*~tactically~*~*~ (stealth).
 40526 | Shoals:2 | 40526 ||| Stepping ~*~*~tactically~*~*~ (stealth).
 40545 | Shoals:2 | 40545 ||| Stepping ~*~*~tactically~*~*~ (stealth).
 40546 | Shoals:2 | 40546 ||| Stepping ~*~*~tactically~*~*~ (stealth).
 40547 | Shoals:2 | 40547 ||| Stepping ~*~*~tactically~*~*~ (stealth).
 40548 | Shoals:2 | 40548 ||| Stepping ~*~*~tactically~*~*~ (stealth).
 40603 | Shoals:2 | 40603 ||| Stepping ~*~*~tactically~*~*~ (hiding).
 40610 | Shoals:2 | 40610 ||| Waiting for ranged monster.
 40611 | Shoals:2 | 40611 ||| Waiting for ranged monster.
 40612 | Shoals:2 | 40612 ||| Waiting for ranged monster.
 40721 | Shoals:2 | 40721 ||| Stepping ~*~*~tactically~*~*~ (hiding).
 40722 | Shoals:2 | 40722 ||| Waiting for ranged monster.
 40723 | Shoals:2 | 40723 ||| Stepping ~*~*~tactically~*~*~ (hiding).
 40724 | Shoals:2 | 40724 ||| Waiting for ranged monster.
 40725 | Shoals:2 | 40725 ||| Waiting for ranged monster.
 40729 | Shoals:2 | 40729 ||| Waiting for ranged monster.
 40730 | Shoals:2 | 40730 ||| Waiting for ranged monster.
 40731 | Shoals:2 | 40731 ||| Waiting for ranged monster.
 40732 | Shoals:2 | 40732 ||| Waiting for ranged monster.
 40830 | Shoals:2 | 40830 ||| Stepping ~*~*~tactically~*~*~ (hiding).
 40831 | Shoals:2 | 40831 ||| Waiting for ranged monster.
 40832 | Shoals:2 | 40832 ||| Stepping ~*~*~tactically~*~*~ (hiding).
 40833 | Shoals:2 | 40833 ||| Waiting for ranged monster.
 40834 | Shoals:2 | 40834 ||| Waiting for ranged monster.
 40839 | Shoals:2 | 40839 ||| Stepping ~*~*~tactically~*~*~ (stealth).
 40840 | Shoals:2 | 40840 ||| Stepping ~*~*~tactically~*~*~ (stealth).
 40841 | Shoals:2 | 40841 ||| Stepping ~*~*~tactically~*~*~ (stealth).
 40843 | Shoals:2 | 40843 ||| Stepping ~*~*~tactically~*~*~ (hiding).
 40848 | Shoals:2 | 40848 ||| Waiting for ranged monster.
 40849 | Shoals:2 | 40849 ||| Waiting for ranged monster.
 40850 | Shoals:2 | 40850 ||| Waiting for ranged monster.
 40851 | Shoals:2 | 40851 ||| Waiting for ranged monster.
 40852 | Shoals:2 | 40852 ||| Waiting for ranged monster.
 40878 | Shoals:2 | 40878 ||| Stepping ~*~*~tactically~*~*~ (hiding).
 40879 | Shoals:2 | 40879 ||| Waiting for ranged monster.
 40880 | Shoals:2 | 40880 ||| Stepping ~*~*~tactically~*~*~ (hiding).
 40881 | Shoals:2 | 40881 ||| Waiting for ranged monster.
 40882 | Shoals:2 | 40882 ||| Stepping ~*~*~tactically~*~*~ (hiding).
 40883 | Shoals:2 | 40883 ||| Stepping ~*~*~tactically~*~*~ (hiding).
 40889 | Shoals:2 | 40889 ||| Waiting for ranged monster.
 40890 | Shoals:2 | 40890 ||| Waiting for ranged monster.
 40891 | Shoals:2 | 40891 ||| Waiting for ranged monster.
 40892 | Shoals:2 | 40892 ||| Waiting for ranged monster.
 40909 | Shoals:2 | 40909 ||| Stepping ~*~*~tactically~*~*~ (stealth).
 40910 | Shoals:2 | 40910 ||| Stepping ~*~*~tactically~*~*~ (stealth).
 40939 | Shoals:2 | 40939 ||| Stepping ~*~*~tactically~*~*~ (stealth).
 41081 | Shoals:2 | 41081 ||| UPGRADING to blackened bone ring.
 41083 | Shoals:2 | 41083 ||| DROPPING ring of resist corrosion.
 41258 | Shoals:2 | 41258 ||| EATING 13 rations.
 41285 | Shoals:3 | 41285 ||| DRINKING 4 potions of curing.
 41285 | Shoals:3 | 41285 ||| (to cure confusion)
 41313 | Shoals:3 | 41313 ||| FLEEEEING.
 41314 | Shoals:3 | 41314 ||| STAIRDANCE
 41406 | Shoals:3 | 41406 ||| Stepping ~*~*~tactically~*~*~ (stealth).
 41470 | Shoals:3 | 41470 ||| Stepping ~*~*~tactically~*~*~ (stealth).
 41470 | Shoals:3 | Found Cilaid's Distillery.
 41472 | Shoals:3 | 41472 ||| INVOKING Trog's Hand.
 41507 | Shoals:3 | Bought a potion of curing for 36 gold pieces
 41507 | Shoals:3 | Bought a potion of curing for 36 gold pieces
 41507 | Shoals:3 | Bought a potion of curing for 36 gold pieces
 41507 | Shoals:3 | Bought 2 potions of heal wounds for 120 gold pieces
 41507 | Shoals:3 | Bought a potion of haste for 120 gold pieces
 41507 | Shoals:3 | Bought a potion of haste for 120 gold pieces
 41550 | Shoals:3 | 41550 ||| Stepping ~*~*~tactically~*~*~ (hiding).
 41551 | Shoals:3 | 41551 ||| Stepping ~*~*~tactically~*~*~ (hiding).
 41552 | Shoals:3 | 41552 ||| Stepping ~*~*~tactically~*~*~ (hiding).
 41553 | Shoals:3 | 41553 ||| Stepping ~*~*~tactically~*~*~ (hiding).
 41554 | Shoals:3 | 41554 ||| Waiting for ranged monster.
 41555 | Shoals:3 | 41555 ||| Stepping ~*~*~tactically~*~*~ (hiding).
 41556 | Shoals:3 | 41556 ||| Stepping ~*~*~tactically~*~*~ (hiding).
 41557 | Shoals:3 | 41557 ||| Stepping ~*~*~tactically~*~*~ (stealth).
 41558 | Shoals:3 | 41558 ||| Stepping ~*~*~tactically~*~*~ (stealth).
 41559 | Shoals:3 | 41559 ||| Stepping ~*~*~tactically~*~*~ (stealth).
 41560 | Shoals:3 | 41560 ||| Waiting for ranged monster.
 41561 | Shoals:3 | 41561 ||| Waiting for ranged monster.
 41562 | Shoals:3 | 41562 ||| Waiting for ranged monster.
 41563 | Shoals:3 | 41563 ||| Waiting for ranged monster.
 41564 | Shoals:3 | 41564 ||| Waiting for ranged monster.
 41565 | Shoals:3 | 41565 ||| Stepping ~*~*~tactically~*~*~ (stealth).
 41566 | Shoals:3 | 41566 ||| Stepping ~*~*~tactically~*~*~ (hiding).
 41568 | Shoals:3 | 41568 ||| INVOKING Trog's Hand.
 41572 | Shoals:3 | 41572 ||| Stepping ~*~*~tactically~*~*~ (hiding).
 41579 | Shoals:3 | 41579 ||| Waiting for ranged monster.
 41580 | Shoals:3 | 41580 ||| Waiting for ranged monster.
 41581 | Shoals:3 | 41581 ||| Waiting for ranged monster.
 41675 | Shoals:3 | Reached XP level 21. HP: 135/148 MP: 21/21
 41778 | Shoals:3 | 41778 ||| Stepping ~*~*~tactically~*~*~ (hiding).
 41784 | Shoals:3 | 41784 ||| Waiting for ranged monster.
 41785 | Shoals:3 | 41785 ||| Waiting for ranged monster.
 41786 | Shoals:3 | 41786 ||| Waiting for ranged monster.
 41787 | Shoals:3 | 41787 ||| Waiting for ranged monster.
 42006 | Shoals:3 | 42006 ||| INVOKING Trog's Hand.
 42191 | Shoals:4 | Entered Level 4 of the Shoals
 42216 | Shoals:4 | 42216 ||| Stepping ~*~*~tactically~*~*~ (stealth).
 42217 | Shoals:4 | 42217 ||| Stepping ~*~*~tactically~*~*~ (stealth).
 42218 | Shoals:4 | 42218 ||| Stepping ~*~*~tactically~*~*~ (stealth).
 42219 | Shoals:4 | 42219 ||| Stepping ~*~*~tactically~*~*~ (stealth).
 42483 | Shoals:4 | 42483 ||| UPGRADING to garnet ring.
 42485 | Shoals:4 | 42485 ||| READING 18 scrolls of remove curse.
 42486 | Shoals:4 | 42486 ||| REMOVING -3 ring of intelligence.
 42487 | Shoals:4 | 42487 ||| UPGRADING to ring of protection from fire.
 42488 | Shoals:4 | 42488 ||| DROPPING -3 ring of intelligence.
 42489 | Shoals:4 | 42489 ||| UPGRADING to +4 ring of strength.
 42495 | Shoals:4 | Found the +9 sword of Zonguldrok {reap}
 42577 | Shoals:4 | 42577 ||| Stepping ~*~*~tactically~*~*~ (hiding).
 42578 | Shoals:4 | 42578 ||| Waiting for ranged monster.
 42579 | Shoals:4 | 42579 ||| Waiting for ranged monster.
 42580 | Shoals:4 | 42580 ||| Waiting for ranged monster.
 42583 | Shoals:4 | 42583 ||| Waiting for ranged monster.
 42593 | Shoals:4 | 42593 ||| UPGRADING to ring of evasion.
 42595 | Shoals:4 | 42595 ||| UPGRADING to ring of protection from fire.
 42597 | Shoals:4 | 42597 ||| UPGRADING to +4 ring of strength.
 42599 | Shoals:4 | 42599 ||| DROPPING +1 ring of evasion.
 42613 | Shoals:4 | 42613 ||| INVOKING Trog's Hand.
 42635 | Shoals:4 | Received a gift from Trog
 42652 | Shoals:4 | 42652 ||| Stepping ~*~*~tactically~*~*~ (hiding).
 42653 | Shoals:4 | 42653 ||| Waiting for ranged monster.
 42654 | Shoals:4 | 42654 ||| Waiting for ranged monster.
 42655 | Shoals:4 | 42655 ||| Waiting for ranged monster.
 42656 | Shoals:4 | 42656 ||| Waiting for ranged monster.
 42657 | Shoals:4 | 42657 ||| Waiting for ranged monster.
 42658 | Shoals:4 | 42658 ||| Waiting for ranged monster.
 42659 | Shoals:4 | 42659 ||| Waiting for ranged monster.
 42660 | Shoals:4 | 42660 ||| Waiting for ranged monster.
 42661 | Shoals:4 | 42661 ||| Waiting for ranged monster.
 42676 | Shoals:4 | 42676 ||| Stepping ~*~*~tactically~*~*~ (hiding).
 42682 | Shoals:4 | 42682 ||| Waiting for ranged monster.
 42683 | Shoals:4 | 42683 ||| Stepping ~*~*~tactically~*~*~ (hiding).
 42684 | Shoals:4 | 42684 ||| Stepping ~*~*~tactically~*~*~ (hiding).
 42685 | Shoals:4 | 42685 ||| Stepping ~*~*~tactically~*~*~ (hiding).
 42686 | Shoals:4 | 42686 ||| Stepping ~*~*~tactically~*~*~ (hiding).
 42687 | Shoals:4 | 42687 ||| Stepping ~*~*~tactically~*~*~ (hiding).
 42705 | Shoals:4 | 42705 ||| Stepping ~*~*~tactically~*~*~ (stealth).
 42707 | Shoals:4 | 42707 ||| Stepping ~*~*~tactically~*~*~ (stealth).
 42732 | Shoals:4 | 42732 ||| Stepping ~*~*~tactically~*~*~ (stealth).
 42733 | Shoals:4 | 42733 ||| Stepping ~*~*~tactically~*~*~ (stealth).
 42734 | Shoals:4 | 42734 ||| Stepping ~*~*~tactically~*~*~ (stealth).
 42739 | Shoals:4 | 42739 ||| UPGRADING to +5 ring of strength.
 42741 | Shoals:4 | 42741 ||| DROPPING ring of Disaster {rC+ MP+9}.
 42742 | Shoals:4 | 42742 ||| DROPPING +4 ring of strength.
 42808 | Shoals:4 | Reached skill level 22 in Fighting
 42846 | Shoals:4 | 42846 ||| Stepping ~*~*~tactically~*~*~ (stealth).
 42847 | Shoals:4 | 42847 ||| Stepping ~*~*~tactically~*~*~ (stealth).
 42848 | Shoals:4 | 42848 ||| Stepping ~*~*~tactically~*~*~ (stealth).
 42868 | Shoals:4 | 42868 ||| Stepping ~*~*~tactically~*~*~ (stealth).
 42869 | Shoals:4 | 42869 ||| Stepping ~*~*~tactically~*~*~ (stealth).
 43175 | Shoals:4 | 43175 ||| Stepping ~*~*~tactically~*~*~ (stealth).
 43176 | Shoals:4 | 43176 ||| Stepping ~*~*~tactically~*~*~ (stealth).
 43177 | Shoals:4 | 43177 ||| Stepping ~*~*~tactically~*~*~ (stealth).
 43434 | Shoals:4 | 43434 ||| EATING 14 rations.
 43556 | Shoals:4 | Got an encrusted cloak
 43557 | Shoals:4 | 43557 ||| UPGRADING to encrusted cloak.
 43567 | Shoals:4 | Identified the +1 cloak of Joy {Str+2} (You found it on
                  | level 4 of the Shoals)
 43567 | Shoals:4 | 43567 ||| DROPPING +2 cloak of invisibility.
 43568 | Shoals:4 | 43568 ||| UPGRADING to scarf of resistance.
 43651 | Shoals:4 | 43651 ||| Stepping ~*~*~tactically~*~*~ (stealth).
 43652 | Shoals:4 | 43652 ||| Stepping ~*~*~tactically~*~*~ (stealth).
 43653 | Shoals:4 | 43653 ||| Stepping ~*~*~tactically~*~*~ (stealth).
 43654 | Shoals:4 | 43654 ||| Stepping ~*~*~tactically~*~*~ (stealth).
 43655 | Shoals:4 | 43655 ||| Stepping ~*~*~tactically~*~*~ (stealth).
 43736 | Shoals:4 | 43736 ||| Stepping ~*~*~tactically~*~*~ (hiding).
 43854 | Shoals:4 | 43854 ||| Stepping ~*~*~tactically~*~*~ (hiding).
 43857 | Shoals:4 | 43857 ||| INVOKING Trog's Hand.
 43908 | Shoals:4 | Got a barnacled rune of Zot
 44036 | Shoals:4 | 44036 ||| Stepping ~*~*~tactically~*~*~ (stealth).
 44037 | Shoals:4 | 44037 ||| Stepping ~*~*~tactically~*~*~ (stealth).
 44038 | Shoals:4 | 44038 ||| Stepping ~*~*~tactically~*~*~ (stealth).
 44262 | Depths:1 | Entered Level 1 of the Depths
 44263 | Depths:1 | 44263 ||| Entered U.
 44331 | Depths:1 | Received a gift from Trog
 44342 | Depths:1 | 44342 ||| Stepping ~*~*~tactically~*~*~ (stealth).
 44344 | Depths:1 | 44344 ||| Stepping ~*~*~tactically~*~*~ (hiding).
 44344 | Depths:1 | Noticed Aizul
 44345 | Depths:1 | 44345 ||| Stepping ~*~*~tactically~*~*~ (hiding).
 44346 | Depths:1 | 44346 ||| INVOKING Trog's Hand.
 44347 | Depths:1 | 44347 ||| Stepping ~*~*~tactically~*~*~ (hiding).
 44363 | Depths:1 | Killed Aizul
 44427 | Depths:1 | 44427 ||| Stepping ~*~*~tactically~*~*~ (stealth).
 44436 | Depths:1 | 44436 ||| Stepping ~*~*~tactically~*~*~ (hiding).
 44437 | Depths:1 | 44437 ||| Waiting for ranged monster.
 44442 | Depths:1 | 44442 ||| Waiting for ranged monster.
 44443 | Depths:1 | 44443 ||| Waiting for ranged monster.
 44444 | Depths:1 | 44444 ||| INVOKING Brothers in Arms.
 44457 | Depths:1 | 44457 ||| INVOKING Trog's Hand.
 44459 | Depths:1 | 44459 ||| INVOKING Brothers in Arms.
 44482 | Depths:1 | 44482 ||| FLEEEEING.
 44483 | Depths:1 | 44483 ||| FLEEEEING.
 44484 | Depths:1 | 44484 ||| FLEEEEING.
 44485 | Depths:1 | 44485 ||| FLEEEEING.
 44486 | Depths:1 | 44486 ||| FLEEEEING.
 44487 | Depths:1 | 44487 ||| FLEEEEING.
 44488 | Depths:1 | 44488 ||| FLEEEEING.
 44489 | Depths:1 | 44489 ||| FLEEEEING.
 44490 | Depths:1 | 44490 ||| FLEEEEING.
 44491 | Depths:1 | 44491 ||| FLEEEEING.
 44492 | Depths:1 | 44492 ||| FLEEEEING.
 44493 | Depths:1 | 44493 ||| FLEEEEING.
 44494 | Depths:1 | 44494 ||| FLEEEEING.
 44495 | Depths:1 | 44495 ||| FLEEEEING.
 44496 | Depths:1 | 44496 ||| FLEEEEING.
 44496 | Depths:1 | Found Biclihet's Elemental Accessories.
 44497 | Depths:1 | 44497 ||| FLEEEEING.
 44498 | Depths:1 | 44498 ||| FLEEEEING.
 44499 | Depths:1 | 44499 ||| FLEEEEING.
 44500 | Depths:1 | 44500 ||| FLEEEEING.
 44501 | Depths:1 | 44501 ||| FLEEEEING.
 44502 | Depths:1 | 44502 ||| FLEEEEING.
 44503 | Depths:1 | 44503 ||| STILL FLEEEEING.
 44504 | Depths:1 | 44504 ||| STILL FLEEEEING.
 44505 | Depths:1 | 44505 ||| STILL FLEEEEING.
 44506 | Depths:1 | 44506 ||| STILL FLEEEEING.
 44507 | Depths:1 | 44507 ||| STILL FLEEEEING.
 44508 | Depths:1 | 44508 ||| STAIRDANCE
 44762 | Depths:1 | 44762 ||| Stepping ~*~*~tactically~*~*~ (hiding).
 44763 | Depths:1 | 44763 ||| Stepping ~*~*~tactically~*~*~ (hiding).
 44764 | Depths:1 | 44764 ||| Waiting for ranged monster.
 44765 | Depths:1 | 44765 ||| Waiting for ranged monster.
 44766 | Depths:1 | 44766 ||| Waiting for ranged monster.
 44767 | Depths:1 | 44767 ||| Waiting for ranged monster.
 44768 | Depths:1 | 44768 ||| Waiting for ranged monster.
 44772 | Depths:1 | 44772 ||| Waiting for ranged monster.
 44901 | Depths:1 | 44901 ||| Stepping ~*~*~tactically~*~*~ (stealth).
 45024 | Depths:1 | 45024 ||| Stepping ~*~*~tactically~*~*~ (stealth).
 45069 | Depths:1 | 45069 ||| Stepping ~*~*~tactically~*~*~ (stealth).
 45127 | Depths:1 | 45127 ||| INVOKING Brothers in Arms.
 45129 | Depths:1 | 45129 ||| INVOKING Berserk.
 45130 | Depths:1 | Received a gift from Trog
 45182 | Depths:1 | 45182 ||| SWAPPING to glowing battleaxe {god gift}.
 45183 | Depths:1 | 45183 ||| SWAPPING to +9 battleaxe of freezing.
 45184 | Depths:1 | 45184 ||| DROPPING +3 vorpal battleaxe.
 45249 | Depths:1 | Found a gateway to Hell.
 45347 | Depths:1 | 45347 ||| Stepping ~*~*~tactically~*~*~ (hiding).
 45348 | Depths:1 | 45348 ||| Waiting for ranged monster.
 45360 | Depths:1 | 45360 ||| FLEEEEING.
 45361 | Depths:1 | 45361 ||| FLEEEEING.
 45362 | Depths:1 | 45362 ||| FLEEEEING.
 45363 | Depths:1 | 45363 ||| FLEEEEING.
 45364 | Depths:1 | 45364 ||| FLEEEEING.
 45365 | Depths:1 | 45365 ||| FLEEEEING.
 45366 | Depths:1 | 45366 ||| FLEEEEING.
 45367 | Depths:1 | 45367 ||| FLEEEEING.
 45368 | Depths:1 | 45368 ||| FLEEEEING.
 45406 | Depths:1 | 45406 ||| Stepping ~*~*~tactically~*~*~ (stealth).
 45419 | Depths:1 | 45419 ||| Stepping ~*~*~tactically~*~*~ (stealth).
 45423 | Depths:1 | 45423 ||| Stepping ~*~*~tactically~*~*~ (stealth).
 45437 | Depths:1 | 45437 ||| INVOKING Brothers in Arms.
 45443 | Depths:1 | 45443 ||| INVOKING Berserk.
 45467 | Depths:1 | 45467 ||| EATING 13 rations.
 45510 | Depths:1 | 45510 ||| UPGRADING to blackened coral ring.
 45517 | Depths:1 | 45517 ||| UPGRADING to twisted wooden ring.
 45519 | Depths:1 | 45519 ||| UPGRADING to ring of protection from fire.
 45521 | Depths:1 | 45521 ||| UPGRADING to +1 cloak of Joy {Str+2}.
 45531 | Depths:1 | 45531 ||| UPGRADING to ring of see invisible.
 45533 | Depths:1 | 45533 ||| UPGRADING to scarf of resistance.
 45543 | Depths:1 | 45543 ||| DROPPING +1 ring of slaying {mikee}.
 45576 | Depths:1 | 45576 ||| Stepping ~*~*~tactically~*~*~ (hiding).
 45577 | Depths:1 | 45577 ||| Waiting for ranged monster.
 45578 | Depths:1 | 45578 ||| Stepping ~*~*~tactically~*~*~ (hiding).
 45579 | Depths:1 | 45579 ||| Waiting for ranged monster.
 45580 | Depths:1 | 45580 ||| Waiting for ranged monster.
 45586 | Depths:1 | 45586 ||| Waiting for ranged monster.
 45587 | Depths:1 | 45587 ||| Waiting for ranged monster.
 45619 | Depths:1 | 45619 ||| READING scroll of brand weapon.
 45619 | Depths:1 | 45619 ||| BRANDING +9 battleaxe of freezing.
 45697 | Depths:1 | 45697 ||| Stepping ~*~*~tactically~*~*~ (hiding).
 45698 | Depths:1 | 45698 ||| Stepping ~*~*~tactically~*~*~ (hiding).
 45699 | Depths:1 | 45699 ||| Waiting for ranged monster.
 45700 | Depths:1 | 45700 ||| Stepping ~*~*~tactically~*~*~ (hiding).
 45704 | Depths:1 | 45704 ||| Stepping ~*~*~tactically~*~*~ (hiding).
 45705 | Depths:1 | 45705 ||| Stepping ~*~*~tactically~*~*~ (hiding).
 45871 | Depths:1 | 45871 ||| READING scroll labeled JESAEMOIMI.
 45898 | Depths:2 | 45898 ||| Stepping ~*~*~tactically~*~*~ (hiding).
 45903 | Depths:2 | Reached XP level 22. HP: 123/158 MP: 22/22
 45908 | Depths:2 | Reached skill level 23 in Fighting
 45930 | Depths:2 | 45930 ||| INVOKING Berserk.
 46193 | Depths:2 | 46193 ||| Stepping ~*~*~tactically~*~*~ (hiding).
 46194 | Depths:2 | 46194 ||| Waiting for ranged monster.
 46195 | Depths:2 | 46195 ||| Waiting for ranged monster.
 46196 | Depths:2 | 46196 ||| Waiting for ranged monster.
 46253 | Depths:2 | 46253 ||| Stepping ~*~*~tactically~*~*~ (stealth).
 46255 | Depths:2 | 46255 ||| Stepping ~*~*~tactically~*~*~ (hiding).
 46256 | Depths:2 | 46256 ||| Waiting for ranged monster.
 46257 | Depths:2 | 46257 ||| Waiting for ranged monster.
 46258 | Depths:2 | 46258 ||| Waiting for ranged monster.
 46259 | Depths:2 | 46259 ||| Waiting for ranged monster.
 46380 | Depths:2 | Found a transporter.
 46385 | Depths:2 | 46385 ||| Stepping ~*~*~tactically~*~*~ (hiding).
 46386 | Depths:2 | 46386 ||| Stepping ~*~*~tactically~*~*~ (hiding).
 46387 | Depths:2 | 46387 ||| Stepping ~*~*~tactically~*~*~ (hiding).
 46388 | Depths:2 | 46388 ||| Stepping ~*~*~tactically~*~*~ (hiding).
 46390 | Depths:2 | 46390 ||| Stepping ~*~*~tactically~*~*~ (hiding).
 46391 | Depths:2 | 46391 ||| Stepping ~*~*~tactically~*~*~ (hiding).
 46531 | Depths:2 | 46531 ||| Stepping ~*~*~tactically~*~*~ (stealth).
 46532 | Depths:2 | 46532 ||| Stepping ~*~*~tactically~*~*~ (stealth).
 46577 | Depths:2 | 46577 ||| Stepping ~*~*~tactically~*~*~ (stealth).
 46623 | Depths:2 | 46623 ||| Stepping ~*~*~tactically~*~*~ (stealth).
 46645 | Depths:2 | 46645 ||| Stepping ~*~*~tactically~*~*~ (hiding).
 46646 | Depths:2 | 46646 ||| Waiting for ranged monster.
 46647 | Depths:2 | 46647 ||| Waiting for ranged monster.
 46648 | Depths:2 | 46648 ||| Waiting for ranged monster.
 46649 | Depths:2 | 46649 ||| Waiting for ranged monster.
 46650 | Depths:2 | 46650 ||| Waiting for ranged monster.
 46654 | Depths:2 | 46654 ||| Waiting for ranged monster.
 46662 | Depths:2 | Found Mogiuqoca's Jewellery Boutique.
 46663 | Depths:2 | 46663 ||| INVOKING Brothers in Arms.
 46667 | Depths:2 | Found a gateway to a bazaar.
 46668 | Depths:2 | 46668 ||| Found Bazaar.
 46668 | Depths:2 | 46668 ||| INVOKING Berserk.
 46673 | Depths:2 | 46673 ||| Stepping randomly (cloudy).
 46719 | Bazaar   | Entered a bazaar
 46720 | Bazaar   | 46720 ||| Entered Bazaar.
 46721 | Bazaar   | Found Taugrola's Gadget Shoppe.
 46732 | Bazaar   | Found Gamuot's Weapon Shop.
 46757 | Bazaar   | Found Suwnypnu's Distillery.
 46760 | Bazaar   | Found Kueqiy Wajull's Antique Armour Boutique.
 46764 | Bazaar   | Bought a potion of resistance for 120 gold pieces
 46764 | Bazaar   | Bought a potion of haste for 120 gold pieces
 46765 | Bazaar   | Found Bieppam's Magic Scroll Emporium.
 46770 | Bazaar   | Bought a pair of smoking gloves for 237 gold pieces
 46770 | Bazaar   | Bought a pair of runed boots for 187 gold pieces
 46770 | Bazaar   | 46770 ||| UPGRADING to pair of smoking gloves.
 46780 | Bazaar   | Identified the cursed +0 pair of gloves of Forking Paths
                  | {Int+3} (You bought it in a shop in a bazaar)
 46780 | Bazaar   | 46780 ||| UPGRADING to pair of runed boots.
 46790 | Bazaar   | Identified a +2 pair of boots of running (You bought it in
                  | a shop in a bazaar)
 46790 | Bazaar   | 46790 ||| DROPPING +0 pair of boots.
 46791 | Bazaar   | 46791 ||| READING 20 scrolls of remove curse.
 46792 | Bazaar   | 46792 ||| UPGRADING to +0 pair of gloves of Compression
                  | {rF- rN++ Str+4 Stlth+}.
 46802 | Bazaar   | 46802 ||| DROPPING +0 pair of gloves of Forking Paths
                  | {Int+3}.
 46803 | Bazaar   | 46803 ||| UPGRADING to +2 pair of gloves.
 46818 | Bazaar   | Bought a scroll of magic mapping for 31 gold pieces
 46818 | Bazaar   | Bought a scroll of enchant armour for 67 gold pieces
 46864 | Depths:2 | 46864 ||| SHOPLISTING ring "Jeid" {Wiz Dex+2 Slay+5} (1306
                  | gold, have 478).
 46864 | Depths:2 | 46864 ||| SHOPLISTING ring "Qeapobb" {rC+ MR+ SInv Stlth+}
                  | (867 gold, have 478).
 46919 | Depths:2 | Found Kiapaces's Gadget Boutique.
 46927 | Depths:2 | Bought a wand of digging (4) for 352 gold pieces
 47031 | Depths:2 | 47031 ||| Stepping ~*~*~tactically~*~*~ (hiding).
 47032 | Depths:2 | 47032 ||| Waiting for ranged monster.
 47033 | Depths:2 | 47033 ||| Waiting for ranged monster.
 47034 | Depths:2 | 47034 ||| Waiting for ranged monster.
 47035 | Depths:2 | 47035 ||| Waiting for ranged monster.
 47036 | Depths:2 | 47036 ||| Waiting for ranged monster.
 47037 | Depths:2 | 47037 ||| Waiting for ranged monster.
 47038 | Depths:2 | 47038 ||| INVOKING Trog's Hand.
 47039 | Depths:2 | 47039 ||| INVOKING Brothers in Arms.
 47046 | Depths:2 | 47046 ||| EATING 13 rations.
 47088 | Depths:2 | 47088 ||| Stepping ~*~*~tactically~*~*~ (hiding).
 47089 | Depths:2 | 47089 ||| Waiting for ranged monster.
 47247 | Depths:2 | Found a transporter.
 47302 | Depths:3 | 47302 ||| Stepping ~*~*~tactically~*~*~ (hiding).
 47303 | Depths:3 | 47303 ||| Waiting for ranged monster.
 47304 | Depths:3 | 47304 ||| Stepping ~*~*~tactically~*~*~ (hiding).
 47305 | Depths:3 | 47305 ||| Waiting for ranged monster.
 47306 | Depths:3 | 47306 ||| Waiting for ranged monster.
 47307 | Depths:3 | 47307 ||| Waiting for ranged monster.
 47372 | Depths:3 | 47372 ||| Stepping ~*~*~tactically~*~*~ (hiding).
 47373 | Depths:3 | 47373 ||| Waiting for ranged monster.
 47374 | Depths:3 | 47374 ||| Waiting for ranged monster.
 47375 | Depths:3 | 47375 ||| Waiting for ranged monster.
 47376 | Depths:3 | 47376 ||| Waiting for ranged monster.
 47494 | Depths:3 | 47494 ||| Stepping ~*~*~tactically~*~*~ (stealth).
 47495 | Depths:3 | Found a one-way gate to the infinite horrors of the Abyss.
 47548 | Depths:3 | 47548 ||| Stepping ~*~*~tactically~*~*~ (stealth).
 47549 | Depths:3 | 47549 ||| Stepping ~*~*~tactically~*~*~ (stealth).
 47566 | Depths:3 | 47566 ||| FLEEEEING.
 47567 | Depths:3 | 47567 ||| FLEEEEING.
 47568 | Depths:3 | 47568 ||| FLEEEEING.
 47569 | Depths:3 | 47569 ||| FLEEEEING.
 47570 | Depths:3 | 47570 ||| FLEEEEING.
 47571 | Depths:3 | 47571 ||| FLEEEEING.
 47572 | Depths:3 | 47572 ||| FLEEEEING.
 47573 | Depths:3 | 47573 ||| FLEEEEING.
 47574 | Depths:3 | 47574 ||| FLEEEEING.
 47575 | Depths:3 | 47575 ||| STILL FLEEEEING.
 47576 | Depths:3 | 47576 ||| FLEEEEING.
 47577 | Depths:3 | 47577 ||| FLEEEEING.
 47578 | Depths:3 | 47578 ||| FLEEEEING.
 47579 | Depths:3 | 47579 ||| FLEEEEING.
 47580 | Depths:3 | 47580 ||| FLEEEEING.
 47581 | Depths:3 | 47581 ||| FLEEEEING.
 47582 | Depths:3 | 47582 ||| FLEEEEING.
 47583 | Depths:3 | 47583 ||| FLEEEEING.
 47584 | Depths:3 | 47584 ||| FLEEEEING.
 47585 | Depths:3 | 47585 ||| FLEEEEING.
 47586 | Depths:3 | 47586 ||| FLEEEEING.
 47587 | Depths:3 | 47587 ||| FLEEEEING.
 47588 | Depths:3 | 47588 ||| STAIRDANCE
 47750 | Depths:3 | Found a one-way gate leading to the halls of Pandemonium.
 47750 | Depths:3 | Gained mutation: You are frail. (-10% HP) [a neqoxec]
 47751 | Depths:3 | Gained mutation: Your muscles are strong. (Str +2) [a
                  | neqoxec]
 47755 | Depths:3 | Received a gift from Trog
 47783 | Depths:3 | 47783 ||| DRINKING 3 potions of mutation.
 47783 | Depths:3 | Lost mutation: Your muscles are strong. (Str +2) [potion of
                  | mutation]
 47783 | Depths:3 | Gained mutation: Scrolls take you a little longer to read.
                  | [potion of mutation]
 47783 | Depths:3 | Gained mutation: You are resistant to hostile enchantments.
                  | (MR+) [potion of mutation]
 47783 | Depths:3 | Gained mutation: Your mind is acute. (Int +2) [potion of
                  | mutation]
 47783 | Depths:3 | Gained mutation: Your movements are slightly less
                  | encumbered by armour. (ER -2) [potion of mutation]
 47784 | Depths:3 | 47784 ||| DRINKING 2 potions of mutation.
 47784 | Depths:3 | Lost mutation: You are frail. (-10% HP) [potion of
                  | mutation]
 47784 | Depths:3 | Lost mutation: Your mind is acute. (Int +2) [potion of
                  | mutation]
 47784 | Depths:3 | Gained mutation: You possess an exceptional clarity of
                  | mind. [potion of mutation]
 47784 | Depths:3 | Gained mutation: Your movements are less encumbered by
                  | armour. (ER -4) [potion of mutation]
 47827 | Depths:3 | 47827 ||| DRINKING potion of mutation.
 47827 | Depths:3 | Lost mutation: You possess an exceptional clarity of mind.
                  | [potion of mutation]
 47827 | Depths:3 | Lost mutation: Scrolls take you a little longer to read.
                  | [potion of mutation]
 47827 | Depths:3 | Lost mutation: You are resistant to hostile enchantments.
                  | (MR+) [potion of mutation]
 47827 | Depths:3 | Gained mutation: Scrolls take you a little longer to read.
                  | [potion of mutation]
 47827 | Depths:3 | Gained mutation: You have sharp toenails. [potion of
                  | mutation]
 47827 | Depths:3 | Gained mutation: You are clumsy. (Dex -2) [potion of
                  | mutation]
 47827 | Depths:3 | Gained mutation: Your mind is acute. (Int +2) [potion of
                  | mutation]
 47863 | Depths:3 | 47863 ||| Stepping ~*~*~tactically~*~*~ (hiding).
 47864 | Depths:3 | 47864 ||| Waiting for ranged monster.
 47865 | Depths:3 | 47865 ||| Waiting for ranged monster.
 47866 | Depths:3 | 47866 ||| Waiting for ranged monster.
 47888 | Depths:3 | Found a runed translucent door.
 47888 | Depths:3 | Found a shimmering altar of Xom.
 47888 | Depths:3 | Noticed Ryppugov's ghost (veteran VSMo)
 47889 | Depths:3 | 47889 ||| INVOKING Brothers in Arms.
 47890 | Depths:3 | 47890 ||| INVOKING Berserk.
 47930 | Depths:3 | 47930 ||| EATING 12 rations.
 48034 | Depths:3 | 48034 ||| Stepping ~*~*~tactically~*~*~ (stealth).
 48035 | Depths:3 | 48035 ||| Stepping ~*~*~tactically~*~*~ (stealth).
 48058 | Depths:3 | 48058 ||| INVOKING Trog's Hand.
 48059 | Depths:3 | 48059 ||| INVOKING Brothers in Arms.
 48076 | Depths:3 | 48076 ||| INVOKING Berserk.
 48148 | Depths:3 | Paralysed by a floating eye for 3 turns
 48155 | Depths:3 | 48155 ||| INVOKING Trog's Hand.
 48156 | Depths:3 | 48156 ||| INVOKING Brothers in Arms.
 48157 | Depths:3 | 48157 ||| INVOKING Berserk.
 48161 | Depths:3 | Paralysed by a floating eye for 3 turns
 48174 | Depths:3 | 48174 ||| READING 4 scrolls of teleportation.
 48543 | Depths:3 | 48543 ||| Stepping ~*~*~tactically~*~*~ (hiding).
 48544 | Depths:3 | 48544 ||| Waiting for ranged monster.
 48562 | Depths:3 | 48562 ||| INVOKING Berserk.
 48616 | Depths:3 | 48616 ||| Stepping ~*~*~tactically~*~*~ (stealth).
 48883 | Depths:3 | Reached skill level 24 in Fighting
 48888 | Depths:3 | 48888 ||| Stepping ~*~*~tactically~*~*~ (stealth).
 48989 | Depths:4 | 48989 ||| STAIRDANCE
 49044 | Depths:4 | Found Cometoys's Weapon Shop.
 49045 | Depths:4 | Found Joeky's Weapon Boutique.
 49045 | Depths:4 | Found Moomohosch's Magic Scroll Shop.
 49048 | Depths:4 | Found Kuiguel's Jewellery Boutique.
 49144 | Depths:4 | 49144 ||| SHOPLISTING ring of Tugic {rC+ Int-3 SInv Stlth+}
                  | (382 gold, have 327).
 49147 | Depths:4 | Bought a scroll of teleportation for 54 gold pieces
 49147 | Depths:4 | Bought a scroll of enchant armour for 135 gold pieces
 49189 | Depths:4 | 49189 ||| INVOKING Brothers in Arms.
 49195 | Depths:4 | 49195 ||| INVOKING Brothers in Arms.
 49390 | Depths:4 | Paralysed by a floating eye for 3 turns
 49420 | Depths:4 | 49420 ||| FLEEEEING.
 49421 | Depths:4 | 49421 ||| FLEEEEING.
 49422 | Depths:4 | 49422 ||| FLEEEEING.
 49423 | Depths:4 | 49423 ||| FLEEEEING.
 49424 | Depths:4 | 49424 ||| FLEEEEING.
 49425 | Depths:4 | 49425 ||| FLEEEEING.
 49426 | Depths:4 | 49426 ||| FLEEEEING.
 49427 | Depths:4 | 49427 ||| FLEEEEING.
 49428 | Depths:4 | 49428 ||| FLEEEEING.
 49429 | Depths:4 | 49429 ||| FLEEEEING.
 49430 | Depths:4 | 49430 ||| FLEEEEING.
 49431 | Depths:4 | 49431 ||| FLEEEEING.
 49432 | Depths:4 | 49432 ||| FLEEEEING.
 49433 | Depths:4 | 49433 ||| STAIRDANCE
 49605 | Depths:4 | 49605 ||| STAIRDANCE
 49643 | Depths:4 | 49643 ||| STAIRDANCE
 49658 | Depths:4 | 49658 ||| STAIRDANCE
 49667 | Depths:3 | 49667 ||| FLEEEEING.
 49668 | Depths:3 | 49668 ||| FLEEEEING.
 49669 | Depths:3 | 49669 ||| FLEEEEING.
 49673 | Depths:3 | 49673 ||| STAIRDANCE
 49733 | Depths:4 | Reached XP level 23. HP: 168/168 MP: 23/23
 49809 | Depths:4 | 49809 ||| UPGRADING to pair of runed boots.
 49819 | Depths:4 | 49819 ||| UPGRADING to +2 pair of boots of running.
 49829 | Depths:4 | 49829 ||| DROPPING +1 pair of boots.
 49837 | Depths:4 | 49837 ||| DRINKING potion of mutation.
 49837 | Depths:4 | Lost mutation: Your movements are less encumbered by
                  | armour. (ER -4) [potion of mutation]
 49837 | Depths:4 | Lost mutation: You are clumsy. (Dex -2) [potion of
                  | mutation]
 49837 | Depths:4 | Lost mutation: Scrolls take you a little longer to read.
                  | [potion of mutation]
 49837 | Depths:4 | Gained mutation: You have supernaturally acute eyesight.
                  | (SInv) [potion of mutation]
 49838 | Depths:4 | 49838 ||| REMOVING ring of see invisible.
 49839 | Depths:4 | 49839 ||| DROPPING ring of see invisible.
 49840 | Depths:4 | 49840 ||| UPGRADING to ring of protection from fire.
 49841 | Depths:4 | 49841 ||| UPGRADING to +1 cloak of Joy {Str+2}.
 49851 | Depths:4 | 49851 ||| UPGRADING to +5 ring of strength.
 49853 | Depths:4 | 49853 ||| UPGRADING to scarf of resistance.
 49895 | Depths:4 | 49895 ||| Stepping ~*~*~tactically~*~*~ (hiding).
 49896 | Depths:4 | 49896 ||| Waiting for ranged monster.
 49897 | Depths:4 | 49897 ||| Waiting for ranged monster.
 49898 | Depths:4 | 49898 ||| Waiting for ranged monster.
 49899 | Depths:4 | 49899 ||| Waiting for ranged monster.
 49900 | Depths:4 | 49900 ||| Waiting for ranged monster.
 49903 | Depths:4 | 49903 ||| Waiting for ranged monster.
 49904 | Depths:4 | 49904 ||| Waiting for ranged monster.
 49939 | Depths:4 | 49939 ||| INVOKING Trog's Hand.
 49941 | Depths:4 | 49941 ||| Stepping ~*~*~tactically~*~*~ (hiding).
 49942 | Depths:4 | 49942 ||| Waiting for ranged monster.
 49943 | Depths:4 | 49943 ||| Waiting for ranged monster.
 49944 | Depths:4 | 49944 ||| Waiting for ranged monster.
 49946 | Depths:4 | 49946 ||| Stepping ~*~*~tactically~*~*~ (hiding).
 49947 | Depths:4 | 49947 ||| Waiting for ranged monster.
 49950 | Depths:4 | 49950 ||| Waiting for ranged monster.
 49951 | Depths:4 | 49951 ||| Waiting for ranged monster.
 49952 | Depths:4 | 49952 ||| Waiting for ranged monster.
 49973 | Depths:4 | 49973 ||| INVOKING Trog's Hand.
 49974 | Depths:4 | 49974 ||| INVOKING Berserk.
 49983 | Depths:4 | 49983 ||| Stepping ~*~*~tactically~*~*~ (hiding).
 49984 | Depths:4 | 49984 ||| Waiting for ranged monster.
 49985 | Depths:4 | 49985 ||| Waiting for ranged monster.
 49986 | Depths:4 | 49986 ||| INVOKING Brothers in Arms.
 49990 | Depths:4 | Received a gift from Trog
 49991 | Depths:4 | 49991 ||| Waiting for ranged monster.
 49992 | Depths:4 | 49992 ||| Waiting for ranged monster.
 50063 | Depths:4 | 50063 ||| INVOKING Trog's Hand.
 50065 | Depths:4 | 50065 ||| Stepping ~*~*~tactically~*~*~ (hiding).
 50110 | Depths:4 | 50110 ||| Stepping ~*~*~tactically~*~*~ (stealth).
 50123 | Depths:4 | 50123 ||| Stepping ~*~*~tactically~*~*~ (hiding).
 50124 | Depths:4 | 50124 ||| Stepping ~*~*~tactically~*~*~ (hiding).
 50128 | Depths:4 | Reached skill level 12 in Dodging
 50129 | Depths:4 | 50129 ||| Waiting for ranged monster.
 50147 | Depths:4 | 50147 ||| Stepping ~*~*~tactically~*~*~ (hiding).
 50175 | Depths:4 | 50175 ||| INVOKING Berserk.
 50501 | Depths:4 | 50501 ||| SWAPPING to glowing battleaxe.
 50502 | Depths:4 | 50502 ||| SWAPPING to +9 vorpal battleaxe.
 50503 | Depths:4 | 50503 ||| DROPPING +2 battleaxe of pain.
 50635 | Depths:5 | Entered Level 5 of the Depths
 50636 | Depths:5 | 50636 ||| STAIRDANCE
 50636 | Depths:5 | Noticed a golden dragon
 50655 | Depths:5 | 50655 ||| INVOKING Trog's Hand.
 50656 | Depths:5 | 50656 ||| STAIRDANCE
 50792 | Depths:5 | 50792 ||| STAIRDANCE
 50794 | Depths:4 | 50794 ||| INVOKING Trog's Hand.
 50808 | Depths:5 | Killed a golden dragon
 50808 | Depths:5 | Reached skill level 25 in Fighting
 50867 | Depths:5 | 50867 ||| DROPPING +2 plate armour of fire resistance.
 50893 | Depths:5 | 50893 ||| FLEEEEING.
 50894 | Depths:5 | 50894 ||| FLEEEEING.
 50895 | Depths:5 | 50895 ||| STILL FLEEEEING.
 50896 | Depths:5 | 50896 ||| STILL FLEEEEING.
 50897 | Depths:5 | 50897 ||| STILL FLEEEEING.
 50898 | Depths:5 | 50898 ||| STILL FLEEEEING.
 50899 | Depths:5 | 50899 ||| STILL FLEEEEING.
 50900 | Depths:5 | 50900 ||| STILL FLEEEEING.
 50901 | Depths:5 | 50901 ||| FLEEEEING.
 50902 | Depths:5 | 50902 ||| STILL FLEEEEING.
 50903 | Depths:5 | 50903 ||| STILL FLEEEEING.
 50904 | Depths:5 | 50904 ||| STILL FLEEEEING.
 50905 | Depths:5 | 50905 ||| STILL FLEEEEING.
 50906 | Depths:5 | 50906 ||| STILL FLEEEEING.
 50907 | Depths:5 | 50907 ||| STILL FLEEEEING.
 50908 | Depths:5 | 50908 ||| STILL FLEEEEING.
 50909 | Depths:5 | 50909 ||| STILL FLEEEEING.
 50910 | Depths:5 | 50910 ||| STILL FLEEEEING.
 50913 | Depths:5 | 50913 ||| FLEEEEING.
 50914 | Depths:5 | 50914 ||| STAIRDANCE
 51072 | Depths:5 | Received a gift from Trog
 51094 | Depths:5 | 51094 ||| SWAPPING to glowing executioner's axe {god gift}.
 51095 | Depths:5 | 51095 ||| SWAPPING to +9 vorpal battleaxe.
 51096 | Depths:5 | 51096 ||| DROPPING +1 antimagic executioner's axe.
 51191 | Depths:5 | 51191 ||| Stepping ~*~*~tactically~*~*~ (stealth).
 51192 | Depths:5 | 51192 ||| Stepping ~*~*~tactically~*~*~ (stealth).
 51219 | Depths:5 | 51219 ||| Stepping ~*~*~tactically~*~*~ (hiding).
 51220 | Depths:5 | 51220 ||| Waiting for ranged monster.
 51221 | Depths:5 | 51221 ||| Stepping ~*~*~tactically~*~*~ (hiding).
 51222 | Depths:5 | 51222 ||| Waiting for ranged monster.
 51223 | Depths:5 | 51223 ||| Waiting for ranged monster.
 51224 | Depths:5 | 51224 ||| Waiting for ranged monster.
 51225 | Depths:5 | 51225 ||| Waiting for ranged monster.
 51226 | Depths:5 | 51226 ||| Waiting for ranged monster.
 51227 | Depths:5 | 51227 ||| Waiting for ranged monster.
 51247 | Depths:5 | 51247 ||| Stepping ~*~*~tactically~*~*~ (hiding).
 51248 | Depths:5 | 51248 ||| FLEEEEING.
 51254 | Depths:5 | 51254 ||| FLEEEEING.
 51255 | Depths:5 | 51255 ||| STILL FLEEEEING.
 51256 | Depths:5 | 51256 ||| STILL FLEEEEING.
 51257 | Depths:5 | 51257 ||| STILL FLEEEEING.
 51258 | Depths:5 | 51258 ||| STILL FLEEEEING.
 51259 | Depths:5 | 51259 ||| STILL FLEEEEING.
 51260 | Depths:5 | 51260 ||| STILL FLEEEEING.
 51261 | Depths:5 | 51261 ||| STILL FLEEEEING.
 51262 | Depths:5 | 51262 ||| STILL FLEEEEING.
 51263 | Depths:5 | 51263 ||| STILL FLEEEEING.
 51264 | Depths:5 | 51264 ||| STAIRDANCE
 51494 | Depths:5 | 51494 ||| Stepping ~*~*~tactically~*~*~ (hiding).
 51495 | Depths:5 | 51495 ||| Stepping ~*~*~tactically~*~*~ (hiding).
 51496 | Depths:5 | 51496 ||| Stepping ~*~*~tactically~*~*~ (hiding).
 51497 | Depths:5 | 51497 ||| Waiting for ranged monster.
 51498 | Depths:5 | 51498 ||| Stepping ~*~*~tactically~*~*~ (hiding).
 51499 | Depths:5 | 51499 ||| Stepping ~*~*~tactically~*~*~ (hiding).
 51500 | Depths:5 | 51500 ||| Waiting for ranged monster.
 51542 | Depths:5 | 51542 ||| EATING 14 rations.
 51617 | Depths:5 | Found a gateway to a ziggurat.
 51632 | Depths:5 | Noticed Boris
 51633 | Depths:5 | 51633 ||| Stepping ~*~*~tactically~*~*~ (hiding).
 51634 | Depths:5 | 51634 ||| Stepping ~*~*~tactically~*~*~ (hiding).
 51635 | Depths:5 | 51635 ||| Stepping ~*~*~tactically~*~*~ (hiding).
 51636 | Depths:5 | 51636 ||| Stepping ~*~*~tactically~*~*~ (hiding).
 51637 | Depths:5 | 51637 ||| Stepping ~*~*~tactically~*~*~ (hiding).
 51638 | Depths:5 | 51638 ||| INVOKING Brothers in Arms.
 51639 | Depths:5 | 51639 ||| INVOKING Berserk.
 51644 | Depths:5 | Killed Boris
 51660 | Depths:5 | 51660 ||| Stepping ~*~*~tactically~*~*~ (hiding).
 51661 | Depths:5 | 51661 ||| INVOKING Brothers in Arms.
 51667 | Depths:5 | 51667 ||| INVOKING Brothers in Arms.
 51793 | Depths:5 | Noticed an ancient lich
 51796 | Depths:5 | 51796 ||| INVOKING Brothers in Arms.
 51804 | Depths:5 | 51804 ||| INVOKING Trog's Hand.
 51804 | Depths:5 | Noticed Puqacocs's ghost (master GrBe)
 51822 | Depths:5 | Found a transporter.
 51834 | Depths:5 | Found a transporter.
 51841 | Depths:5 | Found Idatzygeatt's Demolitions Depot.
 51864 | Depths:5 | Reached skill level 21 in Armour
 51950 | Depths:5 | 51950 ||| INVOKING Trog's Hand.
 51952 | Depths:5 | Noticed a golden dragon
 51964 | Depths:5 | Killed a golden dragon
 51964 | Depths:5 | Found a gate to the Realm of Zot.
 51992 | Depths:5 | 51992 ||| INVOKING Berserk.
 52072 | Depths:5 | 52072 ||| EATING 13 rations.
 52242 | Depths:5 | 52242 ||| Eating in order to wield vampiric weapon.
 52242 | Depths:5 | 52242 ||| EATING 12 rations.
 52243 | Depths:5 | 52243 ||| UPGRADING to +3 vampiric battleaxe.
 52244 | Depths:5 | 52244 ||| DROPPING +9 vorpal battleaxe.
 52245 | Depths:5 | 52245 ||| READING 4 scrolls of enchant weapon.
 52245 | Depths:5 | 52245 ||| ENCHANTING +3 vampiric battleaxe.
 52246 | Depths:5 | 52246 ||| READING 3 scrolls of enchant weapon.
 52246 | Depths:5 | 52246 ||| ENCHANTING +4 vampiric battleaxe.
 52247 | Depths:5 | 52247 ||| READING 2 scrolls of enchant weapon.
 52247 | Depths:5 | 52247 ||| ENCHANTING +5 vampiric battleaxe.
 52248 | Depths:5 | 52248 ||| READING scroll of enchant weapon.
 52248 | Depths:5 | 52248 ||| ENCHANTING +6 vampiric battleaxe.
 52653 | Vaults:5 | Entered Level 5 of the Vaults
 52655 | Vaults:5 | 52655 ||| STAIRDANCE
 52675 | Vaults:5 | 52675 ||| STAIRDANCE
 52704 | Vaults:5 | 52704 ||| STAIRDANCE
 52708 | Vaults:5 | Reached XP level 24. HP: 175/177 MP: 23/23
 52709 | Vaults:5 | 52709 ||| INVOKING Berserk.
 52729 | Vaults:5 | Noticed an ancient lich
 52730 | Vaults:5 | Reached skill level 26 in Fighting
 52752 | Vaults:5 | Killed an ancient lich
 52752 | Vaults:5 | Received a gift from Trog
 52763 | Vaults:5 | 52763 ||| STAIRDANCE
 52811 | Vaults:5 | Noticed Boris
 52812 | Vaults:5 | 52812 ||| INVOKING Brothers in Arms.
 52812 | Vaults:5 | Paralysed by a sphinx for 6 turns
 52819 | Vaults:5 | 52819 ||| INVOKING Berserk.
 52832 | Vaults:5 | Killed Boris
 52833 | Vaults:5 | 52833 ||| STAIRDANCE
 52974 | Vaults:5 | 52974 ||| STAIRDANCE
 52985 | Vaults:5 | 52985 ||| Stepping ~*~*~tactically~*~*~ (hiding).
 52986 | Vaults:5 | 52986 ||| Stepping ~*~*~tactically~*~*~ (hiding).
 52987 | Vaults:5 | 52987 ||| Stepping ~*~*~tactically~*~*~ (hiding).
 52988 | Vaults:5 | 52988 ||| Stepping ~*~*~tactically~*~*~ (hiding).
 52989 | Vaults:5 | 52989 ||| Stepping ~*~*~tactically~*~*~ (hiding).
 52990 | Vaults:5 | 52990 ||| Stepping ~*~*~tactically~*~*~ (hiding).
 52991 | Vaults:5 | 52991 ||| Stepping ~*~*~tactically~*~*~ (hiding).
 52992 | Vaults:5 | 52992 ||| Stepping ~*~*~tactically~*~*~ (hiding).
 52993 | Vaults:5 | 52993 ||| Stepping ~*~*~tactically~*~*~ (hiding).
 52994 | Vaults:5 | 52994 ||| Stepping ~*~*~tactically~*~*~ (hiding).
 52995 | Vaults:5 | 52995 ||| Waiting for ranged monster.
 52996 | Vaults:5 | 52996 ||| Stepping ~*~*~tactically~*~*~ (hiding).
 52997 | Vaults:5 | 52997 ||| Stepping ~*~*~tactically~*~*~ (hiding).
 52998 | Vaults:5 | 52998 ||| Stepping ~*~*~tactically~*~*~ (hiding).
 52999 | Vaults:5 | 52999 ||| Stepping ~*~*~tactically~*~*~ (hiding).
 53000 | Vaults:5 | 53000 ||| Stepping ~*~*~tactically~*~*~ (hiding).
 53001 | Vaults:5 | 53001 ||| Stepping ~*~*~tactically~*~*~ (hiding).
 53002 | Vaults:5 | 53002 ||| Stepping ~*~*~tactically~*~*~ (hiding).
 53006 | Vaults:5 | 53006 ||| INVOKING Berserk.
 53067 | Vaults:5 | 53067 ||| INVOKING Berserk.
 53079 | Vaults:5 | Noticed an ancient lich
 53080 | Vaults:5 | 53080 ||| READING 4 scrolls of teleportation.
 53084 | Vaults:5 | Noticed Mara
 53085 | Vaults:5 | 53085 ||| READING 3 scrolls of teleportation.
 53088 | Vaults:5 | Noticed Caramio's illusion
 53090 | Vaults:5 | Noticed an ancient lich
 53091 | Vaults:5 | 53091 ||| READING 2 scrolls of teleportation.
 53115 | Vaults:5 | 53115 ||| Stepping ~*~*~tactically~*~*~ (hiding).
 53116 | Vaults:5 | 53116 ||| Stepping ~*~*~tactically~*~*~ (hiding).
 53118 | Vaults:5 | 53118 ||| Stepping ~*~*~tactically~*~*~ (hiding).
 53119 | Vaults:5 | 53119 ||| Stepping ~*~*~tactically~*~*~ (hiding).
 53120 | Vaults:5 | 53120 ||| Stepping ~*~*~tactically~*~*~ (hiding).
 53121 | Vaults:5 | 53121 ||| Stepping ~*~*~tactically~*~*~ (hiding).
 53122 | Vaults:5 | 53122 ||| Stepping ~*~*~tactically~*~*~ (hiding).
 53123 | Vaults:5 | 53123 ||| Stepping ~*~*~tactically~*~*~ (hiding).
 53124 | Vaults:5 | 53124 ||| Stepping ~*~*~tactically~*~*~ (hiding).
 53125 | Vaults:5 | 53125 ||| INVOKING Trog's Hand.
 53131 | Vaults:5 | 53131 ||| READING scroll of teleportation.
 53136 | Vaults:5 | 53136 ||| EATING 11 rations.
 53206 | Vaults:5 | 53206 ||| Stepping ~*~*~tactically~*~*~ (hiding).
 53207 | Vaults:5 | 53207 ||| Stepping ~*~*~tactically~*~*~ (stealth).
 53232 | Vaults:5 | Received a gift from Trog
 53259 | Vaults:5 | 53259 ||| Stepping ~*~*~tactically~*~*~ (hiding).
 53260 | Vaults:5 | 53260 ||| Waiting for ranged monster.
 53323 | Vaults:5 | 53323 ||| Stepping ~*~*~tactically~*~*~ (stealth).
 53331 | Vaults:5 | 53331 ||| Stepping ~*~*~tactically~*~*~ (stealth).
 53333 | Vaults:5 | 53333 ||| Stepping ~*~*~tactically~*~*~ (stealth).
 53334 | Vaults:5 | 53334 ||| Stepping ~*~*~tactically~*~*~ (stealth).
 53335 | Vaults:5 | 53335 ||| Stepping ~*~*~tactically~*~*~ (stealth).
 53340 | Vaults:5 | 53340 ||| INVOKING Brothers in Arms.
 53344 | Vaults:5 | 53344 ||| INVOKING Brothers in Arms.
 53346 | Vaults:5 | 53346 ||| INVOKING Berserk.
 53353 | Vaults:5 | Killed an ancient lich
 53365 | Vaults:5 | 53365 ||| INVOKING Trog's Hand.
 53365 | Vaults:5 | Reached skill level 1 in Evocations
 53371 | Vaults:5 | Reached XP level 25. HP: 185/185 MP: 23/24
 53385 | Vaults:5 | 53385 ||| INVOKING Brothers in Arms.
 53391 | Vaults:5 | Killed an ancient lich
 53391 | Vaults:5 | Reached skill level 3 in Evocations
 53396 | Vaults:5 | Noticed Caramio's illusion
 53396 | Vaults:5 | 53396 ||| INVOKING Brothers in Arms.
 53397 | Vaults:5 | 53397 ||| EATING 10 rations.
 53400 | Vaults:5 | Killed Mara
 53402 | Vaults:5 | Noticed an ancient lich
 53403 | Vaults:5 | 53403 ||| INVOKING Brothers in Arms.
 53404 | Vaults:5 | 53404 ||| INVOKING Brothers in Arms.
 53406 | Vaults:5 | 53406 ||| INVOKING Brothers in Arms.
 53407 | Vaults:5 | 53407 ||| EATING 10 rations.
 53413 | Vaults:5 | 53413 ||| INVOKING Brothers in Arms.
 53419 | Vaults:5 | Killed an ancient lich
 53508 | Vaults:5 | 53508 ||| READING scroll of enchant weapon.
 53508 | Vaults:5 | 53508 ||| ENCHANTING +7 vampiric battleaxe.
 53623 | Vaults:5 | 53623 ||| Stepping ~*~*~tactically~*~*~ (hiding).
 53624 | Vaults:5 | 53624 ||| Waiting for ranged monster.
 53625 | Vaults:5 | 53625 ||| Waiting for ranged monster.
 53626 | Vaults:5 | 53626 ||| Waiting for ranged monster.
 53627 | Vaults:5 | 53627 ||| Waiting for ranged monster.
 53642 | Vaults:5 | Reached skill level 27 in Fighting
 53644 | Vaults:5 | 53644 ||| INVOKING Trog's Hand.
 53652 | Vaults:5 | 53652 ||| INVOKING Berserk.
 53657 | Vaults:5 | Received a gift from Trog
 53737 | Vaults:5 | 53737 ||| UPGRADING to shiny plate armour.
 53747 | Vaults:5 | 53747 ||| UPGRADING to +8 chain mail of Lifarhea {*Corrode
                  | Str+7 Dex+3}.
 53757 | Vaults:5 | 53757 ||| DROPPING +1 plate armour of cold resistance.
 53819 | Vaults:5 | 53819 ||| Stepping ~*~*~tactically~*~*~ (hiding).
 53820 | Vaults:5 | 53820 ||| Stepping ~*~*~tactically~*~*~ (hiding).
 53821 | Vaults:5 | 53821 ||| Stepping ~*~*~tactically~*~*~ (hiding).
 53822 | Vaults:5 | 53822 ||| FLEEEEING.
 53823 | Vaults:5 | 53823 ||| FLEEEEING.
 53824 | Vaults:5 | 53824 ||| FLEEEEING.
 53825 | Vaults:5 | 53825 ||| FLEEEEING.
 53826 | Vaults:5 | 53826 ||| FLEEEEING.
 53827 | Vaults:5 | 53827 ||| STILL FLEEEEING.
 53828 | Vaults:5 | 53828 ||| STILL FLEEEEING.
 53829 | Vaults:5 | 53829 ||| STILL FLEEEEING.
 53830 | Vaults:5 | 53830 ||| STILL FLEEEEING.
 53831 | Vaults:5 | 53831 ||| STILL FLEEEEING.
 53832 | Vaults:5 | 53832 ||| STILL FLEEEEING.
 53833 | Vaults:5 | 53833 ||| STILL FLEEEEING.
 53834 | Vaults:5 | 53834 ||| STILL FLEEEEING.
 53835 | Vaults:5 | 53835 ||| STILL FLEEEEING.
 53866 | Vaults:5 | 53866 ||| FLEEEEING.
 53867 | Vaults:5 | 53867 ||| Stepping ~*~*~tactically~*~*~ (hiding).
 53869 | Vaults:5 | 53869 ||| Waiting for ranged monster.
 53870 | Vaults:5 | 53870 ||| Waiting for ranged monster.
 53871 | Vaults:5 | 53871 ||| Waiting for ranged monster.
 53872 | Vaults:5 | 53872 ||| Waiting for ranged monster.
 53970 | Vaults:5 | 53970 ||| UPGRADING to glowing scarf.
 53980 | Vaults:5 | 53980 ||| DROPPING scarf of resistance.
 54189 | Vaults:5 | 54189 ||| UPGRADING to pair of embroidered gloves.
 54199 | Vaults:5 | 54199 ||| UPGRADING to +2 pair of gloves.
 54209 | Vaults:5 | 54209 ||| DROPPING +1 pair of gloves.
 54211 | Vaults:5 | Got a silver rune of Zot
 54377 | Vaults:5 | 54377 ||| EATING 14 rations.
 54442 | Vaults:5 | Noticed Bai Suzhen
 54456 | Vaults:5 | 54456 ||| FLEEEEING.
 54457 | Vaults:5 | 54457 ||| FLEEEEING.
 54458 | Vaults:5 | 54458 ||| FLEEEEING.
 54459 | Vaults:5 | 54459 ||| FLEEEEING.
 54460 | Vaults:5 | 54460 ||| FLEEEEING.
 54461 | Vaults:5 | 54461 ||| FLEEEEING.
 54462 | Vaults:5 | 54462 ||| FLEEEEING.
 54463 | Vaults:5 | 54463 ||| FLEEEEING.
 54464 | Vaults:5 | 54464 ||| FLEEEEING.
 54465 | Vaults:5 | 54465 ||| FLEEEEING.
 54477 | Vaults:5 | Killed Bai Suzhen
 54887 | D:14     | 54887 ||| SHOPPING SPREE
 54932 | D:14     | Bought a potion of mutation for 88 gold pieces
 54932 | D:14     | Bought a potion of curing for 33 gold pieces
 54932 | D:14     | Bought a potion of curing for 33 gold pieces
 54932 | D:14     | Bought a potion of curing for 33 gold pieces
 54932 | D:14     | Bought a potion of curing for 33 gold pieces
 54932 | D:14     | Bought a potion of curing for 33 gold pieces
 54932 | D:14     | 54932 ||| SHOPPING SPREE
 54961 | D:14     | Bought a potion of heal wounds for 70 gold pieces
 54961 | D:14     | Bought a potion of mutation for 112 gold pieces
 54961 | D:14     | Bought a potion of heal wounds for 70 gold pieces
 54961 | D:14     | Bought a potion of curing for 42 gold pieces
 54961 | D:14     | 54961 ||| SHOPPING SPREE
 55178 | D:5      | 55178 ||| SHOPPING SPREE
 55392 | D:14     | 55392 ||| SHOPPING SPREE
 55418 | D:14     | Bought a shiny plate armour for 728 gold pieces
 55418 | D:14     | 55418 ||| UPGRADING to shiny plate armour.
 55428 | D:14     | 55428 ||| UPGRADING to +8 chain mail of Lifarhea {*Corrode
                  | Str+7 Dex+3}.
 55438 | D:14     | 55438 ||| DROPPING +3 plate armour of positive energy.
 55439 | D:14     | 55439 ||| SHOPPING SPREE
 55506 | D:11     | 55506 ||| Stepping ~*~*~tactically~*~*~ (stealth).
 55507 | D:11     | 55507 ||| Stepping ~*~*~tactically~*~*~ (stealth).
 55508 | D:11     | 55508 ||| SHOPPING SPREE
 55519 | D:11     | 55519 ||| SHOPPING SPREE
 55531 | D:11     | 55531 ||| SHOPPING SPREE
 55583 | Orc:2    | 55583 ||| EATING 14 rations.
 55584 | Orc:2    | 55584 ||| SHOPPING SPREE
 55588 | Orc:2    | Bought a scroll of brand weapon for 300 gold pieces
 55588 | Orc:2    | 55588 ||| SHOPPING SPREE
 55690 | D:14     | 55690 ||| SHOPPING SPREE
 55826 | Depths:4 | 55826 ||| SHOPPING SPREE
 55910 | Depths:2 | Bought the ring "Jeid" {Wiz Dex+2 Slay+5} for 1306 gold
                  | pieces
 55910 | Depths:2 | 55910 ||| UPGRADING to ring "Jeid" {Wiz Dex+2 Slay+5}.
 55912 | Depths:2 | 55912 ||| DROPPING +5 ring of strength.
 55913 | Depths:2 | 55913 ||| CLEARING SHOPPING LIST
 56108 | Depths:5 | 56108 ||| INVOKING Trog's Hand.
 56109 | Depths:5 | 56109 ||| INVOKING Brothers in Arms.
 56110 | Depths:5 | 56110 ||| INVOKING Brothers in Arms.
 56131 | Zot:1    | Entered Level 1 of the Realm of Zot
 56131 | Zot:1    | Noticed an ancient lich
 56132 | Zot:1    | 56132 ||| Entered Z.
 56132 | Zot:1    | 56132 ||| INVOKING Brothers in Arms.
 56133 | Zot:1    | 56133 ||| INVOKING Berserk.
 56135 | Zot:1    | Noticed a Killer Klown
 56137 | Zot:1    | Noticed a Killer Klown
 56141 | Zot:1    | Killed an ancient lich
 56141 | Zot:1    | Noticed a Killer Klown
 56142 | Zot:1    | Noticed a Killer Klown
 56145 | Zot:1    | Killed a Killer Klown
 56150 | Zot:1    | 56150 ||| STAIRDANCE
 56152 | Depths:5 | 56152 ||| EATING 13 rations.
 56202 | Zot:1    | 56202 ||| STAIRDANCE
 56206 | Depths:5 | Noticed a shard shrike
 56206 | Depths:5 | a Killer Klown changed into a shard shrike
 56211 | Depths:5 | Killed a Killer Klown
 56213 | Depths:5 | Killed a shard shrike
 56216 | Depths:5 | Killed a Killer Klown
 56235 | Zot:1    | 56235 ||| INVOKING Berserk.
 56258 | Zot:1    | 56258 ||| EATING 12 rations.
 56259 | Zot:1    | 56259 ||| EATING 11 rations.
 56296 | Zot:1    | 56296 ||| Magic Mapping Zot
 56296 | Zot:1    | 56296 ||| READING 6 scrolls of magic mapping.
 56372 | Zot:1    | 56372 ||| Stepping ~*~*~tactically~*~*~ (hiding).
 56408 | Zot:1    | Gained mutation: You do not regenerate when monsters are
                  | visible. [mutagenic glow]
 56435 | Zot:1    | 56435 ||| DRINKING 3 potions of mutation.
 56435 | Zot:1    | Lost mutation: Your mind is acute. (Int +2) [potion of
                  | mutation]
 56435 | Zot:1    | Gained mutation: You have a pair of small horns on your
                  | head. [potion of mutation]
 56435 | Zot:1    | Gained mutation: You evolve. [potion of mutation]
 56435 | Zot:1    | Gained mutation: Your muscles are strong. (Str +2) [potion
                  | of mutation]
 56436 | Zot:1    | 56436 ||| DROPPING +2 helmet.
 56437 | Zot:1    | 56437 ||| DRINKING 2 potions of mutation.
 56437 | Zot:1    | Lost mutation: Your muscles are strong. (Str +2) [potion of
                  | mutation]
 56437 | Zot:1    | Lost mutation: You have a pair of small horns on your head.
                  | [potion of mutation]
 56437 | Zot:1    | Lost mutation: Your movements are slightly less encumbered
                  | by armour. (ER -2) [potion of mutation]
 56437 | Zot:1    | Gained mutation: Your flesh is heat resistant. (rF+)
                  | [potion of mutation]
 56437 | Zot:1    | Gained mutation: You are agile. (Dex +2) [potion of
                  | mutation]
 56438 | Zot:1    | 56438 ||| DRINKING potion of mutation.
 56438 | Zot:1    | Lost mutation: You evolve. [potion of mutation]
 56438 | Zot:1    | Lost mutation: You have supernaturally acute eyesight.
                  | (SInv) [potion of mutation]
 56438 | Zot:1    | Lost mutation: You do not regenerate when monsters are
                  | visible. [potion of mutation]
 56438 | Zot:1    | Lost mutation: You have sharp toenails. [potion of
                  | mutation]
 56438 | Zot:1    | Gained mutation: Your body sometimes deteriorates upon
                  | taking damage. [potion of mutation]
 56438 | Zot:1    | Gained mutation: You evolve. [potion of mutation]
 56438 | Zot:1    | Gained mutation: You are partially covered in icy blue
                  | scales. (AC +2) [potion of mutation]
 56452 | Zot:1    | 56452 ||| UPGRADING to glowing copper ring.
 56454 | Zot:1    | 56454 ||| UPGRADING to ring "Jeid" {Wiz Dex+2 Slay+5}.
 56456 | Zot:1    | 56456 ||| READING 21 scrolls of remove curse.
 56457 | Zot:1    | 56457 ||| REMOVING -6 ring of dexterity.
 56458 | Zot:1    | 56458 ||| DROPPING -6 ring of dexterity.
 56459 | Zot:1    | 56459 ||| UPGRADING to ring of protection from fire.
 56460 | Zot:1    | 56460 ||| UPGRADING to +5 ring of evasion.
 56478 | Zot:1    | Reached XP level 26. HP: 193/193 MP: 27/27
 56510 | Zot:1    | Gained mutation: You are dopey. (Int -2) [mutagenic glow]
 56727 | Zot:1    | 56727 ||| EATING 10 rations.
 56824 | Zot:1    | 56824 ||| Stepping ~*~*~tactically~*~*~ (stealth).
 56825 | Zot:1    | 56825 ||| Stepping ~*~*~tactically~*~*~ (stealth).
 56858 | Zot:1    | 56858 ||| FLEEEEING.
 56882 | Zot:1    | 56882 ||| INVOKING Berserk.
 56976 | Zot:1    | 56976 ||| Stepping ~*~*~tactically~*~*~ (stealth).
 56977 | Zot:1    | 56977 ||| Stepping ~*~*~tactically~*~*~ (stealth).
 57098 | Zot:2    | Received a gift from Trog
 57119 | Zot:2    | Cast into level 3 of the Abyss (yellow draconian
                  | annihilator)
 57129 | Abyss:3  | 57129 ||| Stepping ~*~*~tactically~*~*~ (stealth).
 57130 | Abyss:3  | 57130 ||| Stepping ~*~*~tactically~*~*~ (stealth).
 57132 | Abyss:3  | 57132 ||| Stepping ~*~*~tactically~*~*~ (stealth).
 57133 | Abyss:3  | 57133 ||| Stepping ~*~*~tactically~*~*~ (stealth).
 57134 | Abyss:3  | 57134 ||| Stepping ~*~*~tactically~*~*~ (stealth).
 57139 | Abyss:3  | 57139 ||| Stepping ~*~*~tactically~*~*~ (stealth).
 57194 | Abyss:3  | 57194 ||| Stepping ~*~*~tactically~*~*~ (stealth).
 57205 | Abyss:3  | 57205 ||| Stepping randomly (cloudy).
 57207 | Abyss:3  | 57207 ||| Stepping ~*~*~tactically~*~*~ (cloud).
 57257 | Abyss:3  | Reached skill level 15 in Dodging
 57287 | Abyss:3  | 57287 ||| Stepping ~*~*~tactically~*~*~ (stealth).
 57295 | Zot:2    | Escaped the Abyss
 57315 | Zot:2    | 57315 ||| Magic Mapping Zot
 57315 | Zot:2    | 57315 ||| READING 6 scrolls of magic mapping.
 57405 | Zot:2    | 57405 ||| Stepping ~*~*~tactically~*~*~ (hiding).
 57406 | Zot:2    | 57406 ||| Waiting for ranged monster.
 57407 | Zot:2    | 57407 ||| Stepping ~*~*~tactically~*~*~ (hiding).
 57408 | Zot:2    | 57408 ||| Waiting for ranged monster.
 57430 | Zot:2    | 57430 ||| INVOKING Berserk.
 57537 | Zot:2    | 57537 ||| Stepping ~*~*~tactically~*~*~ (hiding).
 57538 | Zot:2    | 57538 ||| Waiting for ranged monster.
 57539 | Zot:2    | 57539 ||| Waiting for ranged monster.
 57540 | Zot:2    | 57540 ||| Waiting for ranged monster.
 57545 | Zot:2    | 57545 ||| Waiting for ranged monster.
 57546 | Zot:2    | 57546 ||| Waiting for ranged monster.
 57696 | Zot:2    | 57696 ||| Stepping ~*~*~tactically~*~*~ (hiding).
 57747 | Zot:2    | 57747 ||| EATING 10 rations.
 58014 | Zot:2    | 58014 ||| Stepping ~*~*~tactically~*~*~ (stealth).
 58075 | Zot:2    | 58075 ||| Stepping ~*~*~tactically~*~*~ (hiding).
 58076 | Zot:2    | 58076 ||| Waiting for ranged monster.
 58077 | Zot:2    | 58077 ||| Waiting for ranged monster.
 58078 | Zot:2    | 58078 ||| Waiting for ranged monster.
 58079 | Zot:2    | 58079 ||| Waiting for ranged monster.
 58080 | Zot:2    | 58080 ||| Waiting for ranged monster.
 58105 | Zot:2    | 58105 ||| Stepping ~*~*~tactically~*~*~ (stealth).
 58116 | Zot:2    | 58116 ||| Stepping ~*~*~tactically~*~*~ (hiding).
 58117 | Zot:2    | 58117 ||| Stepping ~*~*~tactically~*~*~ (hiding).
 58118 | Zot:2    | 58118 ||| Waiting for ranged monster.
 58119 | Zot:2    | 58119 ||| Waiting for ranged monster.
 58120 | Zot:2    | 58120 ||| Waiting for ranged monster.
 58140 | Zot:2    | Noticed a Killer Klown
 58141 | Zot:2    | 58141 ||| Stepping ~*~*~tactically~*~*~ (hiding).
 58142 | Zot:2    | 58142 ||| Stepping ~*~*~tactically~*~*~ (hiding).
 58143 | Zot:2    | 58143 ||| Stepping ~*~*~tactically~*~*~ (hiding).
 58144 | Zot:2    | 58144 ||| Stepping ~*~*~tactically~*~*~ (hiding).
 58145 | Zot:2    | 58145 ||| Stepping ~*~*~tactically~*~*~ (hiding).
 58164 | Zot:2    | Killed a Killer Klown
 58287 | Zot:2    | Got a brightly glowing plate armour
 58288 | Zot:2    | 58288 ||| UPGRADING to brightly glowing plate armour.
 58298 | Zot:2    | Identified the +4 plate armour of the Lotus Blossom {rC-
                  | MR+ Int+6} (You found it on level 2 of the Realm of Zot)
 58298 | Zot:2    | 58298 ||| UPGRADING to +8 chain mail of Lifarhea {*Corrode
                  | Str+7 Dex+3}.
 58308 | Zot:2    | 58308 ||| DROPPING +4 plate armour of the Lotus Blossom
                  | {rC- MR+ Int+6}.
 58615 | Zot:3    | 58615 ||| Magic Mapping Zot
 58615 | Zot:3    | 58615 ||| READING 6 scrolls of magic mapping.
 58657 | Zot:3    | 58657 ||| Stepping ~*~*~tactically~*~*~ (hiding).
 58658 | Zot:3    | 58658 ||| Stepping ~*~*~tactically~*~*~ (hiding).
 58659 | Zot:3    | 58659 ||| Waiting for ranged monster.
 58870 | Zot:3    | 58870 ||| Stepping randomly (disturbance).
 58871 | Zot:3    | 58871 ||| Stepping randomly (disturbance).
 58886 | Zot:3    | 58886 ||| Stepping ~*~*~tactically~*~*~ (stealth).
 58887 | Zot:3    | 58887 ||| Stepping ~*~*~tactically~*~*~ (stealth).
 58894 | Zot:3    | 58894 ||| Stepping ~*~*~tactically~*~*~ (stealth).
 58897 | Zot:3    | 58897 ||| Stepping ~*~*~tactically~*~*~ (hiding).
 58898 | Zot:3    | 58898 ||| Stepping ~*~*~tactically~*~*~ (hiding).
 58956 | Zot:3    | 58956 ||| Stepping ~*~*~tactically~*~*~ (stealth).
 58957 | Zot:3    | 58957 ||| Stepping ~*~*~tactically~*~*~ (stealth).
 59259 | Zot:3    | 59259 ||| INVOKING Brothers in Arms.
 59264 | Zot:3    | 59264 ||| INVOKING Berserk.
 59436 | Zot:3    | 59436 ||| INVOKING Brothers in Arms.
 59438 | Zot:3    | 59438 ||| INVOKING Berserk.
 59636 | Zot:3    | Noticed a Killer Klown
 59637 | Zot:3    | 59637 ||| Stepping ~*~*~tactically~*~*~ (stealth).
 59644 | Zot:3    | 59644 ||| EATING 9 rations.
 59656 | Zot:3    | 59656 ||| INVOKING Brothers in Arms.
 59662 | Zot:3    | 59662 ||| INVOKING Berserk.
 59720 | Zot:4    | 59720 ||| INVOKING Berserk.
 59725 | Zot:4    | Received a gift from Trog
 59727 | Zot:4    | Reached XP level 27. HP: 199/199 MP: 0/27
 59737 | Zot:4    | 59737 ||| READING 4 scrolls of teleportation.
 59747 | Zot:4    | Reached skill level 24 in Armour
 59748 | Zot:4    | 59748 ||| READING 3 scrolls of teleportation.
 59909 | Zot:4    | 59909 ||| Magic Mapping Zot
 59909 | Zot:4    | 59909 ||| READING 6 scrolls of magic mapping.
 60108 | Zot:4    | 60108 ||| UPGRADING to ring of evasion.
 60110 | Zot:4    | 60110 ||| UPGRADING to +5 ring of evasion.
 60112 | Zot:4    | 60112 ||| DROPPING +3 ring of evasion.
 60171 | Zot:4    | 60171 ||| Stepping ~*~*~tactically~*~*~ (stealth).
 60172 | Zot:4    | 60172 ||| Stepping ~*~*~tactically~*~*~ (stealth).
 60174 | Zot:4    | 60174 ||| Stepping ~*~*~tactically~*~*~ (hiding).
 60175 | Zot:4    | 60175 ||| Waiting for ranged monster.
 60207 | Zot:4    | 60207 ||| Stepping ~*~*~tactically~*~*~ (stealth).
 60208 | Zot:4    | 60208 ||| Stepping ~*~*~tactically~*~*~ (stealth).
 60245 | Zot:4    | 60245 ||| Stepping ~*~*~tactically~*~*~ (hiding).
 60246 | Zot:4    | 60246 ||| Stepping ~*~*~tactically~*~*~ (hiding).
 60247 | Zot:4    | 60247 ||| Waiting for ranged monster.
 60254 | Zot:4    | 60254 ||| Waiting for ranged monster.
 60255 | Zot:4    | 60255 ||| Waiting for ranged monster.
 60301 | Zot:4    | 60301 ||| DRINKING 4 potions of cancellation.
 60410 | Zot:4    | 60410 ||| Stepping ~*~*~tactically~*~*~ (hiding).
 60411 | Zot:4    | 60411 ||| Waiting for ranged monster.
 60412 | Zot:4    | 60412 ||| Waiting for ranged monster.
 60416 | Zot:4    | Reached skill level 18 in Dodging
 60428 | Zot:4    | 60428 ||| INVOKING Berserk.
 60691 | Zot:4    | 60691 ||| INVOKING Berserk.
 60868 | Zot:4    | 60868 ||| INVOKING Berserk.
 61037 | Zot:5    | Entered Level 5 of the Realm of Zot
 61038 | Zot:5    | 61038 ||| EATING 8 rations.
 61039 | Zot:5    | 61039 ||| EATING 7 rations.
 61040 | Zot:5    | 61040 ||| Magic Mapping Zot
 61040 | Zot:5    | 61040 ||| READING 5 scrolls of magic mapping.
 61156 | Zot:5    | 61156 ||| EATING 6 rations.
 61207 | Zot:5    | Received a gift from Trog
 61261 | Zot:5    | 61261 ||| Stepping ~*~*~tactically~*~*~ (hiding).
 61270 | Zot:5    | 61270 ||| Waiting for ranged monster.
 61290 | Zot:5    | Noticed an orb of fire
 61291 | Zot:5    | 61291 ||| DRINKING 2 potions of resistance.
 61292 | Zot:5    | 61292 ||| INVOKING Brothers in Arms.
 61295 | Zot:5    | 61295 ||| INVOKING Berserk.
 61306 | Zot:5    | Killed an orb of fire
 61420 | Zot:5    | 61420 ||| Stepping ~*~*~tactically~*~*~ (stealth).
 61421 | Zot:5    | 61421 ||| Stepping ~*~*~tactically~*~*~ (stealth).
 61436 | Zot:5    | Noticed an ancient lich
 61437 | Zot:5    | 61437 ||| INVOKING Brothers in Arms.
 61438 | Zot:5    | 61438 ||| INVOKING Berserk.
 61442 | Zot:5    | Killed an ancient lich
 61443 | Zot:5    | 61443 ||| EATING 5 rations.
 61470 | Zot:5    | Noticed an ancient lich
 61471 | Zot:5    | 61471 ||| Stepping ~*~*~tactically~*~*~ (hiding).
 61472 | Zot:5    | 61472 ||| Waiting for ranged monster.
 61473 | Zot:5    | 61473 ||| Waiting for ranged monster.
 61474 | Zot:5    | Noticed an orb of fire
 61475 | Zot:5    | 61475 ||| DRINKING potion of resistance.
 61476 | Zot:5    | 61476 ||| INVOKING Brothers in Arms.
 61478 | Zot:5    | Gained mutation: Scrolls take you a little longer to read.
                  | [an orb of fire]
 61479 | Zot:5    | Gained mutation: You can translocate small distances at
                  | will. [an orb of fire]
 61489 | Zot:5    | 61489 ||| INVOKING Brothers in Arms.
 61491 | Zot:5    | 61491 ||| DRINKING 26 potions of curing.
 61491 | Zot:5    | 61491 ||| (to cure confusion)
 61492 | Zot:5    | Gained mutation: You are partially covered in yellow
                  | scales. (AC +2) [an orb of fire]
 61494 | Zot:5    | Noticed an ancient lich
 61494 | Zot:5    | Killed an orb of fire
 61497 | Zot:5    | 61497 ||| INVOKING Berserk.
 61497 | Zot:5    | Killed an ancient lich
 61497 | Zot:5    | Reached skill level 21 in Axes
 61504 | Zot:5    | Killed an ancient lich
 61518 | Zot:5    | Gained mutation: You are mostly covered in yellow scales.
                  | (AC +3) [evolution]
 61656 | Zot:5    | 61656 ||| Stepping ~*~*~tactically~*~*~ (stealth).
 61657 | Zot:5    | 61657 ||| Stepping ~*~*~tactically~*~*~ (stealth).
 61666 | Zot:5    | 61666 ||| Stepping ~*~*~tactically~*~*~ (stealth).
 61799 | Zot:5    | 61799 ||| EATING 4 rations.
 61835 | Zot:5    | Noticed an orb of fire
 61836 | Zot:5    | 61836 ||| INVOKING Brothers in Arms.
 61843 | Zot:5    | 61843 ||| INVOKING Brothers in Arms.
 61847 | Zot:5    | 61847 ||| INVOKING Berserk.
 61858 | Zot:5    | Killed an orb of fire
 61877 | Zot:5    | Noticed an ancient lich
 61881 | Zot:5    | 61881 ||| INVOKING Brothers in Arms.
 61887 | Zot:5    | Received a gift from Trog
 61888 | Zot:5    | Killed an ancient lich
 61892 | Zot:5    | 61892 ||| READING 4 scrolls of teleportation.
 62078 | Zot:5    | 62078 ||| EATING 3 rations.
 62211 | Zot:5    | 62211 ||| INVOKING Brothers in Arms.
 62217 | Zot:5    | 62217 ||| Stepping ~*~*~tactically~*~*~ (hiding).
 62218 | Zot:5    | 62218 ||| INVOKING Brothers in Arms.
 62219 | Zot:5    | 62219 ||| INVOKING Brothers in Arms.
 62310 | Zot:5    | Got the Orb of Zot
 62311 | Zot:5    | 62311 ||| READING scroll of brand weapon.
 62311 | Zot:5    | 62311 ||| BRANDING +8 vampiric battleaxe.
 62313 | Zot:5    | 62313 ||| DRINKING 8 potions of haste.
 62314 | Zot:5    | 62314 ||| DRINKING 14 potions of might.
 62319 | Zot:5    | 62319 ||| INVOKING Trog's Hand.
 62336 | Zot:5    | Noticed Boris
 62346 | Zot:5    | 62346 ||| Stepping randomly (disturbance).
 62347 | Zot:5    | 62347 ||| Stepping randomly (disturbance).
 62356 | Zot:5    | 62356 ||| Stepping randomly (disturbance).
 62357 | Zot:5    | 62357 ||| Stepping randomly (disturbance).
 62364 | Zot:5    | 62364 ||| Stepping randomly (disturbance).
 62402 | Zot:5    | 62402 ||| INVOKING Trog's Hand.
 62424 | Zot:4    | Noticed a seraph
 62424 | Zot:4    | 62424 ||| DRINKING 7 potions of haste.
 62425 | Zot:4    | 62425 ||| DRINKING 13 potions of might.
 62440 | Zot:4    | Killed a seraph
 62567 | Depths:5 | 62567 ||| DRINKING 6 potions of haste.
 62568 | Depths:5 | 62568 ||| DRINKING 12 potions of might.
 62579 | Depths:5 | 62579 ||| INVOKING Trog's Hand.
 62580 | Depths:5 | 62580 ||| EATING 3 rations.
 62835 | D:8      | Reached skill level 6 in Evocations
 62836 | D:8      | 62836 ||| INVOKING Trog's Hand.
 63045 | D:2      | Lost mutation: You are agile. (Dex +2) [a cacodemon]
 63111 | D:1      | 63111 ||| DRINKING 5 potions of haste.
 63112 | D:1      | 63112 ||| DRINKING 11 potions of might.
 63117 | D:1      | 63117 ||| INVOKING Trog's Hand.
 63129 | D:$      | Escaped with the Orb!

Levels and vault maps discovered:
D:1:      co_arrival_random_square_maze, layout_loops_corners
D:2:      layout_rooms, grunt_qazlal_sundering, serial_undead, serial_undead_d,
          serial_undead_c, serial_undead_b, serial_undead_b, serial_undead_f,
          serial_undead_b, serial_undead_b
D:3:      layout_loops_ring
D:4:      minmay_polygon_palace, layout_basic, temple_pool_b, first_ration
D:5:      layout_basic, serial_shops, shop
D:6:      layout_basic
D:7:      layout_basic, minmay_door_square, grunt_livestock, uniq_duvessa,
          uniq_pikel
D:8:      layout_basic, hangedman_decor_points, fedhas_altar_1
D:9:      minmay_goldmine, layout_long_grid, nicolae_alphabet_shops, uniq_psyche
D:10:     lemuel_reptile_caves, layout_irregular_city, enter_bailey_6
D:11:     layout_small_grid, erik_lair_orcish_takeover, zombieorc2_lemuel,
          maelrawn_ghost_gauntlet_escape, nicolae_tso_swordbearing_angel
D:12:     layout_gridville, serial_shops, shop, shop, kennysheep_mini
D:13:     layout_loops_ring, uniq_snorg
D:14:     layout_loops_cross, david_vaults_1, chequers_serial_rivers_micro_c,
          serial_shops, shop, shop, shop, kennysheep_little_box, shop_statue
D:15:     hangedman_depths_entry_civil_slaughter, layout_small_grid,
          minmay_misc_feat_alley, lemuel_blue_sif_altar, uniq_louise
Lair:1:   layout_loops_ring, chequers_serial_rivers_room_b, st_stairs_13
Lair:2:   layout_long_grid, spider_nest_entry_rubble,
          infiniplex_staircase_pool_2, uniq_fannar
Lair:3:   layout_layer_cave, minmay_shoals_entry_centaurs,
          nicolae_volcano_entry_hallway, serial_bayou_shore_b,
          grunt_megastairs_4, serial_bayou_shore_a, lemuel_fruit_tree,
          serial_bayou_shore_b, serial_bayou_shore_b
Lair:4:   layout_cave_pods, special_room [special_room_mythical_zoo]
Lair:5:   layout_gridlike, dpeg_slime_entry_enclosed_altar, special_room
          [special_room_mythical_zoo], kennysheep_snail_temple
Lair:6:   evilmike_catoblepas_cave, layout_small_grid
Shoals:1: layout_shoals
Shoals:2: layout_shoals, serial_shops, nicolae_shop_overgrown_old_shop
Shoals:3: layout_shoals, serial_shops, shop, centaur_isle
Shoals:4: shoals_end_simple, layout_shoals
Spider:1: nicolae_spider_mines_2
Spider:2: gammafunk_its_a_trap, hangedman_spider_tarantella_strand
Spider:3: layout_spider_delve
Spider:4: floodkiller_spider_rune_tomb, drop_trap, einodemon_crawler_minivault,
          uniq_agnes
Orc:1:    layout_diamond_mine, nicolae_orc_lava_room, uniq_maurice,
          uniq_nergalle
Orc:2:    st_orc_mages, layout_caves, serial_shops, nicolae_shop_stone
Vaults:1: v_misc_5, nicolae_vaults_little_squares_6,
          nicolae_vaults_hallways_thing, grunt_vaults_twisty,
          ontoclasm_vaults_shuriken, nicolae_vaults_big_ls,
          hangedman_vaults_trim, nicolae_vaults_specimen_jars, v_pattern_5,
          hangedman_vaults_stretched_pinwheel, nicolae_vaults_rhombus_6,
          layout_vaults_ring
Vaults:2: ontoclasm_vaults_claustrophobia, nicolae_vaults_network_s,
          minmay_crypt_entry_simple_box, v_misc_28, ontoclasm_vaults_eye,
          nicolae_vaults_circle_grid_b, v_misc_26, hangedman_vaults_cutoff,
          v_misc_17, vaults_dpeg_cross, nicolae_vaults_little_ls,
          vaults_dpeg_diagonal, layout_vaults_omnigrid, uniq_sojobo
Vaults:3: nicolae_vaults_little_squares_2, nicolae_vaults_shelves_hall,
          v_misc_26, dpeg_vaults_monster_box, nicolae_vaults_network_star,
          serial_ice_h, vaults_mumra_lcd, v_misc_31, vaults_dpeg_encased_lava,
          nicolae_vaults_know_your_exits, v_rooms_3, vaults_mumra_hex,
          vaults_mumra_chevron_long, v_misc_17, vaults_room_pools,
          vaults_room_hallway, layout_vaults_big_cross, uniq_margery
Vaults:4: gammafunk_vaults_ghost_necromancy, nicolae_vaults_big_angled_halls,
          nicolae_vaults_little_squares_1, vaults_room_door_ring, v_misc_2,
          nicolae_vaults_what_the_h, v_rooms_5, vaults_dpeg_hooks,
          nicolae_vaults_windows_and_doors_thing, vaults_room_guarded_vault,
          nicolae_vaults_circle_grid_b, vaults_room_semicircle,
          layout_vaults_chaotic_city, serial_shops, shop
Vaults:5: serial_shops, uniq_mara, uniq_bai_suzhen
Depths:1: layout_honeycomb, minmay_misc_feat_chi, hell_entry,
          nicolae_elemental_shop, minivault_15, kennysheep_small_spiral,
          solitary_fountain, roderic_serpentine_path, eino_tiny_chamber,
          kennysheep_potato, uniq_aizul
Depths:2: gammafunk_dig_for_victory, layout_cave_shapes, serial_shops,
          statue_bzr, nicolae_shop_trees, shop, glass_columns_c, hell_entry,
          st_stairs_10
Depths:3: kennysheep_windowed_halls, layout_cave_pools,
          marbit_kobold_abyss_entry, rand_demon_pan_entry_5, ebering_ghost_xom,
          minmay_misc_feat_ornament, hell_entry
Depths:4: evilmike_diamond_2, layout_cave_pools, hell_entry, abyss_entry,
          nrook_campfire, infiniplex_staircase_zigzag_4, minmay_shoptagon,
          serial_bayou_shore_b, firewood_loft
Depths:5: grunt_zot_entry_bicorn, layout_cave_shapes, enter_ziggurat_d,
          gammafunk_ghost_mausoleum, hangedman_tar_grid_catacomb,
          nicolae_blasting_shop, uniq_boris
Zot:1:    ebering_greatest_show_in_zot, layout_misc_corridors
Zot:2:    kennysheep_spiral_hall, layout_onion_interference
Zot:3:    evilmike_crystal_ball_defense, layout_onion_interference
Zot:4:    kennysheep_bubbly, layout_misc_corridors, st_stairs_1
Zot:5:    layout_cathedral_of_symmetry

Skill      XL: |  1  2  3  4  5  6  7  8  9 10 11 12 13 14 15 16 17 18 19 20 21 22 23 24 25 26 27 |
---------------+----------------------------------------------------------------------------------+-----
Axes           | 3 4 5 6 7 9 10 11 13 14 15 17 18 19 20 21 | 21.0
Fighting       | 4 5 7 8 9 10 11 12 13 15 16 17 18 20 21 22 24 25 26 27 | 27.0
Armour         | 3 4 6 9 10 11 12 13 14 16 17 18 19 20 21 22 23 26 | 26.7
Dodging        | 2 3 4 6 7 9 10 11 12 13 17 19 | 19.0
Evocations     | 1 5 6 |  6.9

Action                   |  1- 3 |  4- 6 |  7- 9 | 10-12 | 13-15 | 16-18 | 19-21 | 22-24 | 25-27 || total
-------------------------+-------+-------+-------+-------+-------+-------+-------+-------+-------++-------
Melee: Hand axe          |    87 |   181 |   182 |       |       |       |       |       |       ||   450
       Battleaxe         |       |       |   126 |   713 |   885 |  1022 |  1183 |   901 |  1202 ||  6032
Throw: Javelin           |    20 |    45 |     4 |    93 |       |       |       |       |       ||   162
Invok: Berserk           |       |     3 |     6 |    15 |    21 |    13 |    12 |    15 |    16 ||   101
       Brothers in Arms  |       |       |       |     3 |    15 |     9 |    11 |    15 |    19 ||    72
       Trog's Hand       |       |       |       |       |       |     6 |    14 |    12 |     7 ||    39
 Abil: Fly               |       |       |       |       |     1 |       |       |       |       ||     1
  Use: Scroll            |     2 |     4 |     6 |    15 |    10 |     7 |    12 |    10 |    11 ||    77
       Potion            |     2 |     2 |     2 |     5 |     5 |    15 |     5 |     4 |    15 ||    55
 Stab: Distracted        |       |       |       |       |     1 |     1 |     2 |     4 |     3 ||    11
  Eat: Chunk             |     1 |     8 |     6 |    25 |    33 |    17 |    33 |    25 |    13 ||   161
       Ration            |       |       |     3 |     8 |     8 |     8 |     9 |     6 |    15 ||    57
Armor: Animal skin       |    36 |       |       |       |       |       |       |       |       ||    36
       Chain mail        |       |    83 |   212 |    88 |   128 |   514 |   663 |   695 |   825 ||  3208
       Ring mail         |       |     5 |       |       |       |       |       |       |       ||     5
       Plate armour      |       |       |       |   415 |   498 |       |       |       |       ||   913
Dodge: Dodged            |    53 |    72 |   118 |   304 |   548 |   622 |   876 |   866 |  1321 ||  4780
Block: Other             |       |       |       |       |    95 |   195 |     5 |       |       ||   295
       Reflection        |       |       |       |       |       |     9 |       |       |       ||     9

Table legend:
 A = Non-vault XP
 B = Vault XP
 C = Vault XP percentage of total XP
 D = Non-vault monster count
 E = Vault monster count
 F = Vault count percentage of total count
                 A         B        C        D         E       F
            +---------+---------+-------+---------+---------+-------
      Total |  806280 |  755507 |  48.4 |    1410 |     800 |  36.2
            +---------+---------+-------+---------+---------+-------
        D:1 |      64 |       0 |   0.0 |      31 |       0 |   0.0
        D:2 |      49 |      34 |  41.0 |      12 |      11 |  47.8
        D:3 |     219 |       0 |   0.0 |      28 |       0 |   0.0
        D:4 |     120 |     375 |  75.8 |      14 |      12 |  46.2
        D:5 |     601 |       0 |   0.0 |      16 |       0 |   0.0
        D:6 |     568 |       0 |   0.0 |      19 |       0 |   0.0
        D:7 |     936 |    1845 |  66.3 |      16 |       8 |  33.3
        D:8 |    2165 |       0 |   0.0 |      34 |       0 |   0.0
        D:9 |    1540 |     521 |  25.3 |      24 |      12 |  33.3
       D:10 |    3262 |    1288 |  28.3 |      33 |      30 |  47.6
       D:11 |    3565 |    1231 |  25.7 |      17 |      42 |  71.2
       D:12 |    5984 |       0 |   0.0 |      42 |       0 |   0.0
       D:13 |    4660 |    1084 |  18.9 |      17 |       1 |   5.6
       D:14 |    8022 |    2288 |  22.2 |      18 |       4 |  18.2
       D:15 |   11010 |    6982 |  38.8 |      37 |       7 |  15.9
     Lair:1 |    1615 |       0 |   0.0 |       8 |       0 |   0.0
     Lair:2 |    1921 |    1185 |  38.2 |      10 |       2 |  16.7
     Lair:3 |    3884 |     665 |  14.6 |      17 |       6 |  26.1
     Lair:4 |    4903 |    6014 |  55.1 |      22 |      25 |  53.2
     Lair:5 |    1502 |    7500 |  83.3 |       8 |      29 |  78.4
     Lair:6 |    8304 |   10507 |  55.9 |      39 |      23 |  37.1
   Shoals:1 |   12455 |       0 |   0.0 |      26 |       0 |   0.0
   Shoals:2 |   11302 |       0 |   0.0 |      23 |       0 |   0.0
   Shoals:3 |   10133 |    1745 |  14.7 |      20 |       6 |  23.1
   Shoals:4 |   21880 |   24410 |  52.7 |      45 |      36 |  44.4
   Spider:1 |   11443 |    2012 |  15.0 |      41 |       5 |  10.9
   Spider:2 |    5275 |     205 |   3.7 |      16 |       1 |   5.9
   Spider:3 |    6360 |       0 |   0.0 |      16 |       0 |   0.0
   Spider:4 |   14802 |   38865 |  72.4 |      41 |      78 |  65.5
      Orc:1 |    2974 |     837 |  22.0 |      27 |       4 |  12.9
      Orc:2 |    3681 |    4974 |  57.5 |      22 |      44 |  66.7
   Vaults:1 |   50375 |   25168 |  33.3 |      97 |      31 |  24.2
   Vaults:2 |   21932 |   14730 |  40.2 |      40 |      21 |  34.4
   Vaults:3 |   16949 |   53705 |  76.0 |      30 |      62 |  67.4
   Vaults:4 |   29654 |   45248 |  60.4 |      51 |      55 |  51.9
   Vaults:5 |   54172 |  155619 |  74.2 |      74 |      83 |  52.9
   Depths:1 |   47893 |    5480 |  10.3 |      68 |       5 |   6.8
   Depths:2 |   31783 |    2627 |   7.6 |      27 |       3 |  10.0
   Depths:3 |   25134 |   30023 |  54.4 |      35 |      27 |  43.5
   Depths:4 |   30278 |   36976 |  55.0 |      30 |      26 |  46.4
   Depths:5 |   37503 |   44742 |  54.4 |      34 |      18 |  34.6
      Zot:1 |   49239 |   31833 |  39.3 |      27 |      11 |  28.9
      Zot:2 |   65687 |    8999 |  12.0 |      37 |       4 |   9.8
      Zot:3 |   29746 |    3774 |  11.3 |      20 |      10 |  33.3
      Zot:4 |   77951 |   32455 |  29.4 |      39 |      15 |  27.8
      Zot:5 |   46675 |  149561 |  76.2 |      23 |      43 |  65.2
    Abyss:3 |    9964 |       0 |   0.0 |      15 |       0 |   0.0
    Abyss:4 |   16146 |       0 |   0.0 |      24 |       0 |   0.0
            +---------+---------+-------+---------+---------+-------
